Workbook
Name ___sub1: #REF!
Name ___sub1: #REF!
Name ___sub1: #REF!
Name ___sub1: #REF!
Name ___sub1: #REF!
Name ___sub1: #REF!
Name ___sub2: #REF!
Name ___sub2: #REF!
Name ___sub2: #REF!
Name ___sub2: #REF!
Name ___sub2: #REF!
Name ___sub2: #REF!
Name ___sub3: #REF!
Name ___sub3: #REF!
Name ___sub3: #REF!
Name ___sub3: #REF!
Name ___sub3: #REF!
Name ___sub3: #REF!
Name _sub1: #REF!
Name _sub1: #REF!
Name _sub1: #REF!
Name _sub1: #REF!
Name _sub1: #REF!
Name _sub1: #REF!
Name _sub2: #REF!
Name _sub2: #REF!
Name _sub2: #REF!
Name _sub2: #REF!
Name _sub2: #REF!
Name _sub2: #REF!
Name _sub3: #REF!
Name _sub3: #REF!
Name _sub3: #REF!
Name _sub3: #REF!
Name _sub3: #REF!
Name _sub3: #REF!
Name a: #REF!
Name a: #REF!
Name a: #REF!
Name a: #REF!
Name a: #REF!
Name a: #REF!
Name AA: {#N/A,#N/A,FALSE,"ALVENARIA";#N/A,#N/A,FALSE,"BLOCOS";#N/A,#N/A,FALSE,"CINTAS";#N/A,#N/A,FALSE,"CORTINA";#N/A,#N/A,FALSE,"LAJES";#N/A,#N/A,FALSE,"PILARES";#N/A,#N/A,FALSE,"VIGAS"}
Name AA: {#N/A,#N/A,FALSE,"ALVENARIA";#N/A,#N/A,FALSE,"BLOCOS";#N/A,#N/A,FALSE,"CINTAS";#N/A,#N/A,FALSE,"CORTINA";#N/A,#N/A,FALSE,"LAJES";#N/A,#N/A,FALSE,"PILARES";#N/A,#N/A,FALSE,"VIGAS"}
Name AA: {#N/A,#N/A,FALSE,"ALVENARIA";#N/A,#N/A,FALSE,"BLOCOS";#N/A,#N/A,FALSE,"CINTAS";#N/A,#N/A,FALSE,"CORTINA";#N/A,#N/A,FALSE,"LAJES";#N/A,#N/A,FALSE,"PILARES";#N/A,#N/A,FALSE,"VIGAS"}
Name AA: {#N/A,#N/A,FALSE,"ALVENARIA";#N/A,#N/A,FALSE,"BLOCOS";#N/A,#N/A,FALSE,"CINTAS";#N/A,#N/A,FALSE,"CORTINA";#N/A,#N/A,FALSE,"LAJES";#N/A,#N/A,FALSE,"PILARES";#N/A,#N/A,FALSE,"VIGAS"}
Name AA: {#N/A,#N/A,FALSE,"ALVENARIA";#N/A,#N/A,FALSE,"BLOCOS";#N/A,#N/A,FALSE,"CINTAS";#N/A,#N/A,FALSE,"CORTINA";#N/A,#N/A,FALSE,"LAJES";#N/A,#N/A,FALSE,"PILARES";#N/A,#N/A,FALSE,"VIGAS"}
Name AA: {#N/A,#N/A,FALSE,"ALVENARIA";#N/A,#N/A,FALSE,"BLOCOS";#N/A,#N/A,FALSE,"CINTAS";#N/A,#N/A,FALSE,"CORTINA";#N/A,#N/A,FALSE,"LAJES";#N/A,#N/A,FALSE,"PILARES";#N/A,#N/A,FALSE,"VIGAS"}
Name AA: {#N/A,#N/A,FALSE,"ALVENARIA";#N/A,#N/A,FALSE,"BLOCOS";#N/A,#N/A,FALSE,"CINTAS";#N/A,#N/A,FALSE,"CORTINA";#N/A,#N/A,FALSE,"LAJES";#N/A,#N/A,FALSE,"PILARES";#N/A,#N/A,FALSE,"VIGAS"}
Name AA: {#N/A,#N/A,FALSE,"ALVENARIA";#N/A,#N/A,FALSE,"BLOCOS";#N/A,#N/A,FALSE,"CINTAS";#N/A,#N/A,FALSE,"CORTINA";#N/A,#N/A,FALSE,"LAJES";#N/A,#N/A,FALSE,"PILARES";#N/A,#N/A,FALSE,"VIGAS"}
Name AA: {#N/A,#N/A,FALSE,"ALVENARIA";#N/A,#N/A,FALSE,"BLOCOS";#N/A,#N/A,FALSE,"CINTAS";#N/A,#N/A,FALSE,"CORTINA";#N/A,#N/A,FALSE,"LAJES";#N/A,#N/A,FALSE,"PILARES";#N/A,#N/A,FALSE,"VIGAS"}
Name AA: {#N/A,#N/A,FALSE,"ALVENARIA";#N/A,#N/A,FALSE,"BLOCOS";#N/A,#N/A,FALSE,"CINTAS";#N/A,#N/A,FALSE,"CORTINA";#N/A,#N/A,FALSE,"LAJES";#N/A,#N/A,FALSE,"PILARES";#N/A,#N/A,FALSE,"VIGAS"}
Name AREA: #REF!
Name AREA: #REF!
Name AREA: #REF!
Name AREA: #REF!
Name AREA: #REF!
Name AREA: #REF!
Name B: #REF!
Name B: #REF!

Sheet BDI
B4: COMPOSIÇÃO DO BDI - OBRA RODOVIÁRIA
B6: Grupo A | C6: Despesas indiretas
B7: A.1 | C7: Administração central (AC) | D7: 0.0401
B8: A.2 | C8: Seguros (S) + Garantia (G) | D8: 0.004
B9: A.3 | C9: Risco (R) | D9: 0.0056
C10: Total do grupo A: | D10: =SUM(D7:D9) -> 0.0497
B12: Grupo B | C12: Bonificação
B13: B.1 | C13: Lucro (L) | D13: 0.073
C14: Total do grupo B: | D14: =SUM(D13) -> 0.073
B16: Grupo C | C16: Impostos (I)
B17: C.1 | C17: PIS | D17: 0.0065
B18: C.2 | C18: COFINS | D18: 0.03
B19: C.3 | C19: ISSQN (Valor estipulado pela Prefeitura - entre 2 a 5%) | D19: 0.03
B20: C.4 | C20: CPRB | D20: -
C21: Total do grupo C: | D21: =SUM(D17:D20) -> 0.0665
B23: Grupo D | C23: Despesas Financeiras (DF)
B24: D.1 | C24: Despesas Financeiras | D24: 0.0111
C25: Total do grupo D: | D25: =SUM(D24) -> 0.0111
B27: BDI: | D27: =ROUND(((1+(D7+D8+D9))*(1+D25)*(1+D14)/(1-D21))-1,4) -> 0.22
B32: _______________________________
C33: Luiz Felipe Sarti Neves
C34: Engenheiro Civil
C35: CREA/MG Nº: 396.696/D

Sheet PLANILHA ORÇAMENTÁRIA
A2: PLANILHA ORÇAMENTÁRIA DE CUSTOS
A3: PROPONENTE/TOMADOR: PREFEITURA MUNICIPAL DE PONTE NOVA | F3: FOLHA Nº: | H3: 01/01.
A4: OBJETO: EXECUÇÃO DE OBRAS DE PAVIMENTAÇÃO ASFÁLTICA EM CBUQ EM VIAS PÚBLICAS | F4: DATA: | H4: =TODAY() -> 46290
A5: LOCAL: VIAS URBANAS DO MUNICÍPIO DE PONTE NOVA/MG | F5: FORMA DE EXECUÇÃO:
A6: REGIÃO/MÊS DE REFERÊNCIA: TABELA SINAPI-MG - AGOSTO/2026 - SEM DESONERAÇÃO / TABELA SICOR/SEINFRA - REGIÃO LESTE - ABRIL/2026 - SEM DESONERAÇÃO / TABELA SUDECAP-MG - JULHO/2026 - SEM DESONERAÇÃO / TABELA SICRO/DNIT MG - ABRIL/2026 - SEM DESONERAÇÃO | F6: ( ) | G6: DIRETA | H6: ( X ) | I6: INDIRETA
A7: COMPOSIÇÃO DE BDI - EM ANEXO, OBTIDO DO ACÓRDÃO 2622/2013, DO TRIBUNAL DE CONTAS DA UNIÃO - TCU (CONSTRUÇÃO DE RODOVIAS E FERROVIAS) - QUARTIL MÉDIO. | F7: % ISS MUNICIPAL: | G7: 0.03 | H7: BDI: | I7: =BDI!D27 -> 0.22
H8: BDI DIFERENC.: | I8: -
A10: Item | B10: Fonte | C10: Código | D10: Descrição | E10: Unidade | F10: Quantidade | G10: Custo Unitário (sem BDI) (R$) | H10: Preço Unitário (com BDI) (R$) | I10: Preço Total (R$)
A11: Lote 01: Execução de Revestimento Asfáltico e Drenagem Superficial em Vias Urbanas | I11: =SUM(I13,I17,I26,I32) -> 185175.52
A12: 1. | D12: R. Tiradentes, Esplanada
A13: 1.1. | D13: SERVIÇOS PRELIMINARES | I13: =SUM(I14:I16) -> 3688.26
A14: 1.1.1. | B14: SINAPI | C14: 103689 | D14: FORNECIMENTO E INSTALAÇÃO DE PLACA DE OBRA COM CHAPA GALVANIZADA E ESTRUTURA DE MADEIRA. AF_03/2022_PS | E14: M2 | F14: ='MEMORIAL DE CÁLCULO'!F14 -> 2.4 | G14: 384.33 | H14: =ROUND(G14+(G14*$I$7),2) -> 468.88 | I14: =ROUND((F14*H14),2) -> 1125.31
A15: 1.1.2. | B15: SICOR/ SEINFRA | C15: ED-50155 | D15: LOCAÇÃO DE BANHEIRO QUÍMICO, DIMENSÃO (110X120X230)CM, LINHA PADRÃO, CONTENDO UMA (1) PIA/HIGIENIZADOR DE MÃOS, INCLUSIVE MANUTENÇÃO E MOBILIZAÇÃO/DESMOBILIZAÇÃO | E15: MÊS | F15: ='MEMORIAL DE CÁLCULO'!F15 -> 2 | G15: 980 | H15: =ROUND(G15+(G15*$I$7),2) -> 1195.6 | I15: =ROUND((F15*H15),2) -> 2391.2
A16: 1.1.3. | B16: SICOR/ SEINFRA | C16: ED-27006 | D16: CONE PARA SINALIZAÇÃO/ISOLAMENTO DE ÁREAS, ALTURA 75CM, INCLUSIVE FORNECIMENTO E MOVIMENTAÇÃO | E16: U | F16: ='MEMORIAL DE CÁLCULO'!F16 -> 25 | G16: 5.63 | H16: =ROUND(G16+(G16*$I$7),2) -> 6.87 | I16: =ROUND((F16*H16),2) -> 171.75
A17: 1.2. | D17: SERVIÇOS EM TERRA E REMOÇÕES | I17: =SUM(I18:I25) -> 9776.58
A18: 1.2.1. | B18: SICOR/ SEINFRA | C18: ED-50701 | D18: CAPINA MANUAL DO TERRENO, EXCLUSIVE RASTELAMENTO E QUEIMA | E18: M2 | F18: ='MEMORIAL DE CÁLCULO'!F18 -> 934.121 | G18: 1.66 | H18: =ROUND(G18+(G18*$I$7),2) -> 2.03 | I18: =ROUND((F18*H18),2) -> 1896.27
A19: 1.2.2. | B19: SICRO/DNIT | C19: 4011212 | D19: VARREDURA DA SUPERFÍCIE PARA EXECUÇÃO DE REVESTIMENTO ASFÁLTICO | E19: M2 | F19: ='MEMORIAL DE CÁLCULO'!F19 -> 934.121 | G19: 0.09 | H19: =ROUND(G19+(G19*$I$7),2) -> 0.11 | I19: =ROUND((F19*H19),2) -> 102.75
A20: 1.2.3. | B20: SINAPI | C20: 106167 | D20: LIMPEZA DE RUA COM CAMINHÃO PIPA. AF_10/2025 | E20: M2 | F20: ='MEMORIAL DE CÁLCULO'!F20 -> 934.121 | G20: 0.08 | H20: =ROUND(G20+(G20*$I$7),2) -> 0.1 | I20: =ROUND((F20*H20),2) -> 93.41
A21: 1.2.4. | B21: SICOR/ SEINFRA | C21: ED-51131 | D21: CARGA MANUAL DE MATERIAL DE QUALQUER NATUREZA SOBRE CAMINHÃO, EXCLUSIVE TRANSPORTE | E21: M3 | F21: ='MEMORIAL DE CÁLCULO'!F21 -> 46.70605 | G21: 49.78 | H21: =ROUND(G21+(G21*$I$7),2) -> 60.73 | I21: =ROUND((F21*H21),2) -> 2836.46
A22: 1.2.5. | B22: SINAPI | C22: 104790 | D22: DEMOLIÇÃO DE PISO DE CONCRETO SIMPLES, DE FORMA MECANIZADA COM MARTELETE, SEM REAPROVEITAMENTO. AF_09/2023 | E22: M3 | F22: ='MEMORIAL DE CÁLCULO'!F22 -> 20.3299 | G22: 120.1 | H22: =ROUND(G22+(G22*$I$7),2) -> 146.52 | I22: =ROUND((F22*H22),2) -> 2978.74
A23: 1.2.6. | B23: SICOR/ SEINFRA | C23: ED-48492 | D23: DEMOLIÇÃO MECANIZADA DE REVESTIMENTO ASFÁLTICO, COM EQUIPAMENTO PNEUMÁTICO, INCLUSIVE AFASTAMENTO E EMPILHAMENTO, EXCLUSIVE TRANSPORTE E RETIRADA DO MATERIAL DEMOLIDO | E23: M2 | F23: ='MEMORIAL DE CÁLCULO'!F23 -> 2.3604 | G23: 11.35 | H23: =ROUND(G23+(G23*$I$7),2) -> 13.85 | I23: =ROUND((F23*H23),2) -> 32.69
A24: 1.2.7. | B24: SICOR/ SEINFRA | C24: ED-51132 | D24: CARGA MECÂNICA DE MATERIAL DE QUALQUER NATUREZA SOBRE CAMINHÃO, EXCLUSIVE TRANSPORTE | E24: M3 | F24: ='MEMORIAL DE CÁLCULO'!F24 -> 22.6903 | G24: 3.54 | H24: =ROUND(G24+(G24*$I$7),2) -> 4.32 | I24: =ROUND((F24*H24),2) -> 98.02
A25: 1.2.8. | B25: SINAPI | C25: 97914 | D25: TRANSPORTE COM CAMINHÃO BASCULANTE DE 6 M³, EM VIA URBANA PAVIMENTADA, DMT ATÉ 30 KM (UNIDADE: M3XKM). AF_02/2026 | E25: M3XKM | F25: ='MEMORIAL DE CÁLCULO'!F25 -> 430.25737 | G25: 3.31 | H25: =ROUND(G25+(G25*$I$7),2) -> 4.04 | I25: =ROUND((F25*H25),2) -> 1738.24
A26: 1.3. | D26: SERVIÇOS DE PAVIMENTAÇÃO ASFÁLTICA | I26: =SUM(I27:I31) -> 140350.27
A27: 1.3.1. | B27: SUDECAP | C27: 20.12.01 | D27: PINTURA DE LIGAÇÃO COM RR-1C | E27: M2 | F27: ='MEMORIAL DE CÁLCULO'!F27 -> 1623.0702 | G27: 2.66 | H27: =ROUND(G27+(G27*$I$7),2) -> 3.25 | I27: =ROUND((F27*H27),2) -> 5274.98
A28: 1.3.2. | B28: SINAPI | C28: 102332 | D28: TRANSPORTE COM CAMINHÃO TANQUE DE TRANSPORTE DE MATERIAL ASFÁLTICO DE 20000L, EM VIA URBANA PAVIMENTADA, DMT ATÉ 30KM (UNIDADE: TXKM). AF_07/2020 | E28: TXKM | F28: ='MEMORIAL DE CÁLCULO'!F28 -> 43.822895 | G28: 2.02 | H28: =ROUND(G28+(G28*$I$7),2) -> 2.46 | I28: =ROUND((F28*H28),2) -> 107.8
A29: 1.3.3. | B29: SINAPI | C29: 102333 | D29: TRANSPORTE COM CAMINHÃO TANQUE DE TRANSPORTE DE MATERIAL ASFÁLTICO DE 20000L, EM VIA URBANA PAVIMENTADA, ADICIONAL PARA DMT EXCEDENTE A 30 KM (UNIDADE: TXKM). AF_07/2020 | E29: TXKM | F29: ='MEMORIAL DE CÁLCULO'!F29 -> 28.966934 | G29: 0.77 | H29: =ROUND(G29+(G29*$I$7),2) -> 0.94 | I29: =ROUND((F29*H29),2) -> 27.23
A30: 1.3.4. | B30: SINAPI | C30: 95995 | D30: EXECUÇÃO DE PAVIMENTO COM APLICAÇÃO DE CONCRETO ASFÁLTICO, CAMADA DE ROLAMENTO - EXCLUSIVE CARGA E TRANSPORTE. AF_10/2025 | E30: M3 | F30: ='MEMORIAL DE CÁLCULO'!F30 -> 48.692106 | G30: 2152.94 | H30: =ROUND(G30+(G30*$I$7),2) -> 2626.59 | I30: =ROUND((F30*H30),2) -> 127894.2
A31: 1.3.5. | B31: SICRO/DNIT | C31: 5914612 | D31: TRANSPORTE DE MISTURA BETUMINOSA A QUENTE COM CAMINHÃO COM CAÇAMBA TÉRMICA DE 6 M³ - RODOVIA PAVIMENTADA | E31: TXKM | F31: ='MEMORIAL DE CÁLCULO'!F31 -> 5823.1863 | G31: 0.99 | H31: =ROUND(G31+(G31*$I$7),2) -> 1.21 | I31: =ROUND((F31*H31),2) -> 7046.06
A32: 1.4. | D32: SERVIÇOS DE DRENAGEM SUPERFICIAL | I32: =SUM(I33:I35) -> 31360.41
A33: 1.4.1. | B33: SICOR/ SEINFRA | C33: ED-51141 | D33: GUIA DE MEIO-FIO, EM CONCRETO COM FCK 15MPA, MOLDADA INLOCO, SEÇÃO 15X45CM, FORMA EM MADEIRA, EXCLUSIVE SARJETA, INCLUSIVE ESCAVAÇÃO, APILOAMENTO E TRANSPORTE COM RETIRADA DO MATERIAL ESCAVADO (EM CAÇAMBA) | E33: M | F33: ='MEMORIAL DE CÁLCULO'!F33 -> 80 | G33: 147.61 | H33: =ROUND(G33+(G33*$I$7),2) -> 180.08 | I33: =ROUND((F33*H33),2) -> 14406.4
A34: 1.4.2. | B34: SUDECAP | C34: 19.22.04 | D34: ALTEAMENTO DE TAMPÃO DE POÇO DE VISITA EM ATÉ 20CM | E34: U | F34: ='MEMORIAL DE CÁLCULO'!F34 -> 2 | G34: 441.06 | H34: =ROUND(G34+(G34*$I$7),2) -> 538.09 | I34: =ROUND((F34*H34),2) -> 1076.18
A35: 1.4.3. | B35: SINAPI | C35: 94289 | D35: EXECUÇÃO DE SARJETA DE CONCRETO USINADO, MOLDADA IN LOCO EM TRECHO RETO, 45 CM BASE X 10 CM ALTURA. AF_01/2024 | E35: M | F35: ='MEMORIAL DE CÁLCULO'!F35 -> 275.609 | G35: 47.22 | H35: =ROUND(G35+(G35*$I$7),2) -> 57.61 | I35: =ROUND((F35*H35),2) -> 15877.83
A37: Lote 02: Execução de Revestimento Asfáltico e Drenagem Superficial em Vias Urbanas, com Execução de Base e Sub-base | I37: =SUM(I39,I43,I59,I68) -> 156149.13
A38: 1. | D38: R. Waldemar Gomes da Silva, Triângulo Novo
A39: 1.1. | D39: SERVIÇOS PRELIMINARES | I39: =SUM(I40:I42) -> 4883.86
A40: 1.1.1. | B40: SINAPI | C40: 103689 | D40: FORNECIMENTO E INSTALAÇÃO DE PLACA DE OBRA COM CHAPA GALVANIZADA E ESTRUTURA DE MADEIRA. AF_03/2022_PS | E40: M2 | F40: ='MEMORIAL DE CÁLCULO'!F40 -> 2.4 | G40: 384.33 | H40: =ROUND(G40+(G40*$I$7),2) -> 468.88 | I40: =ROUND((F40*H40),2) -> 1125.31
A41: 1.1.2. | B41: SICOR/ SEINFRA | C41: ED-50155 | D41: LOCAÇÃO DE BANHEIRO QUÍMICO, DIMENSÃO (110X120X230)CM, LINHA PADRÃO, CONTENDO UMA (1) PIA/HIGIENIZADOR DE MÃOS, INCLUSIVE MANUTENÇÃO E MOBILIZAÇÃO/DESMOBILIZAÇÃO | E41: MÊS | F41: ='MEMORIAL DE CÁLCULO'!F41 -> 3 | G41: 980 | H41: =ROUND(G41+(G41*$I$7),2) -> 1195.6 | I41: =ROUND((F41*H41),2) -> 3586.8
A42: 1.1.3. | B42: SICOR/ SEINFRA | C42: ED-27006 | D42: CONE PARA SINALIZAÇÃO/ISOLAMENTO DE ÁREAS, ALTURA 75CM, INCLUSIVE FORNECIMENTO E MOVIMENTAÇÃO | E42: U | F42: ='MEMORIAL DE CÁLCULO'!F42 -> 25 | G42: 5.63 | H42: =ROUND(G42+(G42*$I$7),2) -> 6.87 | I42: =ROUND((F42*H42),2) -> 171.75
A43: 1.2. | D43: SERVIÇOS EM TERRA E REMOÇÕES | I43: =SUM(I44:I58) -> 34261.07
A44: 1.2.1. | B44: SICOR/ SEINFRA | C44: ED-50701 | D44: CAPINA MANUAL DO TERRENO, EXCLUSIVE RASTELAMENTO E QUEIMA | E44: M2 | F44: ='MEMORIAL DE CÁLCULO'!F44 -> 362.1336 | G44: 1.66 | H44: =ROUND(G44+(G44*$I$7),2) -> 2.03 | I44: =ROUND((F44*H44),2) -> 735.13
A45: 1.2.2. | B45: SICRO/DNIT | C45: 4011212 | D45: VARREDURA DA SUPERFÍCIE PARA EXECUÇÃO DE REVESTIMENTO ASFÁLTICO | E45: M2 | F45: ='MEMORIAL DE CÁLCULO'!F45 -> 362.1336 | G45: 0.09 | H45: =ROUND(G45+(G45*$I$7),2) -> 0.11 | I45: =ROUND((F45*H45),2) -> 39.83
A46: 1.2.3. | B46: SINAPI | C46: 106167 | D46: LIMPEZA DE RUA COM CAMINHÃO PIPA. AF_10/2025 | E46: M2 | F46: ='MEMORIAL DE CÁLCULO'!F46 -> 362.1336 | G46: 0.08 | H46: =ROUND(G46+(G46*$I$7),2) -> 0.1 | I46: =ROUND((F46*H46),2) -> 36.21
A47: 1.2.4. | B47: SICOR/ SEINFRA | C47: ED-51131 | D47: CARGA MANUAL DE MATERIAL DE QUALQUER NATUREZA SOBRE CAMINHÃO, EXCLUSIVE TRANSPORTE | E47: M3 | F47: ='MEMORIAL DE CÁLCULO'!F47 -> 21.728016 | G47: 49.78 | H47: =ROUND(G47+(G47*$I$7),2) -> 60.73 | I47: =ROUND((F47*H47),2) -> 1319.54
A48: 1.2.5. | B48: SINAPI | C48: 104790 | D48: DEMOLIÇÃO DE PISO DE CONCRETO SIMPLES, DE FORMA MECANIZADA COM MARTELETE, SEM REAPROVEITAMENTO. AF_09/2023 | E48: M3 | F48: ='MEMORIAL DE CÁLCULO'!F48 -> 5.58515 | G48: 120.1 | H48: =ROUND(G48+(G48*$I$7),2) -> 146.52 | I48: =ROUND((F48*H48),2) -> 818.34
A49: 1.2.6. | B49: SINAPI | C49: 97635 | D49: REMOÇÃO DE PISO DE BLOCO INTERTRAVADO OU DE PEDRA PORTUGUESA, DE FORMA MANUAL, COM REAPROVEITAMENTO. AF_09/2023 | E49: M2 | F49: ='MEMORIAL DE CÁLCULO'!F49 -> 211.7834 | G49: 17.71 | H49: =ROUND(G49+(G49*$I$7),2) -> 21.61 | I49: =ROUND((F49*H49),2) -> 4576.64
A50: 1.2.7. | B50: SICOR/ SEINFRA | C50: ED-51132 | D50: CARGA MECÂNICA DE MATERIAL DE QUALQUER NATUREZA SOBRE CAMINHÃO, EXCLUSIVE TRANSPORTE | E50: M3 | F50: ='MEMORIAL DE CÁLCULO'!F50 -> 22.527822 | G50: 3.54 | H50: =ROUND(G50+(G50*$I$7),2) -> 4.32 | I50: =ROUND((F50*H50),2) -> 97.32
A51: 1.2.8. | B51: SINAPI | C51: 101124 | D51: ESCAVAÇÃO HORIZONTAL EM SOLO DE 1A CATEGORIA COM TRATOR DE ESTEIRAS (100HP/LÂMINA: 2,19M3). AF_07/2020 | E51: M3 | F51: ='MEMORIAL DE CÁLCULO'!F51 -> 54.95744 | G51: 15.66 | H51: =ROUND(G51+(G51*$I$7),2) -> 19.11 | I51: =ROUND((F51*H51),2) -> 1050.24
A52: 1.2.9. | B52: SINAPI | C52: 100973 | D52: CARGA, MANOBRA E DESCARGA DE SOLOS E MATERIAIS GRANULARES EM CAMINHÃO BASCULANTE 6 M³ - CARGA COM PÁ CARREGADEIRA (CAÇAMBA DE 1,7 A 2,8 M³ / 128 HP) E DESCARGA LIVRE (UNIDADE: M3). AF_02/2026 | E52: M3 | F52: ='MEMORIAL DE CÁLCULO'!F52 -> 54.9575 | G52: 9.09 | H52: =ROUND(G52+(G52*$I$7),2) -> 11.09 | I52: =ROUND((F52*H52),2) -> 609.48
A53: 1.2.10. | B53: SINAPI | C53: 97914 | D53: TRANSPORTE COM CAMINHÃO BASCULANTE DE 6 M³, EM VIA URBANA PAVIMENTADA, DMT ATÉ 30 KM (UNIDADE: M3XKM). AF_02/2026 | E53: M3XKM | F53: ='MEMORIAL DE CÁLCULO'!F53 -> 271.08651 | G53: 3.31 | H53: =ROUND(G53+(G53*$I$7),2) -> 4.04 | I53: =ROUND((F53*H53),2) -> 1095.19
A54: 1.2.11. | B54: SINAPI | C54: 100576 | D54: REGULARIZAÇÃO E COMPACTAÇÃO DE SUBLEITO COM SOLO PREDOMINANTEMENTE ARGILOSO, PARA OBRAS DE CONSTRUÇÃO DE PAVIMENTOS. AF_09/2024 | E54: M2 | F54: ='MEMORIAL DE CÁLCULO'!F54 -> 274.7872 | G54: 2.94 | H54: =ROUND(G54+(G54*$I$7),2) -> 3.59 | I54: =ROUND((F54*H54),2) -> 986.49
A55: 1.2.12. | B55: SINAPI | C55: 105731 | D55: RECONSTRUÇÃO DE BASE E SUB-BASE PARA PAVIMENTAÇÃO DE BRITA GRADUADA SIMPLES, COM ESPESSURA DE 20 CM - EXCLUSIVE CARGA E TRANSPORTE. AF_09/2024 | E55: M3 | F55: ='MEMORIAL DE CÁLCULO'!F55 -> 54.95744 | G55: 223.44 | H55: =ROUND(G55+(G55*$I$7),2) -> 272.6 | I55: =ROUND((F55*H55),2) -> 14981.4
A56: 1.2.13. | B56: SINAPI | C56: 100575 | D56: REGULARIZAÇÃO DE SUPERFÍCIES COM MOTONIVELADORA. AF_09/2024 | E56: M2 | F56: ='MEMORIAL DE CÁLCULO'!F56 -> 274.7872 | G56: 0.56 | H56: =ROUND(G56+(G56*$I$7),2) -> 0.68 | I56: =ROUND((F56*H56),2) -> 186.86
A57: 1.2.14. | B57: SINAPI | C57: 97914 | D57: TRANSPORTE COM CAMINHÃO BASCULANTE DE 6 M³, EM VIA URBANA PAVIMENTADA, DMT ATÉ 30 KM (UNIDADE: M3XKM). AF_02/2026 | E57: M3XKM | F57: ='MEMORIAL DE CÁLCULO'!F57 -> 1846.57 | G57: 3.31 | H57: =ROUND(G57+(G57*$I$7),2) -> 4.04 | I57: =ROUND((F57*H57),2) -> 7460.14
A58: 1.2.15. | B58: SINAPI | C58: 97915 | D58: TRANSPORTE COM CAMINHÃO BASCULANTE DE 6 M³, EM VIA URBANA PAVIMENTADA, ADICIONAL PARA DMT EXCEDENTE A 30 KM (UNIDADE: M3XKM). AF_02/2026 | E58: M3XKM | F58: ='MEMORIAL DE CÁLCULO'!F58 -> 174.1931 | G58: 1.26 | H58: =ROUND(G58+(G58*$I$7),2) -> 1.54 | I58: =ROUND((F58*H58),2) -> 268.26
A59: 1.3. | D59: SERVIÇOS DE PAVIMENTAÇÃO ASFÁLTICA | I59: =SUM(I60:I67) -> 104158.69
A60: 1.3.1. | B60: SUDECAP | C60: 20.11.05 | D60: IMPRIMAÇÃO COM EMULSÃO ASFÁLTICA - EAI, LIMPEZA MANUAL | E60: M2 | F60: ='MEMORIAL DE CÁLCULO'!F60 -> 253.9472 | G60: 9.61 | H60: =ROUND(G60+(G60*$I$7),2) -> 11.72 | I60: =ROUND((F60*H60),2) -> 2976.26
A61: 1.3.2. | B61: SINAPI | C61: 102332 | D61: TRANSPORTE COM CAMINHÃO TANQUE DE TRANSPORTE DE MATERIAL ASFÁLTICO DE 20000L, EM VIA URBANA PAVIMENTADA, DMT ATÉ 30KM (UNIDADE: TXKM). AF_07/2020 | E61: TXKM | F61: ='MEMORIAL DE CÁLCULO'!F61 -> 3.809208 | G61: 2.02 | H61: =ROUND(G61+(G61*$I$7),2) -> 2.46 | I61: =ROUND((F61*H61),2) -> 9.37
A62: 1.3.3. | B62: SINAPI | C62: 102333 | D62: TRANSPORTE COM CAMINHÃO TANQUE DE TRANSPORTE DE MATERIAL ASFÁLTICO DE 20000L, EM VIA URBANA PAVIMENTADA, ADICIONAL PARA DMT EXCEDENTE A 30 KM (UNIDADE: TXKM). AF_07/2020 | E62: TXKM | F62: ='MEMORIAL DE CÁLCULO'!F62 -> 2.5102681 | G62: 0.77 | H62: =ROUND(G62+(G62*$I$7),2) -> 0.94 | I62: =ROUND((F62*H62),2) -> 2.36
A63: 1.3.4. | B63: SUDECAP | C63: 20.12.01 | D63: PINTURA DE LIGAÇÃO COM RR-1C | E63: M2 | F63: ='MEMORIAL DE CÁLCULO'!F63 -> 925.8944 | G63: 2.66 | H63: =ROUND(G63+(G63*$I$7),2) -> 3.25 | I63: =ROUND((F63*H63),2) -> 3009.16
A64: 1.3.5. | B64: SINAPI | C64: 102332 | D64: TRANSPORTE COM CAMINHÃO TANQUE DE TRANSPORTE DE MATERIAL ASFÁLTICO DE 20000L, EM VIA URBANA PAVIMENTADA, DMT ATÉ 30KM (UNIDADE: TXKM). AF_07/2020 | E64: TXKM | F64: ='MEMORIAL DE CÁLCULO'!F64 -> 24.999149 | G64: 2.02 | H64: =ROUND(G64+(G64*$I$7),2) -> 2.46 | I64: =ROUND((F64*H64),2) -> 61.5
A65: 1.3.6. | B65: SINAPI | C65: 102333 | D65: TRANSPORTE COM CAMINHÃO TANQUE DE TRANSPORTE DE MATERIAL ASFÁLTICO DE 20000L, EM VIA URBANA PAVIMENTADA, ADICIONAL PARA DMT EXCEDENTE A 30 KM (UNIDADE: TXKM). AF_07/2020 | E65: TXKM | F65: ='MEMORIAL DE CÁLCULO'!F65 -> 16.474439 | G65: 0.77 | H65: =ROUND(G65+(G65*$I$7),2) -> 0.94 | I65: =ROUND((F65*H65),2) -> 15.49
A66: 1.3.7. | B66: SINAPI | C66: 95995 | D66: EXECUÇÃO DE PAVIMENTO COM APLICAÇÃO DE CONCRETO ASFÁLTICO, CAMADA DE ROLAMENTO - EXCLUSIVE CARGA E TRANSPORTE. AF_10/2025 | E66: M3 | F66: ='MEMORIAL DE CÁLCULO'!F66 -> 35.395248 | G66: 2152.94 | H66: =ROUND(G66+(G66*$I$7),2) -> 2626.59 | I66: =ROUND((F66*H66),2) -> 92968.8
A67: 1.3.8. | B67: SICRO/DNIT | C67: 5914612 | D67: TRANSPORTE DE MISTURA BETUMINOSA A QUENTE COM CAMINHÃO COM CAÇAMBA TÉRMICA DE 6 M³ - RODOVIA PAVIMENTADA | E67: TXKM | F67: ='MEMORIAL DE CÁLCULO'!F67 -> 4227.8916 | G67: 0.99 | H67: =ROUND(G67+(G67*$I$7),2) -> 1.21 | I67: =ROUND((F67*H67),2) -> 5115.75
A68: 1.4. | D68: SERVIÇOS DE DRENAGEM SUPERFICIAL | I68: =SUM(I69:I71) -> 12845.51
A69: 1.4.1. | B69: SICOR/ SEINFRA | C69: ED-51141 | D69: GUIA DE MEIO-FIO, EM CONCRETO COM FCK 15MPA, MOLDADA INLOCO, SEÇÃO 15X45CM, FORMA EM MADEIRA, EXCLUSIVE SARJETA, INCLUSIVE ESCAVAÇÃO, APILOAMENTO E TRANSPORTE COM RETIRADA DO MATERIAL ESCAVADO (EM CAÇAMBA) | E69: M | F69: ='MEMORIAL DE CÁLCULO'!F69 -> 31.9 | G69: 147.61 | H69: =ROUND(G69+(G69*$I$7),2) -> 180.08 | I69: =ROUND((F69*H69),2) -> 5744.55
A70: 1.4.2. | B70: SUDECAP | C70: 19.22.04 | D70: ALTEAMENTO DE TAMPÃO DE POÇO DE VISITA EM ATÉ 20CM | E70: U | F70: ='MEMORIAL DE CÁLCULO'!F70 -> 2 | G70: 441.06 | H70: =ROUND(G70+(G70*$I$7),2) -> 538.09 | I70: =ROUND((F70*H70),2) -> 1076.18
A71: 1.4.3. | B71: SINAPI | C71: 94289 | D71: EXECUÇÃO DE SARJETA DE CONCRETO USINADO, MOLDADA IN LOCO EM TRECHO RETO, 45 CM BASE X 10 CM ALTURA. AF_01/2024 | E71: M | F71: ='MEMORIAL DE CÁLCULO'!F71 -> 104.5787 | G71: 47.22 | H71: =ROUND(G71+(G71*$I$7),2) -> 57.61 | I71: =ROUND((F71*H71),2) -> 6024.78
A73: Lote 03: Execução de Revestimento Asfáltico e Drenagem Superficial em Vias Urbanas, com Execução de Base e Sub-base | I73: =SUM(I75,I79,I95,I107) -> 546846.17
A74: 1. | D74: R. Santa Lúcia, Rosário do Pontal
A75: 1.1. | D75: SERVIÇOS PRELIMINARES | I75: =SUM(I76:I78) -> 6182.51
A76: 1.1.1. | B76: SINAPI | C76: 103689 | D76: FORNECIMENTO E INSTALAÇÃO DE PLACA DE OBRA COM CHAPA GALVANIZADA E ESTRUTURA DE MADEIRA. AF_03/2022_PS | E76: M2 | F76: ='MEMORIAL DE CÁLCULO'!F76 -> 2.4 | G76: 384.33 | H76: =ROUND(G76+(G76*$I$7),2) -> 468.88 | I76: =ROUND((F76*H76),2) -> 1125.31
A77: 1.1.2. | B77: SICOR/ SEINFRA | C77: ED-50155 | D77: LOCAÇÃO DE BANHEIRO QUÍMICO, DIMENSÃO (110X120X230)CM, LINHA PADRÃO, CONTENDO UMA (1) PIA/HIGIENIZADOR DE MÃOS, INCLUSIVE MANUTENÇÃO E MOBILIZAÇÃO/DESMOBILIZAÇÃO | E77: MÊS | F77: ='MEMORIAL DE CÁLCULO'!F77 -> 4 | G77: 980 | H77: =ROUND(G77+(G77*$I$7),2) -> 1195.6 | I77: =ROUND((F77*H77),2) -> 4782.4
A78: 1.1.3. | B78: SICOR/ SEINFRA | C78: ED-27006 | D78: CONE PARA SINALIZAÇÃO/ISOLAMENTO DE ÁREAS, ALTURA 75CM, INCLUSIVE FORNECIMENTO E MOVIMENTAÇÃO | E78: U | F78: ='MEMORIAL DE CÁLCULO'!F78 -> 40 | G78: 5.63 | H78: =ROUND(G78+(G78*$I$7),2) -> 6.87 | I78: =ROUND((F78*H78),2) -> 274.8
A79: 1.2. | D79: SERVIÇOS EM TERRA E REMOÇÕES | I79: =SUM(I80:I94) -> 93016.45
A80: 1.2.1. | B80: SICOR/ SEINFRA | C80: ED-50701 | D80: CAPINA MANUAL DO TERRENO, EXCLUSIVE RASTELAMENTO E QUEIMA | E80: M2 | F80: ='MEMORIAL DE CÁLCULO'!F80 -> 1877.3069 | G80: 1.66 | H80: =ROUND(G80+(G80*$I$7),2) -> 2.03 | I80: =ROUND((F80*H80),2) -> 3810.93
A81: 1.2.2. | B81: SICRO/DNIT | C81: 4011212 | D81: VARREDURA DA SUPERFÍCIE PARA EXECUÇÃO DE REVESTIMENTO ASFÁLTICO | E81: M2 | F81: ='MEMORIAL DE CÁLCULO'!F81 -> 1877.3069 | G81: 0.09 | H81: =ROUND(G81+(G81*$I$7),2) -> 0.11 | I81: =ROUND((F81*H81),2) -> 206.5
A82: 1.2.3. | B82: SINAPI | C82: 106167 | D82: LIMPEZA DE RUA COM CAMINHÃO PIPA. AF_10/2025 | E82: M2 | F82: ='MEMORIAL DE CÁLCULO'!F82 -> 1877.3069 | G82: 0.08 | H82: =ROUND(G82+(G82*$I$7),2) -> 0.1 | I82: =ROUND((F82*H82),2) -> 187.73
A83: 1.2.4. | B83: SICOR/ SEINFRA | C83: ED-51131 | D83: CARGA MANUAL DE MATERIAL DE QUALQUER NATUREZA SOBRE CAMINHÃO, EXCLUSIVE TRANSPORTE | E83: M3 | F83: ='MEMORIAL DE CÁLCULO'!F83 -> 93.865345 | G83: 49.78 | H83: =ROUND(G83+(G83*$I$7),2) -> 60.73 | I83: =ROUND((F83*H83),2) -> 5700.44
A84: 1.2.5. | B84: SINAPI | C84: 104796 | D84: DEMOLIÇÃO DE GUIAS, SARJETAS OU SARJETÕES, DE FORMA MECANIZADA, SEM REAPROVEITAMENTO | E84: M | F84: ='MEMORIAL DE CÁLCULO'!F84 -> 785.9735 | G84: 16.04 | H84: =ROUND(G84+(G84*$I$7),2) -> 19.57 | I84: =ROUND((F84*H84),2) -> 15381.5
A85: 1.2.6. | B85: SICOR/ SEINFRA | C85: ED-48490 | D85: REMOÇÃO MANUAL DE ALVENARIA POLIÉDRICA, COM REAPROVEITAMENTO, INCLUSIVE AFASTAMENTO E EMPILHAMENTO, EXCLUSIVE TRANSPORTE E RETIRADA DO MATERIAL REMOVIDO NÃO REAPROVEITÁVEL | E85: M2 | F85: ='MEMORIAL DE CÁLCULO'!F85 -> 501.4413 | G85: 17.57 | H85: =ROUND(G85+(G85*$I$7),2) -> 21.44 | I85: =ROUND((F85*H85),2) -> 10750.9
A86: 1.2.7. | B86: SICOR/ SEINFRA | C86: ED-51132 | D86: CARGA MECÂNICA DE MATERIAL DE QUALQUER NATUREZA SOBRE CAMINHÃO, EXCLUSIVE TRANSPORTE | E86: M3 | F86: ='MEMORIAL DE CÁLCULO'!F86 -> 85.512937 | G86: 3.54 | H86: =ROUND(G86+(G86*$I$7),2) -> 4.32 | I86: =ROUND((F86*H86),2) -> 369.42
A87: 1.2.8. | B87: SINAPI | C87: 101124 | D87: ESCAVAÇÃO HORIZONTAL EM SOLO DE 1A CATEGORIA COM TRATOR DE ESTEIRAS (100HP/LÂMINA: 2,19M3). AF_07/2020 | E87: M3 | F87: ='MEMORIAL DE CÁLCULO'!F87 -> 100.28826 | G87: 15.66 | H87: =ROUND(G87+(G87*$I$7),2) -> 19.11 | I87: =ROUND((F87*H87),2) -> 1916.51
A88: 1.2.9. | B88: SINAPI | C88: 100973 | D88: CARGA, MANOBRA E DESCARGA DE SOLOS E MATERIAIS GRANULARES EM CAMINHÃO BASCULANTE 6 M³ - CARGA COM PÁ CARREGADEIRA (CAÇAMBA DE 1,7 A 2,8 M³ / 128 HP) E DESCARGA LIVRE (UNIDADE: M3). AF_02/2026 | E88: M3 | F88: ='MEMORIAL DE CÁLCULO'!F88 -> 100.2883 | G88: 9.09 | H88: =ROUND(G88+(G88*$I$7),2) -> 11.09 | I88: =ROUND((F88*H88),2) -> 1112.2
A89: 1.2.10. | B89: SINAPI | C89: 97914 | D89: TRANSPORTE COM CAMINHÃO BASCULANTE DE 6 M³, EM VIA URBANA PAVIMENTADA, DMT ATÉ 30 KM (UNIDADE: M3XKM). AF_02/2026 | E89: M3XKM | F89: ='MEMORIAL DE CÁLCULO'!F89 -> 2224.5922 | G89: 3.31 | H89: =ROUND(G89+(G89*$I$7),2) -> 4.04 | I89: =ROUND((F89*H89),2) -> 8987.35
A90: 1.2.11. | B90: SINAPI | C90: 100576 | D90: REGULARIZAÇÃO E COMPACTAÇÃO DE SUBLEITO COM SOLO PREDOMINANTEMENTE ARGILOSO, PARA OBRAS DE CONSTRUÇÃO DE PAVIMENTOS. AF_09/2024 | E90: M2 | F90: ='MEMORIAL DE CÁLCULO'!F90 -> 501.4413 | G90: 2.94 | H90: =ROUND(G90+(G90*$I$7),2) -> 3.59 | I90: =ROUND((F90*H90),2) -> 1800.17
A91: 1.2.12. | B91: SINAPI | C91: 105731 | D91: RECONSTRUÇÃO DE BASE E SUB-BASE PARA PAVIMENTAÇÃO DE BRITA GRADUADA SIMPLES, COM ESPESSURA DE 20 CM - EXCLUSIVE CARGA E TRANSPORTE. AF_09/2024 | E91: M3 | F91: ='MEMORIAL DE CÁLCULO'!F91 -> 100.28826 | G91: 223.44 | H91: =ROUND(G91+(G91*$I$7),2) -> 272.6 | I91: =ROUND((F91*H91),2) -> 27338.58
A92: 1.2.13. | B92: SINAPI | C92: 100575 | D92: REGULARIZAÇÃO DE SUPERFÍCIES COM MOTONIVELADORA. AF_09/2024 | E92: M2 | F92: ='MEMORIAL DE CÁLCULO'!F92 -> 501.4413 | G92: 0.56 | H92: =ROUND(G92+(G92*$I$7),2) -> 0.68 | I92: =ROUND((F92*H92),2) -> 340.98
A93: 1.2.14. | B93: SINAPI | C93: 97914 | D93: TRANSPORTE COM CAMINHÃO BASCULANTE DE 6 M³, EM VIA URBANA PAVIMENTADA, DMT ATÉ 30 KM (UNIDADE: M3XKM). AF_02/2026 | E93: M3XKM | F93: ='MEMORIAL DE CÁLCULO'!F93 -> 3369.6855 | G93: 3.31 | H93: =ROUND(G93+(G93*$I$7),2) -> 4.04 | I93: =ROUND((F93*H93),2) -> 13613.53
A94: 1.2.15. | B94: SINAPI | C94: 97915 | D94: TRANSPORTE COM CAMINHÃO BASCULANTE DE 6 M³, EM VIA URBANA PAVIMENTADA, ADICIONAL PARA DMT EXCEDENTE A 30 KM (UNIDADE: M3XKM). AF_02/2026 | E94: M3XKM | F94: ='MEMORIAL DE CÁLCULO'!F94 -> 973.83912 | G94: 1.26 | H94: =ROUND(G94+(G94*$I$7),2) -> 1.54 | I94: =ROUND((F94*H94),2) -> 1499.71
A95: 1.3. | D95: SERVIÇOS DE PAVIMENTAÇÃO ASFÁLTICA | I95: =SUM(I96:I106) -> 363616.97
A96: 1.3.1. | B96: SICRO/DNIT | C96: 4915664 | D96: FRESAGEM DESCONTÍNUA DE REVESTIMENTO ASFÁLTICO - ESPESSURA DE 6 CM | E96: M3 | F96: ='MEMORIAL DE CÁLCULO'!F96 -> 5.040156 | G96: 96.21 | H96: =ROUND(G96+(G96*$I$7),2) -> 117.38 | I96: =ROUND((F96*H96),2) -> 591.61
A97: 1.3.2. | B97: SUDECAP | C97: 20.11.05 | D97: IMPRIMAÇÃO COM EMULSÃO ASFÁLTICA - EAI, LIMPEZA MANUAL | E97: M2 | F97: ='MEMORIAL DE CÁLCULO'!F97 -> 501.4413 | G97: 9.61 | H97: =ROUND(G97+(G97*$I$7),2) -> 11.72 | I97: =ROUND((F97*H97),2) -> 5876.89
A98: 1.3.3. | B98: SINAPI | C98: 102332 | D98: TRANSPORTE COM CAMINHÃO TANQUE DE TRANSPORTE DE MATERIAL ASFÁLTICO DE 20000L, EM VIA URBANA PAVIMENTADA, DMT ATÉ 30KM (UNIDADE: TXKM). AF_07/2020 | E98: TXKM | F98: ='MEMORIAL DE CÁLCULO'!F98 -> 7.5216195 | G98: 2.02 | H98: =ROUND(G98+(G98*$I$7),2) -> 2.46 | I98: =ROUND((F98*H98),2) -> 18.5
A99: 1.3.4. | B99: SINAPI | C99: 102333 | D99: TRANSPORTE COM CAMINHÃO TANQUE DE TRANSPORTE DE MATERIAL ASFÁLTICO DE 20000L, EM VIA URBANA PAVIMENTADA, ADICIONAL PARA DMT EXCEDENTE A 30 KM (UNIDADE: TXKM). AF_07/2020 | E99: TXKM | F99: ='MEMORIAL DE CÁLCULO'!F99 -> 6.8521954 | G99: 0.77 | H99: =ROUND(G99+(G99*$I$7),2) -> 0.94 | I99: =ROUND((F99*H99),2) -> 6.44
A100: 1.3.5. | B100: SUDECAP | C100: 20.12.01 | D100: PINTURA DE LIGAÇÃO COM RR-1C | E100: M2 | F100: ='MEMORIAL DE CÁLCULO'!F100 -> 2033.0941 | G100: 2.66 | H100: =ROUND(G100+(G100*$I$7),2) -> 3.25 | I100: =ROUND((F100*H100),2) -> 6607.56
A101: 1.3.6. | B101: SINAPI | C101: 102332 | D101: TRANSPORTE COM CAMINHÃO TANQUE DE TRANSPORTE DE MATERIAL ASFÁLTICO DE 20000L, EM VIA URBANA PAVIMENTADA, DMT ATÉ 30KM (UNIDADE: TXKM). AF_07/2020 | E101: TXKM | F101: ='MEMORIAL DE CÁLCULO'!F101 -> 54.893541 | G101: 2.02 | H101: =ROUND(G101+(G101*$I$7),2) -> 2.46 | I101: =ROUND((F101*H101),2) -> 135.04
A102: 1.3.7. | B102: SINAPI | C102: 102333 | D102: TRANSPORTE COM CAMINHÃO TANQUE DE TRANSPORTE DE MATERIAL ASFÁLTICO DE 20000L, EM VIA URBANA PAVIMENTADA, ADICIONAL PARA DMT EXCEDENTE A 30 KM (UNIDADE: TXKM). AF_07/2020 | E102: TXKM | F102: ='MEMORIAL DE CÁLCULO'!F102 -> 50.008016 | G102: 0.77 | H102: =ROUND(G102+(G102*$I$7),2) -> 0.94 | I102: =ROUND((F102*H102),2) -> 47.01
A103: 1.3.8. | B103: SINAPI | C103: 95995 | D103: EXECUÇÃO DE PAVIMENTO COM APLICAÇÃO DE CONCRETO ASFÁLTICO, CAMADA DE ROLAMENTO - EXCLUSIVE CARGA E TRANSPORTE. AF_10/2025 | E103: M3 | F103: ='MEMORIAL DE CÁLCULO'!F103 -> 121.98565 | G103: 2152.94 | H103: =ROUND(G103+(G103*$I$7),2) -> 2626.59 | I103: =ROUND((F103*H103),2) -> 320406.28
A104: 1.3.9. | B104: SICRO/DNIT | C104: 5914612 | D104: TRANSPORTE DE MISTURA BETUMINOSA A QUENTE COM CAMINHÃO COM CAÇAMBA TÉRMICA DE 6 M³ - RODOVIA PAVIMENTADA | E104: TXKM | F104: ='MEMORIAL DE CÁLCULO'!F104 -> 16784.249 | G104: 0.99 | H104: =ROUND(G104+(G104*$I$7),2) -> 1.21 | I104: =ROUND((F104*H104),2) -> 20308.94
...

Sheet MEMORIAL DE CÁLCULO
A2: MEMORIAL DE CÁLCULO
A3: PROPONENTE/TOMADOR: PREFEITURA MUNICIPAL DE PONTE NOVA | F3: FOLHA Nº: | H3: 01/01.
A4: OBJETO: EXECUÇÃO DE OBRAS DE PAVIMENTAÇÃO ASFÁLTICA EM CBUQ EM VIAS PÚBLICAS | F4: DATA: | H4: =TODAY() -> 46290
A5: LOCAL: VIAS URBANAS DO MUNICÍPIO DE PONTE NOVA/MG | F5: FORMA DE EXECUÇÃO:
A6: REGIÃO/MÊS DE REFERÊNCIA: TABELA SINAPI-MG - AGOSTO/2026 - SEM DESONERAÇÃO / TABELA SICOR/SEINFRA - REGIÃO LESTE - ABRIL/2026 - SEM DESONERAÇÃO / TABELA SUDECAP-MG - JULHO/2026 - SEM DESONERAÇÃO / TABELA SICRO/DNIT MG - ABRIL/2026 - SEM DESONERAÇÃO | F6: ( ) | G6: DIRETA | H6: ( X ) | I6: INDIRETA
A7: COMPOSIÇÃO DE BDI - EM ANEXO, OBTIDO DO ACÓRDÃO 2622/2013, DO TRIBUNAL DE CONTAS DA UNIÃO - TCU (CONSTRUÇÃO DE RODOVIAS E FERROVIAS) - QUARTIL MÉDIO. | F7: % ISS MUNICIPAL: | G7: 0.03 | H7: BDI: | I7: =BDI!D27 -> 0.22
H8: BDI DIFERENC.: | I8: -
A10: Item | B10: Fonte | C10: Código | D10: Descrição | E10: Unidade | F10: Quantidade | G10: Fórmula do Cálculo
A11: Lote 01: Execução de Revestimento Asfáltico e Drenagem Superficial em Vias Urbanas
A12: ='PLANILHA ORÇAMENTÁRIA'!A12 -> 1. | D12: ='PLANILHA ORÇAMENTÁRIA'!D12 -> R. Tiradentes, Esplanada
A13: ='PLANILHA ORÇAMENTÁRIA'!A13 -> 1.1. | D13: ='PLANILHA ORÇAMENTÁRIA'!D13 -> SERVIÇOS PRELIMINARES
A14: ='PLANILHA ORÇAMENTÁRIA'!A14 -> 1.1.1. | B14: ='PLANILHA ORÇAMENTÁRIA'!B14 -> SINAPI | C14: ='PLANILHA ORÇAMENTÁRIA'!C14 -> 103689 | D14: ='PLANILHA ORÇAMENTÁRIA'!D14 -> FORNECIMENTO E INSTALAÇÃO DE PLACA DE OBRA COM CHAPA GALVANIZADA E ESTRUTURA DE MADEIRA. AF_03/2022_PS | E14: ='PLANILHA ORÇAMENTÁRIA'!E14 -> M2 | F14: =2*1.2 -> 2.4 | G14: Uma placa, conforme padrão exigido pelo município. ▪ Largura (L) = 2,00m ▪ Altura (A) = 1,20m ▪ Área - [L*A] = 2,40m²
A15: ='PLANILHA ORÇAMENTÁRIA'!A15 -> 1.1.2. | B15: ='PLANILHA ORÇAMENTÁRIA'!B15 -> SICOR/ SEINFRA | C15: ='PLANILHA ORÇAMENTÁRIA'!C15 -> ED-50155 | D15: ='PLANILHA ORÇAMENTÁRIA'!D15 -> LOCAÇÃO DE BANHEIRO QUÍMICO, DIMENSÃO (110X120X230)CM, LINHA PADRÃO, CONTENDO UMA (1) PIA/HIGIENIZADOR DE MÃOS, INCLUSIVE MANUTENÇÃO E MOBILIZAÇÃO/DESMOBILIZAÇÃO | E15: ='PLANILHA ORÇAMENTÁRIA'!E15 -> MÊS | F15: 2 | G15: Locação conforme o tempo estipulado para execução da obra (2 meses)
A16: ='PLANILHA ORÇAMENTÁRIA'!A16 -> 1.1.3. | B16: ='PLANILHA ORÇAMENTÁRIA'!B16 -> SICOR/ SEINFRA | C16: ='PLANILHA ORÇAMENTÁRIA'!C16 -> ED-27006 | D16: ='PLANILHA ORÇAMENTÁRIA'!D16 -> CONE PARA SINALIZAÇÃO/ISOLAMENTO DE ÁREAS, ALTURA 75CM, INCLUSIVE FORNECIMENTO E MOVIMENTAÇÃO | E16: ='PLANILHA ORÇAMENTÁRIA'!E16 -> U | F16: 25 | G16: Sinalização/isolamento do local durante a execução da obra (25 unidades)
A17: ='PLANILHA ORÇAMENTÁRIA'!A17 -> 1.2. | D17: ='PLANILHA ORÇAMENTÁRIA'!D17 -> SERVIÇOS EM TERRA E REMOÇÕES
A18: ='PLANILHA ORÇAMENTÁRIA'!A18 -> 1.2.1. | B18: ='PLANILHA ORÇAMENTÁRIA'!B18 -> SICOR/ SEINFRA | C18: ='PLANILHA ORÇAMENTÁRIA'!C18 -> ED-50701 | D18: ='PLANILHA ORÇAMENTÁRIA'!D18 -> CAPINA MANUAL DO TERRENO, EXCLUSIVE RASTELAMENTO E QUEIMA | E18: ='PLANILHA ORÇAMENTÁRIA'!E18 -> M2 | F18: 934.121 | G18: Área da via adotada, conforme metragem do AutoCAD (Levantamento Planialtimétrico). A = 934,12 m²
A19: ='PLANILHA ORÇAMENTÁRIA'!A19 -> 1.2.2. | B19: ='PLANILHA ORÇAMENTÁRIA'!B19 -> SICRO/DNIT | C19: ='PLANILHA ORÇAMENTÁRIA'!C19 -> 4011212 | D19: ='PLANILHA ORÇAMENTÁRIA'!D19 -> VARREDURA DA SUPERFÍCIE PARA EXECUÇÃO DE REVESTIMENTO ASFÁLTICO | E19: ='PLANILHA ORÇAMENTÁRIA'!E19 -> M2 | F19: 934.121 | G19: Área da via adotada, conforme metragem do AutoCAD (Levantamento Planialtimétrico). A = 934,12 m²
A20: ='PLANILHA ORÇAMENTÁRIA'!A20 -> 1.2.3. | B20: ='PLANILHA ORÇAMENTÁRIA'!B20 -> SINAPI | C20: ='PLANILHA ORÇAMENTÁRIA'!C20 -> 106167 | D20: ='PLANILHA ORÇAMENTÁRIA'!D20 -> LIMPEZA DE RUA COM CAMINHÃO PIPA. AF_10/2025 | E20: ='PLANILHA ORÇAMENTÁRIA'!E20 -> M2 | F20: 934.121 | G20: Área da via adotada, conforme metragem do AutoCAD (Levantamento Planialtimétrico). A = 934,12 m²
A21: ='PLANILHA ORÇAMENTÁRIA'!A21 -> 1.2.4. | B21: ='PLANILHA ORÇAMENTÁRIA'!B21 -> SICOR/ SEINFRA | C21: ='PLANILHA ORÇAMENTÁRIA'!C21 -> ED-51131 | D21: ='PLANILHA ORÇAMENTÁRIA'!D21 -> CARGA MANUAL DE MATERIAL DE QUALQUER NATUREZA SOBRE CAMINHÃO, EXCLUSIVE TRANSPORTE | E21: ='PLANILHA ORÇAMENTÁRIA'!E21 -> M3 | F21: =F18*0.05 -> 46.70605 | G21: ▪ Área da via (A) = 934,1210 m² ▪ Espessura média dos resíduos de capina (E) = 0,05m ▪ Cálculo - V = [A*E] = 46,71 m³
A22: ='PLANILHA ORÇAMENTÁRIA'!A22 -> 1.2.5. | B22: ='PLANILHA ORÇAMENTÁRIA'!B22 -> SINAPI | C22: ='PLANILHA ORÇAMENTÁRIA'!C22 -> 104790 | D22: ='PLANILHA ORÇAMENTÁRIA'!D22 -> DEMOLIÇÃO DE PISO DE CONCRETO SIMPLES, DE FORMA MECANIZADA COM MARTELETE, SEM REAPROVEITAMENTO. AF_09/2023 | E22: ='PLANILHA ORÇAMENTÁRIA'!E22 -> M3 | F22: 20.3299 | G22: Demolição de piso de concreto simples. (V01) = [L*C*H] = 4,20m x 1,25m x 0,24m = 1,2600m³ (V02) = [L*C*H] = 3,60m x 0,85m x 0,30m = 0,9180m³ (V03) = [L*C*H] = 4,50m x 0,50m x 0,18m = 0,4050m³ (V04) = [L*C*H] = 5,00m x 1,50m x 0,18m = 1,3500m³ (V05) = [L*C*H] = 9,00m x 1,20m x 0,30m = 3,2400m³ (V06) = [L*C*H] = 30,00m x 0,80m x 0,13m = 3,1200m³ (V07) = [L*C*H] = 2,20m x 0,65m x 0,18m = 0,2574m³ (V08) = [L*C*H] = 3,55m x 0,50m x 0,22m = 0,3905m³ (V09) = [L*C*H] = 14,00m x 0,50m x 0,07m = 0,4900m³ (V10) = [L*C*H] = 5,60m x 0,50m x 0,30m = 0,8400m³ (V11) = [L*C*H] = 3,10m x 1,00m x 0,25m = 0,7750m³ (V12) = [L*C*H] = 16,20m x 0,50m x 0,07m = 0,5670m³ (V13) = [L*C*H] = 6,50m x 1,00m x 0,25m = 1,6250m³ (V14) = [L*C*H] = 5,30m x 1,00m x 0,30m = 1,5900m³ (V15) = [L*C*H] = 3,30m x 1,00m x 0,30m = 0,9900m³ (V16) = [L*C*H] = 4,30m x 0,50m x 0,15m = 0,3225m³ (V17) = [L*C*H] = 7,80m x 0,85m x 0,15m = 0,9945m³ (V18) = [L*C*H] = 13,00m x 0,35m x 0,20m = 0,9100m³ (V19) = [L*C*H] = 3,80m x 0,50m x 0,15m = 0,2850m³ ∑ (V01-V19) = (V1) = 20,33 m³
A23: ='PLANILHA ORÇAMENTÁRIA'!A23 -> 1.2.6. | B23: ='PLANILHA ORÇAMENTÁRIA'!B23 -> SICOR/ SEINFRA | C23: ='PLANILHA ORÇAMENTÁRIA'!C23 -> ED-48492 | D23: ='PLANILHA ORÇAMENTÁRIA'!D23 -> DEMOLIÇÃO MECANIZADA DE REVESTIMENTO ASFÁLTICO, COM EQUIPAMENTO PNEUMÁTICO, INCLUSIVE AFASTAMENTO E EMPILHAMENTO, EXCLUSIVE TRANSPORTE E RETIRADA DO MATERIAL DEMOLIDO | E23: ='PLANILHA ORÇAMENTÁRIA'!E23 -> M2 | F23: 2.3604 | G23: Demolição de piso de concreto asfáltico. (V01) = [L*C*H] = 2,70m x 2,50m x 0,06m = 0,4050m³ (V02) = [L*C*H] = 1,70m x 1,18m x 0,06m = 0,1204m³ (V03) = [L*C*H] = 3,50m x 1,60m x 0,06m = 0,3360m³ (V04) = [L*C*H] = 1,46m x 1,40m x 0,06m = 0,1226m³ (V05) = [L*C*H] = 6,20m x 3,70m x 0,06m = 1,3764m³ ∑ (V01-V05) = (V2) = 2,36 m³
A24: ='PLANILHA ORÇAMENTÁRIA'!A24 -> 1.2.7. | B24: ='PLANILHA ORÇAMENTÁRIA'!B24 -> SICOR/ SEINFRA | C24: ='PLANILHA ORÇAMENTÁRIA'!C24 -> ED-51132 | D24: ='PLANILHA ORÇAMENTÁRIA'!D24 -> CARGA MECÂNICA DE MATERIAL DE QUALQUER NATUREZA SOBRE CAMINHÃO, EXCLUSIVE TRANSPORTE | E24: ='PLANILHA ORÇAMENTÁRIA'!E24 -> M3 | F24: =F22+F23 -> 22.6903 | G24: ▪ Volume referente ao entulho leve (V1) = 20,3299 m³ ▪ Volume referente ao entulho leve (V2) = 2,3604 m³ ▪ Cálculo - [V1+V2] = 22,69 M³
A25: ='PLANILHA ORÇAMENTÁRIA'!A25 -> 1.2.8. | B25: ='PLANILHA ORÇAMENTÁRIA'!B25 -> SINAPI | C25: ='PLANILHA ORÇAMENTÁRIA'!C25 -> 97914 | D25: ='PLANILHA ORÇAMENTÁRIA'!D25 -> TRANSPORTE COM CAMINHÃO BASCULANTE DE 6 M³, EM VIA URBANA PAVIMENTADA, DMT ATÉ 30 KM (UNIDADE: M3XKM). AF_02/2026 | E25: ='PLANILHA ORÇAMENTÁRIA'!E25 -> M3XKM | F25: =(F21+F22+F23)*6.2 -> 430.25737 | G25: ▪ Volume (V) = 46,71 m³ ▪ Volume (V1+V2) = 22,69 m³ ▪ DMT médio (D) = 6,2km ▪ Cálculo - D*[V+V1+V2] = 430,26 M³xKM
A26: ='PLANILHA ORÇAMENTÁRIA'!A26 -> 1.3. | D26: ='PLANILHA ORÇAMENTÁRIA'!D26 -> SERVIÇOS DE PAVIMENTAÇÃO ASFÁLTICA
A27: ='PLANILHA ORÇAMENTÁRIA'!A27 -> 1.3.1. | B27: ='PLANILHA ORÇAMENTÁRIA'!B27 -> SUDECAP | C27: ='PLANILHA ORÇAMENTÁRIA'!C27 -> 20.12.01 | D27: ='PLANILHA ORÇAMENTÁRIA'!D27 -> PINTURA DE LIGAÇÃO COM RR-1C | E27: ='PLANILHA ORÇAMENTÁRIA'!E27 -> M2 | F27: =2*811.5351 -> 1623.0702 | G27: Área da via adotada, conforme metragem do AutoCAD (Planta baixa - Pavimentação Asfáltica). A = 811,5351 m² ▪ Execução em duas camadas (A1) = 1623,07 m²
A28: ='PLANILHA ORÇAMENTÁRIA'!A28 -> 1.3.2. | B28: ='PLANILHA ORÇAMENTÁRIA'!B28 -> SINAPI | C28: ='PLANILHA ORÇAMENTÁRIA'!C28 -> 102332 | D28: ='PLANILHA ORÇAMENTÁRIA'!D28 -> TRANSPORTE COM CAMINHÃO TANQUE DE TRANSPORTE DE MATERIAL ASFÁLTICO DE 20000L, EM VIA URBANA PAVIMENTADA, DMT ATÉ 30KM (UNIDADE: TXKM). AF_07/2020 | E28: ='PLANILHA ORÇAMENTÁRIA'!E28 -> TXKM | F28: =F27*0.0009*30 -> 43.822895 | G28: ▪ Área (A) = 1623,0702 m² ▪ Consumo médio - RR-1C (C) = 0,0009 t/m² (RR-1C + água) ▪ DMT médio (D) = 30,0 km ▪ Cálculo - [A*C*D] = 43,82 TxKM (30,0km iniciais).
A29: ='PLANILHA ORÇAMENTÁRIA'!A29 -> 1.3.3. | B29: ='PLANILHA ORÇAMENTÁRIA'!B29 -> SINAPI | C29: ='PLANILHA ORÇAMENTÁRIA'!C29 -> 102333 | D29: ='PLANILHA ORÇAMENTÁRIA'!D29 -> TRANSPORTE COM CAMINHÃO TANQUE DE TRANSPORTE DE MATERIAL ASFÁLTICO DE 20000L, EM VIA URBANA PAVIMENTADA, ADICIONAL PARA DMT EXCEDENTE A 30 KM (UNIDADE: TXKM). AF_07/2020 | E29: ='PLANILHA ORÇAMENTÁRIA'!E29 -> TXKM | F29: =F27*0.0009*19.83 -> 28.966934 | G29: ▪ Área (A) = 1623,0702 m² ▪ Consumo médio - RR-1C (C) = 0,0009 t/m² (RR-1C + água) ▪ DMT médio (D) = 19,83 km ▪ Cálculo - [A*C*D] = 28,97 TxKM (19,83km finais).
A30: ='PLANILHA ORÇAMENTÁRIA'!A30 -> 1.3.4. | B30: ='PLANILHA ORÇAMENTÁRIA'!B30 -> SINAPI | C30: ='PLANILHA ORÇAMENTÁRIA'!C30 -> 95995 | D30: ='PLANILHA ORÇAMENTÁRIA'!D30 -> EXECUÇÃO DE PAVIMENTO COM APLICAÇÃO DE CONCRETO ASFÁLTICO, CAMADA DE ROLAMENTO - EXCLUSIVE CARGA E TRANSPORTE. AF_10/2025 | E30: ='PLANILHA ORÇAMENTÁRIA'!E30 -> M3 | F30: =811.5351*0.06 -> 48.692106 | G30: ▪ Área (A) = 811,5351 m² ▪ Espessura da camada compactada de CBUQ, rolamento (E) = 0,06m - Execução em duas camadas compactadas de 0,03m. ▪ Cálculo - [A*E] = 48,69 m³
A31: ='PLANILHA ORÇAMENTÁRIA'!A31 -> 1.3.5. | B31: ='PLANILHA ORÇAMENTÁRIA'!B31 -> SICRO/DNIT | C31: ='PLANILHA ORÇAMENTÁRIA'!C31 -> 5914612 | D31: ='PLANILHA ORÇAMENTÁRIA'!D31 -> TRANSPORTE DE MISTURA BETUMINOSA A QUENTE COM CAMINHÃO COM CAÇAMBA TÉRMICA DE 6 M³ - RODOVIA PAVIMENTADA | E31: ='PLANILHA ORÇAMENTÁRIA'!E31 -> TXKM | F31: =F30*49.83*2.4 -> 5823.1863 | G31: ▪ Volume total de CBUQ (V) = (24,345 + 24,345) = 48,69 m³ ▪ DMT médio (D) = 49,83 km ▪ Densidade CBUQ (C) = 2,4 t/m³ ▪ Cálculo - CBUQ até a pista [V*D*C] = 5823,19 TxKM
A32: ='PLANILHA ORÇAMENTÁRIA'!A32 -> 1.4. | D32: ='PLANILHA ORÇAMENTÁRIA'!D32 -> SERVIÇOS DE DRENAGEM SUPERFICIAL
A33: ='PLANILHA ORÇAMENTÁRIA'!A33 -> 1.4.1. | B33: ='PLANILHA ORÇAMENTÁRIA'!B33 -> SICOR/ SEINFRA | C33: ='PLANILHA ORÇAMENTÁRIA'!C33 -> ED-51141 | D33: ='PLANILHA ORÇAMENTÁRIA'!D33 -> GUIA DE MEIO-FIO, EM CONCRETO COM FCK 15MPA, MOLDADA INLOCO, SEÇÃO 15X45CM, FORMA EM MADEIRA, EXCLUSIVE SARJETA, INCLUSIVE ESCAVAÇÃO, APILOAMENTO E TRANSPORTE COM RETIRADA DO MATERIAL ESCAVADO (EM CAÇAMBA) | E33: ='PLANILHA ORÇAMENTÁRIA'!E33 -> M | F33: 80 | G33: Comprimento linear adotado, conforme metragem estabelecida para demolição de piso de concreto simples. C = 80,00m
A34: ='PLANILHA ORÇAMENTÁRIA'!A34 -> 1.4.2. | B34: ='PLANILHA ORÇAMENTÁRIA'!B34 -> SUDECAP | C34: ='PLANILHA ORÇAMENTÁRIA'!C34 -> 19.22.04 | D34: ='PLANILHA ORÇAMENTÁRIA'!D34 -> ALTEAMENTO DE TAMPÃO DE POÇO DE VISITA EM ATÉ 20CM | E34: ='PLANILHA ORÇAMENTÁRIA'!E34 -> U | F34: 2 | G34: Alteamento de tampões de poços de visita existentes em até 20 cm, para adequação à cota final do pavimento em CBUQ, incluindo os serviços necessários à execução do alteamento e reassentamento dos tampões existentes. Q = 2,0 unidades.
A35: ='PLANILHA ORÇAMENTÁRIA'!A35 -> 1.4.3. | B35: ='PLANILHA ORÇAMENTÁRIA'!B35 -> SINAPI | C35: ='PLANILHA ORÇAMENTÁRIA'!C35 -> 94289 | D35: ='PLANILHA ORÇAMENTÁRIA'!D35 -> EXECUÇÃO DE SARJETA DE CONCRETO USINADO, MOLDADA IN LOCO EM TRECHO RETO, 45 CM BASE X 10 CM ALTURA. AF_01/2024 | E35: ='PLANILHA ORÇAMENTÁRIA'!E35 -> M | F35: =138.6504+136.9586 -> 275.609 | G35: Comprimento linear adotado, conforme metragem do AutoCAD (Planta baixa - Pavimentação asfáltica) C = L1+L2 C = 138,6504 + 136,9586 = 275,61 m
A37: ='PLANILHA ORÇAMENTÁRIA'!A37:H37 -> Lote 02: Execução de Revestimento Asfáltico e Drenagem Superficial em Vias Urbanas, com Execução de Base e Sub-base
A38: ='PLANILHA ORÇAMENTÁRIA'!A38 -> 1. | D38: ='PLANILHA ORÇAMENTÁRIA'!D38 -> R. Waldemar Gomes da Silva, Triângulo Novo
A39: ='PLANILHA ORÇAMENTÁRIA'!A39 -> 1.1. | D39: ='PLANILHA ORÇAMENTÁRIA'!D39 -> SERVIÇOS PRELIMINARES
A40: ='PLANILHA ORÇAMENTÁRIA'!A40 -> 1.1.1. | B40: ='PLANILHA ORÇAMENTÁRIA'!B40 -> SINAPI | C40: ='PLANILHA ORÇAMENTÁRIA'!C40 -> 103689 | D40: ='PLANILHA ORÇAMENTÁRIA'!D40 -> FORNECIMENTO E INSTALAÇÃO DE PLACA DE OBRA COM CHAPA GALVANIZADA E ESTRUTURA DE MADEIRA. AF_03/2022_PS | E40: ='PLANILHA ORÇAMENTÁRIA'!E40 -> M2 | F40: =2*1.2 -> 2.4 | G40: Uma placa, conforme padrão exigido pelo município. ▪ Largura (L) = 2,00m ▪ Altura (A) = 1,20m ▪ Área - [L*A] = 2,40m²
A41: ='PLANILHA ORÇAMENTÁRIA'!A41 -> 1.1.2. | B41: ='PLANILHA ORÇAMENTÁRIA'!B41 -> SICOR/ SEINFRA | C41: ='PLANILHA ORÇAMENTÁRIA'!C41 -> ED-50155 | D41: ='PLANILHA ORÇAMENTÁRIA'!D41 -> LOCAÇÃO DE BANHEIRO QUÍMICO, DIMENSÃO (110X120X230)CM, LINHA PADRÃO, CONTENDO UMA (1) PIA/HIGIENIZADOR DE MÃOS, INCLUSIVE MANUTENÇÃO E MOBILIZAÇÃO/DESMOBILIZAÇÃO | E41: ='PLANILHA ORÇAMENTÁRIA'!E41 -> MÊS | F41: 3 | G41: Locação conforme o tempo estipulado para execução da obra (3 meses)
A42: ='PLANILHA ORÇAMENTÁRIA'!A42 -> 1.1.3. | B42: ='PLANILHA ORÇAMENTÁRIA'!B42 -> SICOR/ SEINFRA | C42: ='PLANILHA ORÇAMENTÁRIA'!C42 -> ED-27006 | D42: ='PLANILHA ORÇAMENTÁRIA'!D42 -> CONE PARA SINALIZAÇÃO/ISOLAMENTO DE ÁREAS, ALTURA 75CM, INCLUSIVE FORNECIMENTO E MOVIMENTAÇÃO | E42: ='PLANILHA ORÇAMENTÁRIA'!E42 -> U | F42: 25 | G42: Sinalização/isolamento do local durante a execução da obra (25 unidades)
A43: ='PLANILHA ORÇAMENTÁRIA'!A43 -> 1.2. | D43: ='PLANILHA ORÇAMENTÁRIA'!D43 -> SERVIÇOS EM TERRA E REMOÇÕES
A44: ='PLANILHA ORÇAMENTÁRIA'!A44 -> 1.2.1. | B44: ='PLANILHA ORÇAMENTÁRIA'!B44 -> SICOR/ SEINFRA | C44: ='PLANILHA ORÇAMENTÁRIA'!C44 -> ED-50701 | D44: ='PLANILHA ORÇAMENTÁRIA'!D44 -> CAPINA MANUAL DO TERRENO, EXCLUSIVE RASTELAMENTO E QUEIMA | E44: ='PLANILHA ORÇAMENTÁRIA'!E44 -> M2 | F44: 362.1336 | G44: Área da via adotada, conforme metragem do AutoCAD (Levantamento Planialtimétrico). A = 362,13 m²
A45: ='PLANILHA ORÇAMENTÁRIA'!A45 -> 1.2.2. | B45: ='PLANILHA ORÇAMENTÁRIA'!B45 -> SICRO/DNIT | C45: ='PLANILHA ORÇAMENTÁRIA'!C45 -> 4011212 | D45: ='PLANILHA ORÇAMENTÁRIA'!D45 -> VARREDURA DA SUPERFÍCIE PARA EXECUÇÃO DE REVESTIMENTO ASFÁLTICO | E45: ='PLANILHA ORÇAMENTÁRIA'!E45 -> M2 | F45: 362.1336 | G45: Área da via adotada, conforme metragem do AutoCAD (Levantamento Planialtimétrico). A = 362,13 m²
A46: ='PLANILHA ORÇAMENTÁRIA'!A46 -> 1.2.3. | B46: ='PLANILHA ORÇAMENTÁRIA'!B46 -> SINAPI | C46: ='PLANILHA ORÇAMENTÁRIA'!C46 -> 106167 | D46: ='PLANILHA ORÇAMENTÁRIA'!D46 -> LIMPEZA DE RUA COM CAMINHÃO PIPA. AF_10/2025 | E46: ='PLANILHA ORÇAMENTÁRIA'!E46 -> M2 | F46: 362.1336 | G46: Área da via adotada, conforme metragem do AutoCAD (Levantamento Planialtimétrico). A = 362,13 m²
A47: ='PLANILHA ORÇAMENTÁRIA'!A47 -> 1.2.4. | B47: ='PLANILHA ORÇAMENTÁRIA'!B47 -> SICOR/ SEINFRA | C47: ='PLANILHA ORÇAMENTÁRIA'!C47 -> ED-51131 | D47: ='PLANILHA ORÇAMENTÁRIA'!D47 -> CARGA MANUAL DE MATERIAL DE QUALQUER NATUREZA SOBRE CAMINHÃO, EXCLUSIVE TRANSPORTE | E47: ='PLANILHA ORÇAMENTÁRIA'!E47 -> M3 | F47: =F45*0.06 -> 21.728016 | G47: ▪ Área da via (A) = 362,1336 m² ▪ Espessura média dos resíduos de capina (E) = 0,05m ▪ Cálculo - V = [A*E] = 21,73 m³
A48: ='PLANILHA ORÇAMENTÁRIA'!A48 -> 1.2.5. | B48: ='PLANILHA ORÇAMENTÁRIA'!B48 -> SINAPI | C48: ='PLANILHA ORÇAMENTÁRIA'!C48 -> 104790 | D48: ='PLANILHA ORÇAMENTÁRIA'!D48 -> DEMOLIÇÃO DE PISO DE CONCRETO SIMPLES, DE FORMA MECANIZADA COM MARTELETE, SEM REAPROVEITAMENTO. AF_09/2023 | E48: ='PLANILHA ORÇAMENTÁRIA'!E48 -> M3 | F48: 5.58515 | G48: Demolição de piso de concreto simples. (V01) = [L*C*H] = 10,80m x 2,10m x 0,10m = 2,268m³ (V02) = [L*C*H] = 58,07m x 0,45m x 0,10m = 2,61315m³ (V03) = [L*C*H] = 0,80m x 0,80m x 0,05m = 0,032m³ (V04) = [L*C*H] = 0,80m x 0,80m x 0,05m = 0,032m³ (V05) = [L*C*H] = 2,90m x 0,50m x 0,10m = 0,145m³ (V06) = [L*C*H] = 6,60m x 0,50m x 0,15m = 0,495m³ ∑ (V01-V06) = (V1) = 5,59 m³
A49: ='PLANILHA ORÇAMENTÁRIA'!A49 -> 1.2.6. | B49: ='PLANILHA ORÇAMENTÁRIA'!B49 -> SINAPI | C49: ='PLANILHA ORÇAMENTÁRIA'!C49 -> 97635 | D49: ='PLANILHA ORÇAMENTÁRIA'!D49 -> REMOÇÃO DE PISO DE BLOCO INTERTRAVADO OU DE PEDRA PORTUGUESA, DE FORMA MANUAL, COM REAPROVEITAMENTO. AF_09/2023 | E49: ='PLANILHA ORÇAMENTÁRIA'!E49 -> M2 | F49: 211.7834 | G49: Área do trecho adotado, conforme metragem do AutoCAD (Levantamento Planialtimétrico). A = 211,78 m²
A50: ='PLANILHA ORÇAMENTÁRIA'!A50 -> 1.2.7. | B50: ='PLANILHA ORÇAMENTÁRIA'!B50 -> SICOR/ SEINFRA | C50: ='PLANILHA ORÇAMENTÁRIA'!C50 -> ED-51132 | D50: ='PLANILHA ORÇAMENTÁRIA'!D50 -> CARGA MECÂNICA DE MATERIAL DE QUALQUER NATUREZA SOBRE CAMINHÃO, EXCLUSIVE TRANSPORTE | E50: ='PLANILHA ORÇAMENTÁRIA'!E50 -> M3 | F50: =F48+(F49*0.08) -> 22.527822 | G50: ▪ Volume de piso de concreto simples (V1) = 5,58515 m³ ▪ Volume de piso intertravado (V2) = [A*E] = [211,7834 * 0,08] = 16,9427 m³ ▪ Cálculo - [V1+V2] = 22,53 m³
A51: ='PLANILHA ORÇAMENTÁRIA'!A51 -> 1.2.8. | B51: ='PLANILHA ORÇAMENTÁRIA'!B51 -> SINAPI | C51: ='PLANILHA ORÇAMENTÁRIA'!C51 -> 101124 | D51: ='PLANILHA ORÇAMENTÁRIA'!D51 -> ESCAVAÇÃO HORIZONTAL EM SOLO DE 1A CATEGORIA COM TRATOR DE ESTEIRAS (100HP/LÂMINA: 2,19M3). AF_07/2020 | E51: ='PLANILHA ORÇAMENTÁRIA'!E51 -> M3 | F51: =(F49+63.0038)*0.2 -> 54.95744 | G51: ▪ Área do trecho 01 adotado, conforme metragem do AutoCAD (Levantamento Planialtimétrico). A1 = 63,0038 m² ▪ Área do trecho 02 adotado, conforme metragem do AutoCAD (Levantamento Planialtimétrico). A2 = 211,7834 m² ▪ Espessura da escavação (E) = 20cm = 0,20m ▪ Cálculo - [A1+A2]*E = 54,96 m³
A52: ='PLANILHA ORÇAMENTÁRIA'!A52 -> 1.2.9. | B52: ='PLANILHA ORÇAMENTÁRIA'!B52 -> SINAPI | C52: ='PLANILHA ORÇAMENTÁRIA'!C52 -> 100973 | D52: ='PLANILHA ORÇAMENTÁRIA'!D52 -> CARGA, MANOBRA E DESCARGA DE SOLOS E MATERIAIS GRANULARES EM CAMINHÃO BASCULANTE 6 M³ - CARGA COM PÁ CARREGADEIRA (CAÇAMBA DE 1,7 A 2,8 M³ / 128 HP) E DESCARGA LIVRE (UNIDADE: M3). AF_02/2026 | E52: ='PLANILHA ORÇAMENTÁRIA'!E52 -> M3 | F52: 54.9575 | G52: ▪ Volume de material escavado (V3) = 54,96 m³
A53: ='PLANILHA ORÇAMENTÁRIA'!A53 -> 1.2.10. | B53: ='PLANILHA ORÇAMENTÁRIA'!B53 -> SINAPI | C53: ='PLANILHA ORÇAMENTÁRIA'!C53 -> 97914 | D53: ='PLANILHA ORÇAMENTÁRIA'!D53 -> TRANSPORTE COM CAMINHÃO BASCULANTE DE 6 M³, EM VIA URBANA PAVIMENTADA, DMT ATÉ 30 KM (UNIDADE: M3XKM). AF_02/2026 | E53: ='PLANILHA ORÇAMENTÁRIA'!E53 -> M3XKM | F53: =2.4*(F47+F50+(F52*1.25)) -> 271.08651 | G53: ▪ Volume de capina (V) = 21,73 m³ ▪ Volume de piso de concreto simples e piso intertravado (V1+V2) = 22,5278m³ ▪ Volume de material escavado (V3) = 54,9574 m³ ▪ Volume de material solto (V4) = 54,9574 * 1,25 = 68,70 m³ ▪ DMT médio (D) = 2,4 km ▪ Cálculo - [D*(V+V1+V2+V4] = 2,4 × 68,70 = 271,09 m³×km
A54: ='PLANILHA ORÇAMENTÁRIA'!A54 -> 1.2.11. | B54: ='PLANILHA ORÇAMENTÁRIA'!B54 -> SINAPI | C54: ='PLANILHA ORÇAMENTÁRIA'!C54 -> 100576 | D54: ='PLANILHA ORÇAMENTÁRIA'!D54 -> REGULARIZAÇÃO E COMPACTAÇÃO DE SUBLEITO COM SOLO PREDOMINANTEMENTE ARGILOSO, PARA OBRAS DE CONSTRUÇÃO DE PAVIMENTOS. AF_09/2024 | E54: ='PLANILHA ORÇAMENTÁRIA'!E54 -> M2 | F54: =(F49+63.0038) -> 274.7872 | G54: ▪ Área dos trechos A1 e A2, conforme metragem do AutoCAD (Levantamento Planialtimétrico). A1 = 63,0038 m²; A2 = 211,7834 m² ▪ Cálculo - [A1+A2] = 274,79 m²
A55: ='PLANILHA ORÇAMENTÁRIA'!A55 -> 1.2.12. | B55: ='PLANILHA ORÇAMENTÁRIA'!B55 -> SINAPI | C55: ='PLANILHA ORÇAMENTÁRIA'!C55 -> 105731 | D55: ='PLANILHA ORÇAMENTÁRIA'!D55 -> RECONSTRUÇÃO DE BASE E SUB-BASE PARA PAVIMENTAÇÃO DE BRITA GRADUADA SIMPLES, COM ESPESSURA DE 20 CM - EXCLUSIVE CARGA E TRANSPORTE. AF_09/2024 | E55: ='PLANILHA ORÇAMENTÁRIA'!E55 -> M3 | F55: =F54*0.2 -> 54.95744 | G55: ▪ Área dos trechos (A1 + A2) = 274,79 m² ▪ Espessura da camada de BGS compactada (E) = 20 cm = 0,20 m ▪ Cálculo (V4) = [A*E] = 54,96 m³
A56: ='PLANILHA ORÇAMENTÁRIA'!A56 -> 1.2.13. | B56: ='PLANILHA ORÇAMENTÁRIA'!B56 -> SINAPI | C56: ='PLANILHA ORÇAMENTÁRIA'!C56 -> 100575 | D56: ='PLANILHA ORÇAMENTÁRIA'!D56 -> REGULARIZAÇÃO DE SUPERFÍCIES COM MOTONIVELADORA. AF_09/2024 | E56: ='PLANILHA ORÇAMENTÁRIA'!E56 -> M2 | F56: =(F49+63.0038) -> 274.7872 | G56: ▪ Área dos trechos A1 e A2, conforme metragem do AutoCAD (Levantamento Planialtimétrico). A1 = 63,0038 m²; A2 = 211,7834 m² ▪ Cálculo - [A1+A2] = 274,79 m²
A57: ='PLANILHA ORÇAMENTÁRIA'!A57 -> 1.2.14. | B57: ='PLANILHA ORÇAMENTÁRIA'!B57 -> SINAPI | C57: ='PLANILHA ORÇAMENTÁRIA'!C57 -> 97914 | D57: ='PLANILHA ORÇAMENTÁRIA'!D57 -> TRANSPORTE COM CAMINHÃO BASCULANTE DE 6 M³, EM VIA URBANA PAVIMENTADA, DMT ATÉ 30 KM (UNIDADE: M3XKM). AF_02/2026 | E57: ='PLANILHA ORÇAMENTÁRIA'!E57 -> M3XKM | F57: =(F55*1.12)*30 -> 1846.57 | G57: ▪ Volume da base compactada = 54,96 m³ ▪ Fator de conversão para volume solto/transportado da BGS = 1,12 ▪ Volume de BGS para transporte (V5) = 54,96 * 1,12 = 61,5552 m³ ▪ DMT médio (D) = 30,0 km ▪ Cálculo - [V5*D] = 1846,57 M3xKM (30,0km iniciais).
A58: ='PLANILHA ORÇAMENTÁRIA'!A58 -> 1.2.15. | B58: ='PLANILHA ORÇAMENTÁRIA'!B58 -> SINAPI | C58: ='PLANILHA ORÇAMENTÁRIA'!C58 -> 97915 | D58: ='PLANILHA ORÇAMENTÁRIA'!D58 -> TRANSPORTE COM CAMINHÃO BASCULANTE DE 6 M³, EM VIA URBANA PAVIMENTADA, ADICIONAL PARA DMT EXCEDENTE A 30 KM (UNIDADE: M3XKM). AF_02/2026 | E58: ='PLANILHA ORÇAMENTÁRIA'!E58 -> M3XKM | F58: =(F55*1.12)*2.83 -> 174.1931 | G58: ▪ Volume da base compactada = 54,96 m³ ▪ Fator de conversão para volume solto/transportado da BGS = 1,12 ▪ Volume de BGS para transporte (V5) = 54,96 * 1,12 = 61,5552 m³ ▪ DMT médio (D1) = 2,83 km ▪ Cálculo - [V5*D1] = 174,19 M3xKM (2,83km finais).
A59: ='PLANILHA ORÇAMENTÁRIA'!A59 -> 1.3. | D59: ='PLANILHA ORÇAMENTÁRIA'!D59 -> SERVIÇOS DE PAVIMENTAÇÃO ASFÁLTICA
A60: ='PLANILHA ORÇAMENTÁRIA'!A60 -> 1.3.1. | B60: ='PLANILHA ORÇAMENTÁRIA'!B60 -> SUDECAP | C60: ='PLANILHA ORÇAMENTÁRIA'!C60 -> 20.11.05 | D60: ='PLANILHA ORÇAMENTÁRIA'!D60 -> IMPRIMAÇÃO COM EMULSÃO ASFÁLTICA - EAI, LIMPEZA MANUAL | E60: ='PLANILHA ORÇAMENTÁRIA'!E60 -> M2 | F60: 253.9472 | G60: Área da via adotada, conforme metragem do AutoCAD (Planta baixa - Pavimentação Asfáltica) - Área que será executada a construção de base e sub-base. ▪ Cálculo - A1 = 253,95 m²
A61: ='PLANILHA ORÇAMENTÁRIA'!A61 -> 1.3.2. | B61: ='PLANILHA ORÇAMENTÁRIA'!B61 -> SINAPI | C61: ='PLANILHA ORÇAMENTÁRIA'!C61 -> 102332 | D61: ='PLANILHA ORÇAMENTÁRIA'!D61 -> TRANSPORTE COM CAMINHÃO TANQUE DE TRANSPORTE DE MATERIAL ASFÁLTICO DE 20000L, EM VIA URBANA PAVIMENTADA, DMT ATÉ 30KM (UNIDADE: TXKM). AF_07/2020 | E61: ='PLANILHA ORÇAMENTÁRIA'!E61 -> TXKM | F61: =F60*0.0005*30 -> 3.809208 | G61: • Área (A1) = 253,9472 m² • Consumo médio Emulsão Asfáltica EAI (C) = 0,0005 t/m². • DMT médio (D) = 30,0km • Cálculo: [A1*C*D] = 3,81 TxKM (30,0km iniciais).
A62: ='PLANILHA ORÇAMENTÁRIA'!A62 -> 1.3.3. | B62: ='PLANILHA ORÇAMENTÁRIA'!B62 -> SINAPI | C62: ='PLANILHA ORÇAMENTÁRIA'!C62 -> 102333 | D62: ='PLANILHA ORÇAMENTÁRIA'!D62 -> TRANSPORTE COM CAMINHÃO TANQUE DE TRANSPORTE DE MATERIAL ASFÁLTICO DE 20000L, EM VIA URBANA PAVIMENTADA, ADICIONAL PARA DMT EXCEDENTE A 30 KM (UNIDADE: TXKM). AF_07/2020 | E62: ='PLANILHA ORÇAMENTÁRIA'!E62 -> TXKM | F62: =F60*0.0005*19.77 -> 2.5102681 | G62: • Área (A1) = 253,9472 m² • Consumo médio Emulsão Asfáltica EAI (C) = 0,0005 t/m². • DMT médio (D) = 19,77km • Cálculo: [A1*C*D] = 2,51 TxKM (19,77km finais).
A63: ='PLANILHA ORÇAMENTÁRIA'!A63 -> 1.3.4. | B63: ='PLANILHA ORÇAMENTÁRIA'!B63 -> SUDECAP | C63: ='PLANILHA ORÇAMENTÁRIA'!C63 -> 20.12.01 | D63: ='PLANILHA ORÇAMENTÁRIA'!D63 -> PINTURA DE LIGAÇÃO COM RR-1C | E63: ='PLANILHA ORÇAMENTÁRIA'!E63 -> M2 | F63: =F60+(335.9736*2) -> 925.8944 | G63: Área da via adotada, conforme metragem do AutoCAD (Planta baixa - Pavimentação Asfáltica). ▪ Execução em duas camadas (A2) = 335,9736 m² ▪ Cálculo - [A1+(2*A2)] = 253,9472m² + (335,9736*2) = ▪ Cálculo = 925,89 m²
A64: ='PLANILHA ORÇAMENTÁRIA'!A64 -> 1.3.5. | B64: ='PLANILHA ORÇAMENTÁRIA'!B64 -> SINAPI | C64: ='PLANILHA ORÇAMENTÁRIA'!C64 -> 102332 | D64: ='PLANILHA ORÇAMENTÁRIA'!D64 -> TRANSPORTE COM CAMINHÃO TANQUE DE TRANSPORTE DE MATERIAL ASFÁLTICO DE 20000L, EM VIA URBANA PAVIMENTADA, DMT ATÉ 30KM (UNIDADE: TXKM). AF_07/2020 | E64: ='PLANILHA ORÇAMENTÁRIA'!E64 -> TXKM | F64: =F63*0.0009*30 -> 24.999149 | G64: ▪ Área (A) = 925,89 m² ▪ Consumo médio - RR-1C (C) = 0,0009 t/m² (RR-1C + água) ▪ DMT médio (D) = 30,0 km ▪ Cálculo - [A*C*D] = 25,00 TxKM (30,0km iniciais).
A65: ='PLANILHA ORÇAMENTÁRIA'!A65 -> 1.3.6. | B65: ='PLANILHA ORÇAMENTÁRIA'!B65 -> SINAPI | C65: ='PLANILHA ORÇAMENTÁRIA'!C65 -> 102333 | D65: ='PLANILHA ORÇAMENTÁRIA'!D65 -> TRANSPORTE COM CAMINHÃO TANQUE DE TRANSPORTE DE MATERIAL ASFÁLTICO DE 20000L, EM VIA URBANA PAVIMENTADA, ADICIONAL PARA DMT EXCEDENTE A 30 KM (UNIDADE: TXKM). AF_07/2020 | E65: ='PLANILHA ORÇAMENTÁRIA'!E65 -> TXKM | F65: =F63*0.0009*19.77 -> 16.474439 | G65: ▪ Área (A) = 925,89 m² ▪ Consumo médio - RR-1C (C) = 0,0009 t/m² (RR-1C + água) ▪ DMT médio (D) = 19,77 km ▪ Cálculo - [A*C*D] = 16,47 TxKM (19,77km finais).
A66: ='PLANILHA ORÇAMENTÁRIA'!A66 -> 1.3.7. | B66: ='PLANILHA ORÇAMENTÁRIA'!B66 -> SINAPI | C66: ='PLANILHA ORÇAMENTÁRIA'!C66 -> 95995 | D66: ='PLANILHA ORÇAMENTÁRIA'!D66 -> EXECUÇÃO DE PAVIMENTO COM APLICAÇÃO DE CONCRETO ASFÁLTICO, CAMADA DE ROLAMENTO - EXCLUSIVE CARGA E TRANSPORTE. AF_10/2025 | E66: ='PLANILHA ORÇAMENTÁRIA'!E66 -> M3 | F66: =(253.9472+335.9736)*0.06 -> 35.395248 | G66: ▪ Área (A) = 253,9472 + 335,9736 = 589,9208 m² ▪ Espessura da camada compactada de CBUQ, rolamento (E) = 0,06m - Execução em duas camadas compactadas de 0,03m. ▪ Cálculo - [A*E] = 35,40 m³
A67: ='PLANILHA ORÇAMENTÁRIA'!A67 -> 1.3.8. | B67: ='PLANILHA ORÇAMENTÁRIA'!B67 -> SICRO/DNIT | C67: ='PLANILHA ORÇAMENTÁRIA'!C67 -> 5914612 | D67: ='PLANILHA ORÇAMENTÁRIA'!D67 -> TRANSPORTE DE MISTURA BETUMINOSA A QUENTE COM CAMINHÃO COM CAÇAMBA TÉRMICA DE 6 M³ - RODOVIA PAVIMENTADA | E67: ='PLANILHA ORÇAMENTÁRIA'!E67 -> TXKM | F67: =F66*49.77*2.4 -> 4227.8916 | G67: ▪ Volume total de CBUQ (V) = 35,40 m³ ▪ DMT médio (D) = 49,77 km ▪ Densidade CBUQ (C) = 2,4 t/m³ ▪ Cálculo - CBUQ até a pista [V*D*C] = 4227,89 TxKM
A68: ='PLANILHA ORÇAMENTÁRIA'!A68 -> 1.4. | D68: ='PLANILHA ORÇAMENTÁRIA'!D68 -> SERVIÇOS DE DRENAGEM SUPERFICIAL
A69: ='PLANILHA ORÇAMENTÁRIA'!A69 -> 1.4.1. | B69: ='PLANILHA ORÇAMENTÁRIA'!B69 -> SICOR/ SEINFRA | C69: ='PLANILHA ORÇAMENTÁRIA'!C69 -> ED-51141 | D69: ='PLANILHA ORÇAMENTÁRIA'!D69 -> GUIA DE MEIO-FIO, EM CONCRETO COM FCK 15MPA, MOLDADA INLOCO, SEÇÃO 15X45CM, FORMA EM MADEIRA, EXCLUSIVE SARJETA, INCLUSIVE ESCAVAÇÃO, APILOAMENTO E TRANSPORTE COM RETIRADA DO MATERIAL ESCAVADO (EM CAÇAMBA) | E69: ='PLANILHA ORÇAMENTÁRIA'!E69 -> M | F69: =14+2.9+10+5 -> 31.9 | G69: Comprimento linear adotado, conforme metragem estabelecida para demolição de piso de concreto simples. C = 31,90m
A70: ='PLANILHA ORÇAMENTÁRIA'!A70 -> 1.4.2. | B70: ='PLANILHA ORÇAMENTÁRIA'!B70 -> SUDECAP | C70: ='PLANILHA ORÇAMENTÁRIA'!C70 -> 19.22.04 | D70: ='PLANILHA ORÇAMENTÁRIA'!D70 -> ALTEAMENTO DE TAMPÃO DE POÇO DE VISITA EM ATÉ 20CM | E70: ='PLANILHA ORÇAMENTÁRIA'!E70 -> U | F70: 2 | G70: Alteamento de tampões de poços de visita existentes em até 20 cm, para adequação à cota final do pavimento em CBUQ, incluindo os serviços necessários à execução do alteamento e reassentamento dos tampões existentes. Q = 2,0 unidades.
A71: ='PLANILHA ORÇAMENTÁRIA'!A71 -> 1.4.3. | B71: ='PLANILHA ORÇAMENTÁRIA'!B71 -> SINAPI | C71: ='PLANILHA ORÇAMENTÁRIA'!C71 -> 94289 | D71: ='PLANILHA ORÇAMENTÁRIA'!D71 -> EXECUÇÃO DE SARJETA DE CONCRETO USINADO, MOLDADA IN LOCO EM TRECHO RETO, 45 CM BASE X 10 CM ALTURA. AF_01/2024 | E71: ='PLANILHA ORÇAMENTÁRIA'!E71 -> M | F71: =58.2829+46.2958 -> 104.5787 | G71: Comprimento linear adotado, conforme metragem do AutoCAD (Planta baixa - Pavimentação asfáltica) C = L1+L2 C = 58,2829 + 46,2958 = 104,58 m
A73: ='PLANILHA ORÇAMENTÁRIA'!A73:H73 -> Lote 03: Execução de Revestimento Asfáltico e Drenagem Superficial em Vias Urbanas, com Execução de Base e Sub-base
A74: ='PLANILHA ORÇAMENTÁRIA'!A74 -> 1. | D74: ='PLANILHA ORÇAMENTÁRIA'!D74 -> R. Santa Lúcia, Rosário do Pontal
A75: ='PLANILHA ORÇAMENTÁRIA'!A75 -> 1.1. | D75: ='PLANILHA ORÇAMENTÁRIA'!D75 -> SERVIÇOS PRELIMINARES
A76: ='PLANILHA ORÇAMENTÁRIA'!A76 -> 1.1.1. | B76: ='PLANILHA ORÇAMENTÁRIA'!B76 -> SINAPI | C76: ='PLANILHA ORÇAMENTÁRIA'!C76 -> 103689 | D76: ='PLANILHA ORÇAMENTÁRIA'!D76 -> FORNECIMENTO E INSTALAÇÃO DE PLACA DE OBRA COM CHAPA GALVANIZADA E ESTRUTURA DE MADEIRA. AF_03/2022_PS | E76: ='PLANILHA ORÇAMENTÁRIA'!E76 -> M2 | F76: =2*1.2 -> 2.4 | G76: Uma placa, conforme padrão exigido pelo município. ▪ Largura (L) = 2,00m ▪ Altura (A) = 1,20m ▪ Área - [L*A] = 2,40m²
A77: ='PLANILHA ORÇAMENTÁRIA'!A77 -> 1.1.2. | B77: ='PLANILHA ORÇAMENTÁRIA'!B77 -> SICOR/ SEINFRA | C77: ='PLANILHA ORÇAMENTÁRIA'!C77 -> ED-50155 | D77: ='PLANILHA ORÇAMENTÁRIA'!D77 -> LOCAÇÃO DE BANHEIRO QUÍMICO, DIMENSÃO (110X120X230)CM, LINHA PADRÃO, CONTENDO UMA (1) PIA/HIGIENIZADOR DE MÃOS, INCLUSIVE MANUTENÇÃO E MOBILIZAÇÃO/DESMOBILIZAÇÃO | E77: ='PLANILHA ORÇAMENTÁRIA'!E77 -> MÊS | F77: 4 | G77: Locação conforme o tempo estipulado para execução da obra (4 meses)
A78: ='PLANILHA ORÇAMENTÁRIA'!A78 -> 1.1.3. | B78: ='PLANILHA ORÇAMENTÁRIA'!B78 -> SICOR/ SEINFRA | C78: ='PLANILHA ORÇAMENTÁRIA'!C78 -> ED-27006 | D78: ='PLANILHA ORÇAMENTÁRIA'!D78 -> CONE PARA SINALIZAÇÃO/ISOLAMENTO DE ÁREAS, ALTURA 75CM, INCLUSIVE FORNECIMENTO E MOVIMENTAÇÃO | E78: ='PLANILHA ORÇAMENTÁRIA'!E78 -> U | F78: 40 | G78: Sinalização/isolamento do local durante a execução da obra (40 unidades)
A79: ='PLANILHA ORÇAMENTÁRIA'!A79 -> 1.2. | D79: ='PLANILHA ORÇAMENTÁRIA'!D79 -> SERVIÇOS EM TERRA E REMOÇÕES
A80: ='PLANILHA ORÇAMENTÁRIA'!A80 -> 1.2.1. | B80: ='PLANILHA ORÇAMENTÁRIA'!B80 -> SICOR/ SEINFRA | C80: ='PLANILHA ORÇAMENTÁRIA'!C80 -> ED-50701 | D80: ='PLANILHA ORÇAMENTÁRIA'!D80 -> CAPINA MANUAL DO TERRENO, EXCLUSIVE RASTELAMENTO E QUEIMA | E80: ='PLANILHA ORÇAMENTÁRIA'!E80 -> M2 | F80: =2378.7482-501.4413 -> 1877.3069 | G80: Área da via adotada, conforme metragem do AutoCAD (Levantamento Planialtimétrico). ▪ Área total (A1) = 2378,7482 m² ▪ Áreas de remoção/escavação (A2) = 501,4413 m² ▪ Cálculo - A = [A1-A2] = 1877,31 m²
A81: ='PLANILHA ORÇAMENTÁRIA'!A81 -> 1.2.2. | B81: ='PLANILHA ORÇAMENTÁRIA'!B81 -> SICRO/DNIT | C81: ='PLANILHA ORÇAMENTÁRIA'!C81 -> 4011212 | D81: ='PLANILHA ORÇAMENTÁRIA'!D81 -> VARREDURA DA SUPERFÍCIE PARA EXECUÇÃO DE REVESTIMENTO ASFÁLTICO | E81: ='PLANILHA ORÇAMENTÁRIA'!E81 -> M2 | F81: =2378.7482-501.4413 -> 1877.3069 | G81: Área da via adotada, conforme metragem do AutoCAD (Levantamento Planialtimétrico). ▪ Área total (A1) = 2378,7482 m² ▪ Áreas de remoção/escavação (A2) = 501,4413 m² ▪ Cálculo - A = [A1-A2] = 1877,31 m²
A82: ='PLANILHA ORÇAMENTÁRIA'!A82 -> 1.2.3. | B82: ='PLANILHA ORÇAMENTÁRIA'!B82 -> SINAPI | C82: ='PLANILHA ORÇAMENTÁRIA'!C82 -> 106167 | D82: ='PLANILHA ORÇAMENTÁRIA'!D82 -> LIMPEZA DE RUA COM CAMINHÃO PIPA. AF_10/2025 | E82: ='PLANILHA ORÇAMENTÁRIA'!E82 -> M2 | F82: =2378.7482-501.4413 -> 1877.3069 | G82: Área da via adotada, conforme metragem do AutoCAD (Levantamento Planialtimétrico). ▪ Área total (A1) = 2378,7482 m² ▪ Áreas de remoção/escavação (A2) = 501,4413 m² ▪ Cálculo - A = [A1-A2] = 1877,31 m²
A83: ='PLANILHA ORÇAMENTÁRIA'!A83 -> 1.2.4. | B83: ='PLANILHA ORÇAMENTÁRIA'!B83 -> SICOR/ SEINFRA | C83: ='PLANILHA ORÇAMENTÁRIA'!C83 -> ED-51131 | D83: ='PLANILHA ORÇAMENTÁRIA'!D83 -> CARGA MANUAL DE MATERIAL DE QUALQUER NATUREZA SOBRE CAMINHÃO, EXCLUSIVE TRANSPORTE | E83: ='PLANILHA ORÇAMENTÁRIA'!E83 -> M3 | F83: =F80*0.05 -> 93.865345 | G83: ▪ Área da via (A) = 1877,3069 m² ▪ Espessura média dos resíduos de capina (E) = 0,05m ▪ Cálculo - V1 = [A*E] = 93,87 m³
A84: ='PLANILHA ORÇAMENTÁRIA'!A84 -> 1.2.5. | B84: ='PLANILHA ORÇAMENTÁRIA'!B84 -> SINAPI | C84: ='PLANILHA ORÇAMENTÁRIA'!C84 -> 104796 | D84: ='PLANILHA ORÇAMENTÁRIA'!D84 -> DEMOLIÇÃO DE GUIAS, SARJETAS OU SARJETÕES, DE FORMA MECANIZADA, SEM REAPROVEITAMENTO | E84: ='PLANILHA ORÇAMENTÁRIA'!E84 -> M | F84: =351.7605+278.0215+44.7229+73.5585+37.9101 -> 785.9735 | G84: Comprimento de sarjetas existentes adotados, conforme metragem do AutoCAD (Levantamento Planialtimétrico). C = L1 + L2 + L3 + L4 C = 351,7605 + 278,0215 + 44,7229 + 73,5585 + 37,9101 = 785,97 m
A85: ='PLANILHA ORÇAMENTÁRIA'!A85 -> 1.2.6. | B85: ='PLANILHA ORÇAMENTÁRIA'!B85 -> SICOR/ SEINFRA | C85: ='PLANILHA ORÇAMENTÁRIA'!C85 -> ED-48490 | D85: ='PLANILHA ORÇAMENTÁRIA'!D85 -> REMOÇÃO MANUAL DE ALVENARIA POLIÉDRICA, COM REAPROVEITAMENTO, INCLUSIVE AFASTAMENTO E EMPILHAMENTO, EXCLUSIVE TRANSPORTE E RETIRADA DO MATERIAL REMOVIDO NÃO REAPROVEITÁVEL | E85: ='PLANILHA ORÇAMENTÁRIA'!E85 -> M2 | F85: 501.4413 | G85: Área da via adotada, conforme metragem do AutoCAD (Levantamento Planialtimétrico). ▪ Áreas de remoção da Alv. Poliédrica = 501,4413 m²
A86: ='PLANILHA ORÇAMENTÁRIA'!A86 -> 1.2.7. | B86: ='PLANILHA ORÇAMENTÁRIA'!B86 -> SICOR/ SEINFRA | C86: ='PLANILHA ORÇAMENTÁRIA'!C86 -> ED-51132 | D86: ='PLANILHA ORÇAMENTÁRIA'!D86 -> CARGA MECÂNICA DE MATERIAL DE QUALQUER NATUREZA SOBRE CAMINHÃO, EXCLUSIVE TRANSPORTE | E86: ='PLANILHA ORÇAMENTÁRIA'!E86 -> M3 | F86: =(F84*0.45*0.1)+(F85*0.1) -> 85.512937 | G86: ▪ Volume de sarjetas/sarjetões (V2) = [C*L*E] = [785,97 * 0,45 * 0,10] = 35,36865 m³ ▪ Volume de alvenaria poliédrica (V3) = [A*E] = [501,4413 * 0,10] = 50,14413 m³ ▪ Cálculo - [V2+V3] = 85,51 m³
A87: ='PLANILHA ORÇAMENTÁRIA'!A87 -> 1.2.8. | B87: ='PLANILHA ORÇAMENTÁRIA'!B87 -> SINAPI | C87: ='PLANILHA ORÇAMENTÁRIA'!C87 -> 101124 | D87: ='PLANILHA ORÇAMENTÁRIA'!D87 -> ESCAVAÇÃO HORIZONTAL EM SOLO DE 1A CATEGORIA COM TRATOR DE ESTEIRAS (100HP/LÂMINA: 2,19M3). AF_07/2020 | E87: ='PLANILHA ORÇAMENTÁRIA'!E87 -> M3 | F87: =F85*0.2 -> 100.28826 | G87: Área da via adotada, conforme metragem do AutoCAD (Levantamento Planialtimétrico). ▪ Áreas de remoção/escavação (A1) = 501,4413 m² ▪ Espessura da escavação (E) = 20cm = 0,20m ▪ Cálculo - (V4) = [A1*E] = 100,29 m³
A88: ='PLANILHA ORÇAMENTÁRIA'!A88 -> 1.2.9. | B88: ='PLANILHA ORÇAMENTÁRIA'!B88 -> SINAPI | C88: ='PLANILHA ORÇAMENTÁRIA'!C88 -> 100973 | D88: ='PLANILHA ORÇAMENTÁRIA'!D88 -> CARGA, MANOBRA E DESCARGA DE SOLOS E MATERIAIS GRANULARES EM CAMINHÃO BASCULANTE 6 M³ - CARGA COM PÁ CARREGADEIRA (CAÇAMBA DE 1,7 A 2,8 M³ / 128 HP) E DESCARGA LIVRE (UNIDADE: M3). AF_02/2026 | E88: ='PLANILHA ORÇAMENTÁRIA'!E88 -> M3 | F88: 100.2883 | G88: ▪ Volume de material escavado (V4) = 100,2883 m³
A89: ='PLANILHA ORÇAMENTÁRIA'!A89 -> 1.2.10. | B89: ='PLANILHA ORÇAMENTÁRIA'!B89 -> SINAPI | C89: ='PLANILHA ORÇAMENTÁRIA'!C89 -> 97914 | D89: ='PLANILHA ORÇAMENTÁRIA'!D89 -> TRANSPORTE COM CAMINHÃO BASCULANTE DE 6 M³, EM VIA URBANA PAVIMENTADA, DMT ATÉ 30 KM (UNIDADE: M3XKM). AF_02/2026 | E89: ='PLANILHA ORÇAMENTÁRIA'!E89 -> M3XKM | F89: =7.3*(F83+F86+(F88*1.25)) -> 2224.5922 | G89: ▪ Volume de capina (V1) = 93,8653 m³ ▪ Volume de demolição de guias/sarjetas (V2) = 35,36865 M³ ▪ Volume de alvenaria poliédrica (V3) = 50,14413 m³ ▪ Volume de material escavado (V4) = 100,2883 m³ ▪ Volume de material solto (V5) = 100,2883 * 1,25 = 125,3604 m³ ▪ DMT médio (D) = 7,3km ▪ Cálculo - [D*(V1+V2+V3+V5] = 7,3 * 304,73848 = 2224,59 m³×km
A90: ='PLANILHA ORÇAMENTÁRIA'!A90 -> 1.2.11. | B90: ='PLANILHA ORÇAMENTÁRIA'!B90 -> SINAPI | C90: ='PLANILHA ORÇAMENTÁRIA'!C90 -> 100576 | D90: ='PLANILHA ORÇAMENTÁRIA'!D90 -> REGULARIZAÇÃO E COMPACTAÇÃO DE SUBLEITO COM SOLO PREDOMINANTEMENTE ARGILOSO, PARA OBRAS DE CONSTRUÇÃO DE PAVIMENTOS. AF_09/2024 | E90: ='PLANILHA ORÇAMENTÁRIA'!E90 -> M2 | F90: =F85 -> 501.4413 | G90: Área da via adotada, conforme metragem do AutoCAD (Levantamento Planialtimétrico). ▪ Áreas de remoção/escavação (A1) = 501,44 m²
A91: ='PLANILHA ORÇAMENTÁRIA'!A91 -> 1.2.12. | B91: ='PLANILHA ORÇAMENTÁRIA'!B91 -> SINAPI | C91: ='PLANILHA ORÇAMENTÁRIA'!C91 -> 105731 | D91: ='PLANILHA ORÇAMENTÁRIA'!D91 -> RECONSTRUÇÃO DE BASE E SUB-BASE PARA PAVIMENTAÇÃO DE BRITA GRADUADA SIMPLES, COM ESPESSURA DE 20 CM - EXCLUSIVE CARGA E TRANSPORTE. AF_09/2024 | E91: ='PLANILHA ORÇAMENTÁRIA'!E91 -> M3 | F91: =F90*0.2 -> 100.28826 | G91: ▪ Áreas de remoção/escavação (A1) = 501,4413 m² ▪ Espessura da camada de BGS compactada (E) = 20 cm = 0,20 m ▪ Cálculo (V5) = [A*E] = 100,29 m³
A92: ='PLANILHA ORÇAMENTÁRIA'!A92 -> 1.2.13. | B92: ='PLANILHA ORÇAMENTÁRIA'!B92 -> SINAPI | C92: ='PLANILHA ORÇAMENTÁRIA'!C92 -> 100575 | D92: ='PLANILHA ORÇAMENTÁRIA'!D92 -> REGULARIZAÇÃO DE SUPERFÍCIES COM MOTONIVELADORA. AF_09/2024 | E92: ='PLANILHA ORÇAMENTÁRIA'!E92 -> M2 | F92: =F85 -> 501.4413 | G92: Área da via adotada, conforme metragem do AutoCAD (Levantamento Planialtimétrico). ▪ Áreas de remoção/escavação (A1) = 501,44 m²
A93: ='PLANILHA ORÇAMENTÁRIA'!A93 -> 1.2.14. | B93: ='PLANILHA ORÇAMENTÁRIA'!B93 -> SINAPI | C93: ='PLANILHA ORÇAMENTÁRIA'!C93 -> 97914 | D93: ='PLANILHA ORÇAMENTÁRIA'!D93 -> TRANSPORTE COM CAMINHÃO BASCULANTE DE 6 M³, EM VIA URBANA PAVIMENTADA, DMT ATÉ 30 KM (UNIDADE: M3XKM). AF_02/2026 | E93: ='PLANILHA ORÇAMENTÁRIA'!E93 -> M3XKM | F93: =(F91*1.12)*30 -> 3369.6855 | G93: ▪ Volume da base compactada = 100,2883 m³ ▪ Fator de conversão para volume solto/transportado da BGS = 1,12 ▪ Volume de BGS para transporte (V6) = 100,2883*1,12 = 112,3229 m³ ▪ DMT médio (D) = 30,0 km ▪ Cálculo - [V6*D] = 3369,69 M3xKM (30,0km iniciais).
A94: ='PLANILHA ORÇAMENTÁRIA'!A94 -> 1.2.15. | B94: ='PLANILHA ORÇAMENTÁRIA'!B94 -> SINAPI | C94: ='PLANILHA ORÇAMENTÁRIA'!C94 -> 97915 | D94: ='PLANILHA ORÇAMENTÁRIA'!D94 -> TRANSPORTE COM CAMINHÃO BASCULANTE DE 6 M³, EM VIA URBANA PAVIMENTADA, ADICIONAL PARA DMT EXCEDENTE A 30 KM (UNIDADE: M3XKM). AF_02/2026 | E94: ='PLANILHA ORÇAMENTÁRIA'!E94 -> M3XKM | F94: =(F91*1.12)*8.67 -> 973.83912 | G94: ▪ Volume da base compactada = 100,2883 m³ ▪ Fator de conversão para volume solto/transportado da BGS = 1,12 ▪ Volume de BGS para transporte (V6) = 100,2883*1,12 = 112,3229 m³ ▪ DMT médio (D1) = 8,67 km ▪ Cálculo - [V6*D1] = 973,84 M3xKM (8,67km finais).
A95: ='PLANILHA ORÇAMENTÁRIA'!A95 -> 1.3. | D95: ='PLANILHA ORÇAMENTÁRIA'!D95 -> SERVIÇOS DE PAVIMENTAÇÃO ASFÁLTICA
A96: ='PLANILHA ORÇAMENTÁRIA'!A96 -> 1.3.1. | B96: ='PLANILHA ORÇAMENTÁRIA'!B96 -> SICRO/DNIT | C96: ='PLANILHA ORÇAMENTÁRIA'!C96 -> 4915664 | D96: ='PLANILHA ORÇAMENTÁRIA'!D96 -> FRESAGEM DESCONTÍNUA DE REVESTIMENTO ASFÁLTICO - ESPESSURA DE 6 CM | E96: ='PLANILHA ORÇAMENTÁRIA'!E96 -> M3 | F96: =84.0026*0.06 -> 5.040156 | G96: Volume do trecho adotado, conforme metragem do AutoCAD (Planta baixa - Pavimentação Asfáltica) - Área que será executada a fresagem. ▪ Área do trecho (A1) = 84,0026 m² ▪ Espessura da fresagem (E) = 6cm = 0,06m ▪ Cálculo - V = [A1*E] = 5,04 m³
A97: ='PLANILHA ORÇAMENTÁRIA'!A97 -> 1.3.2. | B97: ='PLANILHA ORÇAMENTÁRIA'!B97 -> SUDECAP | C97: ='PLANILHA ORÇAMENTÁRIA'!C97 -> 20.11.05 | D97: ='PLANILHA ORÇAMENTÁRIA'!D97 -> IMPRIMAÇÃO COM EMULSÃO ASFÁLTICA - EAI, LIMPEZA MANUAL | E97: ='PLANILHA ORÇAMENTÁRIA'!E97 -> M2 | F97: 501.4413 | G97: Área da via adotada, conforme metragem do AutoCAD (Planta baixa - Pavimentação Asfáltica) - Área que será executada a construção de base e sub-base. ▪ Áreas de remoção/escavação (A1) = 501,44 m²
A98: ='PLANILHA ORÇAMENTÁRIA'!A98 -> 1.3.3. | B98: ='PLANILHA ORÇAMENTÁRIA'!B98 -> SINAPI | C98: ='PLANILHA ORÇAMENTÁRIA'!C98 -> 102332 | D98: ='PLANILHA ORÇAMENTÁRIA'!D98 -> TRANSPORTE COM CAMINHÃO TANQUE DE TRANSPORTE DE MATERIAL ASFÁLTICO DE 20000L, EM VIA URBANA PAVIMENTADA, DMT ATÉ 30KM (UNIDADE: TXKM). AF_07/2020 | E98: ='PLANILHA ORÇAMENTÁRIA'!E98 -> TXKM | F98: =F97*0.0005*30 -> 7.5216195 | G98: • Área (A) = 501,4413m² • Consumo médio Emulsão Asfáltica EAI (C) = 0,0005 t/m². • DMT médio (D) = 30,0km • Cálculo: [A*C*D] = 7,52 TxKM (30,0km iniciais).
A99: ='PLANILHA ORÇAMENTÁRIA'!A99 -> 1.3.4. | B99: ='PLANILHA ORÇAMENTÁRIA'!B99 -> SINAPI | C99: ='PLANILHA ORÇAMENTÁRIA'!C99 -> 102333 | D99: ='PLANILHA ORÇAMENTÁRIA'!D99 -> TRANSPORTE COM CAMINHÃO TANQUE DE TRANSPORTE DE MATERIAL ASFÁLTICO DE 20000L, EM VIA URBANA PAVIMENTADA, ADICIONAL PARA DMT EXCEDENTE A 30 KM (UNIDADE: TXKM). AF_07/2020 | E99: ='PLANILHA ORÇAMENTÁRIA'!E99 -> TXKM | F99: =F97*0.0005*27.33 -> 6.8521954 | G99: • Área (A) = 501,4413m² • Consumo médio Emulsão Asfáltica EAI (C) = 0,0005 t/m². • DMT médio (D) = 27,33km • Cálculo: [A*C*D] = 6,85 TxKM (27,33km finais).
A100: ='PLANILHA ORÇAMENTÁRIA'!A100 -> 1.3.5. | B100: ='PLANILHA ORÇAMENTÁRIA'!B100 -> SUDECAP | C100: ='PLANILHA ORÇAMENTÁRIA'!C100 -> 20.12.01 | D100: ='PLANILHA ORÇAMENTÁRIA'!D100 -> PINTURA DE LIGAÇÃO COM RR-1C | E100: ='PLANILHA ORÇAMENTÁRIA'!E100 -> M2 | F100: 2033.0941 | G100: Área da via adotada, conforme metragem do AutoCAD (Planta baixa - Pavimentação Asfáltica). ▪ Execução em camada única. ▪ Área total (A1) = 2033,09 m²
A101: ='PLANILHA ORÇAMENTÁRIA'!A101 -> 1.3.6. | B101: ='PLANILHA ORÇAMENTÁRIA'!B101 -> SINAPI | C101: ='PLANILHA ORÇAMENTÁRIA'!C101 -> 102332 | D101: ='PLANILHA ORÇAMENTÁRIA'!D101 -> TRANSPORTE COM CAMINHÃO TANQUE DE TRANSPORTE DE MATERIAL ASFÁLTICO DE 20000L, EM VIA URBANA PAVIMENTADA, DMT ATÉ 30KM (UNIDADE: TXKM). AF_07/2020 | E101: ='PLANILHA ORÇAMENTÁRIA'!E101 -> TXKM | F101: =F100*0.0009*30 -> 54.893541 | G101: ▪ Área (A) = 2033,0941 m² ▪ Consumo médio - RR-1C (C) = 0,0009 t/m² (RR-1C + água) ▪ DMT médio (D) = 30,0 km ▪ Cálculo - [A*C*D] = 54,89 TxKM (30,0km iniciais).
A102: ='PLANILHA ORÇAMENTÁRIA'!A102 -> 1.3.7. | B102: ='PLANILHA ORÇAMENTÁRIA'!B102 -> SINAPI | C102: ='PLANILHA ORÇAMENTÁRIA'!C102 -> 102333 | D102: ='PLANILHA ORÇAMENTÁRIA'!D102 -> TRANSPORTE COM CAMINHÃO TANQUE DE TRANSPORTE DE MATERIAL ASFÁLTICO DE 20000L, EM VIA URBANA PAVIMENTADA, ADICIONAL PARA DMT EXCEDENTE A 30 KM (UNIDADE: TXKM). AF_07/2020 | E102: ='PLANILHA ORÇAMENTÁRIA'!E102 -> TXKM | F102: =F100*0.0009*27.33 -> 50.008016 | G102: ▪ Área (A) = 2033,0941 m² ▪ Consumo médio - RR-1C (C) = 0,0009 t/m² (RR-1C + água) ▪ DMT médio (D) = 27,33 km ▪ Cálculo - [A*C*D] = 50,01 TxKM (27,33km finais).
A103: ='PLANILHA ORÇAMENTÁRIA'!A103 -> 1.3.8. | B103: ='PLANILHA ORÇAMENTÁRIA'!B103 -> SINAPI | C103: ='PLANILHA ORÇAMENTÁRIA'!C103 -> 95995 | D103: ='PLANILHA ORÇAMENTÁRIA'!D103 -> EXECUÇÃO DE PAVIMENTO COM APLICAÇÃO DE CONCRETO ASFÁLTICO, CAMADA DE ROLAMENTO - EXCLUSIVE CARGA E TRANSPORTE. AF_10/2025 | E103: ='PLANILHA ORÇAMENTÁRIA'!E103 -> M3 | F103: =2033.0941*0.06 -> 121.98565 | G103: ▪ Área (A) = 2033,0941 m² ▪ Espessura da camada compactada de CBUQ, rolamento (E) = 0,06m ▪ Cálculo - [A*E] = 121,99 m³
A104: ='PLANILHA ORÇAMENTÁRIA'!A104 -> 1.3.9. | B104: ='PLANILHA ORÇAMENTÁRIA'!B104 -> SICRO/DNIT | C104: ='PLANILHA ORÇAMENTÁRIA'!C104 -> 5914612 | D104: ='PLANILHA ORÇAMENTÁRIA'!D104 -> TRANSPORTE DE MISTURA BETUMINOSA A QUENTE COM CAMINHÃO COM CAÇAMBA TÉRMICA DE 6 M³ - RODOVIA PAVIMENTADA | E104: ='PLANILHA ORÇAMENTÁRIA'!E104 -> TXKM | F104: =F103*57.33*2.4 -> 16784.249 | G104: ▪ Volume total de CBUQ (V) = 121,99 m³ ▪ DMT médio (D) = 57,33 km ▪ Densidade CBUQ (C) = 2,4 t/m³ ▪ Cálculo - CBUQ até a pista [V*D*C] = 16784,25 TxKM
...

Sheet PLANILHA ANALÍTICA
A2: PLANILHA ANALÍTICA DE CUSTOS
A3: PROPONENTE/TOMADOR: PREFEITURA MUNICIPAL DE PONTE NOVA | G3: FOLHA Nº: | I3: 01/01.
A4: OBJETO: EXECUÇÃO DE OBRAS DE PAVIMENTAÇÃO ASFÁLTICA EM CBUQ EM VIAS PÚBLICAS | G4: DATA: | I4: =TODAY() -> 46290
A5: LOCAL: VIAS URBANAS DO MUNICÍPIO DE PONTE NOVA/MG | G5: FORMA DE EXECUÇÃO:
A6: REGIÃO/MÊS DE REFERÊNCIA: TABELA SINAPI-MG - AGOSTO/2026 - SEM DESONERAÇÃO / TABELA SICOR/SEINFRA - REGIÃO LESTE - ABRIL/2026 - SEM DESONERAÇÃO / TABELA SUDECAP-MG - JULHO/2026 - SEM DESONERAÇÃO / TABELA SICRO/DNIT MG - ABRIL/2026 - SEM DESONERAÇÃO | G6: ( ) | H6: DIRETA | I6: ( X ) | J6: INDIRETA
A7: COMPOSIÇÃO DE BDI - EM ANEXO, OBTIDO DO ACÓRDÃO 2622/2013, DO TRIBUNAL DE CONTAS DA UNIÃO - TCU (CONSTRUÇÃO DE RODOVIAS E FERROVIAS) - QUARTIL MÉDIO. | G7: % ISS MUNICIPAL: | H7: 0.03 | I7: BDI: | J7: =[2]BDI!D27 -> 0.22
I8: BDI DIFERENC.: | J8: -
A10: ITEM | B10: FONTE | C10: CÓDIGO | D10: DESCRIÇÃO | I10: UNIDADE
A11: Lote 01: Execução de Revestimento Asfáltico e Drenagem Superficial em Vias Urbanas
A12: ='PLANILHA ORÇAMENTÁRIA'!A12 -> 1. | D12: ='PLANILHA ORÇAMENTÁRIA'!D12 -> R. Tiradentes, Esplanada
A13: ='PLANILHA ORÇAMENTÁRIA'!A13 -> 1.1. | D13: ='PLANILHA ORÇAMENTÁRIA'!D13 -> SERVIÇOS PRELIMINARES
A14: ='PLANILHA ORÇAMENTÁRIA'!A14 -> 1.1.1. | B14: ='PLANILHA ORÇAMENTÁRIA'!B14 -> SINAPI | C14: ='PLANILHA ORÇAMENTÁRIA'!C14 -> 103689 | D14: ='PLANILHA ORÇAMENTÁRIA'!D14 -> FORNECIMENTO E INSTALAÇÃO DE PLACA DE OBRA COM CHAPA GALVANIZADA E ESTRUTURA DE MADEIRA. AF_03/2022_PS | I14: ='PLANILHA ORÇAMENTÁRIA'!E14 -> M2
D15: MATERIAIS: | G15: UNIDADE | H15: COEFICIENTE | I15: CUSTO UNITÁRIO | J15: CUSTO TOTAL
D16: Ü I 4509 SARRAFO *2,5 X 10* CM EM PINUS, MISTA OU EQUIVALENTE DA REGIAO - BRUTA | G16: M | H16: 3.2083 | I16: 3.87 | J16: =I16*H16 -> 12.416121
D17: Ü I 4813 PLACA DE OBRA (PARA CONSTRUCAO CIVIL) EM CHAPA GALVANIZADA *N. 22*, ADESIVADA, DE *2,4 X 1,2* M (SEM POSTES PARA FIXACAO) | G17: M² | H17: 1 | I17: 318.75 | J17: =I17*H17 -> 318.75
D18: Ü I 5065 PREGO DE ACO POLIDO COM CABECA 10 X 10 (7/8 X 17) | G18: KG | H18: 0.0113 | I18: 36.67 | J18: =I18*H18 -> 0.414371
D19: Ü I 5069 PREGO DE ACO POLIDO COM CABECA 17 X 27 (2 1/2 X 11) | G19: KG | H19: 0.0132 | I19: 19.65 | J19: =I19*H19 -> 0.25938
G20: TOTAL DE MATERIAIS: | J20: =SUM(J16:J19) -> 331.83987
D21: SERVIÇOS: | G21: UNIDADE | H21: COEFICIENTE | I21: CUSTO UNITÁRIO | J21: CUSTO TOTAL
D22: Ü C 88262 CARPINTEIRO DE FORMAS COM ENCARGOS COMPLEMENTARES | G22: H | H22: 0.3729 | I22: 32.89 | J22: =I22*H22 -> 12.264681
D23: Ü C 88316 SERVENTE COM ENCARGOS COMPLEMENTARES | G23: H | H23: 1.1186 | I23: 24.88 | J23: =I23*H23 -> 27.830768
D24: Ü C 102234 PINTURA IMUNIZANTE PARA MADEIRA, 2 DEMÃOS. AF_01/2021 | G24: M² | H24: 0.5 | I24: 24.84 | J24: =I24*H24 -> 12.42
G25: TOTAL DE SERVIÇOS: | J25: =SUM(J22:J24) -> 52.515449
G26: CUSTO UNITÁRIO DO SERVIÇO (SEM BDI): | J26: 384.33
A28: ='PLANILHA ORÇAMENTÁRIA'!A15 -> 1.1.2. | B28: ='PLANILHA ORÇAMENTÁRIA'!B15 -> SICOR/ SEINFRA | C28: ='PLANILHA ORÇAMENTÁRIA'!C15 -> ED-50155 | D28: ='PLANILHA ORÇAMENTÁRIA'!D15 -> LOCAÇÃO DE BANHEIRO QUÍMICO, DIMENSÃO (110X120X230)CM, LINHA PADRÃO, CONTENDO UMA (1) PIA/HIGIENIZADOR DE MÃOS, INCLUSIVE MANUTENÇÃO E MOBILIZAÇÃO/DESMOBILIZAÇÃO | I28: ='PLANILHA ORÇAMENTÁRIA'!E15 -> MÊS
D29: MATERIAIS: | G29: UNIDADE | H29: COEFICIENTE | I29: CUSTO UNITÁRIO | J29: CUSTO TOTAL
D30: Ü MATED-11195 BANHEIRO QUÍMICO (PERÍODO DE LOCAÇÃO: MENSAL|LINHA: PADRÃO [STANDARD]|PIA: INCLUSO|LARGURA EXTERNA: 110CM|PROFUNDIDADE EXTERNA: 120CM|ALTURA EXTERNA: 230CM|PESO*: 85KG |CAPACIDADE DEJETOS*: 227L|MANUTENÇÃO: INCLUSO| MOBILIZAÇÃO/DESMOBILIZAÇÃO: INCLUSO) *VALORES REFERENCIAIS APROXIMADOS | G30: MÊS | H30: 1 | I30: 980 | J30: =H30*I30 -> 980
G31: TOTAL DE MATERIAIS: | J31: =J30 -> 980
G32: CUSTO UNITÁRIO DO SERVIÇO (SEM BDI): | J32: =J31 -> 980
A34: ='PLANILHA ORÇAMENTÁRIA'!A16 -> 1.1.3. | B34: ='PLANILHA ORÇAMENTÁRIA'!B16 -> SICOR/ SEINFRA | C34: ='PLANILHA ORÇAMENTÁRIA'!C16 -> ED-27006 | D34: ='PLANILHA ORÇAMENTÁRIA'!D16 -> CONE PARA SINALIZAÇÃO/ISOLAMENTO DE ÁREAS, ALTURA 75CM, INCLUSIVE FORNECIMENTO E MOVIMENTAÇÃO | I34: ='PLANILHA ORÇAMENTÁRIA'!E16 -> U
D35: MATERIAIS: | G35: UNIDADE | H35: COEFICIENTE | I35: CUSTO UNITÁRIO | J35: CUSTO TOTAL
D36: Ü MATED-11228 CONE (MATERIAL: PLÁSTICO|ALTURA: 75CM|COR: LARANJA/BRANCO OU PRETO/AMARELO) | G36: U | H36: 0.0333333 | I36: 32 | J36: 1.0667
G37: TOTAL DE MATERIAIS: | J37: =J36 -> 1.0667
D38: SERVIÇOS: | G38: UNIDADE | H38: COEFICIENTE | I38: CUSTO UNITÁRIO | J38: CUSTO TOTAL
D39: Ü ED-50367 SERVENTE COM ENCARGOS COMPLEMENTARES | G39: H | H39: 0.1833333 | I39: 24.89 | J39: =H39*I39 -> 4.5631658
G40: TOTAL DE SERVIÇOS: | J40: =J39 -> 4.5631658
G41: CUSTO UNITÁRIO DO SERVIÇO (SEM BDI): | J41: =SUM(J37,J40) -> 5.6298658
A43: ='PLANILHA ORÇAMENTÁRIA'!A17 -> 1.2. | D43: ='PLANILHA ORÇAMENTÁRIA'!D17 -> SERVIÇOS EM TERRA E REMOÇÕES
A44: ='PLANILHA ORÇAMENTÁRIA'!A18 -> 1.2.1. | B44: ='PLANILHA ORÇAMENTÁRIA'!B18 -> SICOR/ SEINFRA | C44: ='PLANILHA ORÇAMENTÁRIA'!C18 -> ED-50701 | D44: ='PLANILHA ORÇAMENTÁRIA'!D18 -> CAPINA MANUAL DO TERRENO, EXCLUSIVE RASTELAMENTO E QUEIMA | I44: ='PLANILHA ORÇAMENTÁRIA'!E18 -> M2
D45: SERVIÇOS: | G45: UNIDADE | H45: COEFICIENTE | I45: CUSTO UNITÁRIO | J45: CUSTO TOTAL
D46: Ü ED-50367 SERVENTE COM ENCARGOS COMPLEMENTARES | G46: H | H46: 0.0666666 | I46: 24.89 | J46: =I46*H46 -> 1.6593317
G47: TOTAL DE SERVIÇOS: | J47: =J46 -> 1.6593317
G48: CUSTO UNITÁRIO DO SERVIÇO (SEM BDI): | J48: =J47 -> 1.6593317
A50: ='PLANILHA ORÇAMENTÁRIA'!A19 -> 1.2.2. | B50: ='PLANILHA ORÇAMENTÁRIA'!B19 -> SICRO/DNIT | C50: ='PLANILHA ORÇAMENTÁRIA'!C19 -> 4011212 | D50: ='PLANILHA ORÇAMENTÁRIA'!D19 -> VARREDURA DA SUPERFÍCIE PARA EXECUÇÃO DE REVESTIMENTO ASFÁLTICO | I50: ='PLANILHA ORÇAMENTÁRIA'!E19 -> M2
D51: EQUIPAMENTOS: | G51: QUANTIDADE | H51: UTILIZAÇÃO | I51: CUSTO HORÁRIO | J51: CUSTO H. TOTAL
D52: Ü E 9577: TRATOR AGRÍCOLA SOBRE PNEUS - 77KW | G52: 1 | H52: OPERAT. 1,00 IMPRODUT. 0,00 | I52: PRODUT. 192,7029 IMPRODUT. 69,7906 | J52: 192.7029
D53: Ü E 9544: VASSOURA MECÂNICA REBOCÁVEL COM LARGURA DE 2,44 M | G53: 1 | H53: OPERAT. 1,00 IMPRODUT. 0,00 | I53: PRODUT. 16,0633 IMPRODUT. 10,2371 | J53: 16.0633
G54: CUSTO HORÁRIO TOTAL DE EQUIPAMENTOS: | J54: 208.7662
D55: MÃO DE OBRA: | G55: -
G56: CUSTO HORÁRIO TOTAL DE MÃO DE OBRA: | J56: -
G57: CUSTO HORÁRIO TOTAL DE EXECUÇÃO: | J57: =J54 -> 208.7662
G58: CUSTO UNITÁRIO DE EXECUÇÃO: | J58: 0.0859
G59: CUSTO DO FIC: | J59: 0.0039
D60: MATERIAL: | G60: -
D61: ATIVIDADES AUXILIARES: | G61: -
D62: TEMPO FIXO: | G62: -
D63: MOMENTO DE TRANSPORTE: | G63: -
G64: CUSTO UNITÁRIO DO SERVIÇO (SEM BDI): | J64: =J58 -> 0.0859
A66: ='PLANILHA ORÇAMENTÁRIA'!A20 -> 1.2.3. | B66: ='PLANILHA ORÇAMENTÁRIA'!B20 -> SINAPI | C66: ='PLANILHA ORÇAMENTÁRIA'!C20 -> 106167 | D66: ='PLANILHA ORÇAMENTÁRIA'!D20 -> LIMPEZA DE RUA COM CAMINHÃO PIPA. AF_10/2025 | I66: ='PLANILHA ORÇAMENTÁRIA'!E20 -> M2
D67: EQUIPAMENTOS: | G67: UNIDADE | H67: COEFICIENTE | I67: CUSTO UNITÁRIO | J67: CUSTO TOTAL
D68: Ü C 6259 CAMINHÃO PIPA 6.000 L, PESO BRUTO TOTAL 13.000 KG, DISTÂNCIA ENTRE EIXOS 4,80 M, POTÊNCIA 189 CV INCLUSIVE TANQUE DE AÇO PARA TRANSPORTE DE ÁGUA, CAPACIDADE 6 M3 - CHP DIURNO. AF_06/2014 | G68: CHP | H68: 0.0001523 | I68: 273 | J68: =I68*H68 -> 0.0415779
D69: Ü C 6260 CAMINHÃO PIPA 6.000 L, PESO BRUTO TOTAL 13.000 KG, DISTÂNCIA ENTRE EIXOS 4,80 M, POTÊNCIA 189 CV INCLUSIVE TANQUE DE AÇO PARA TRANSPORTE DE ÁGUA, CAPACIDADE 6 M3 - CHI DIURNO. AF_06/2014 | G69: CHI | H69: 0.000292 | I69: 68.49 | J69: =I69*H69 -> 0.01999908
G70: TOTAL DE EQUIPAMENTOS: | J70: =SUM(J68:J69) -> 0.06157698
D71: SERVIÇOS: | G71: UNIDADE | H71: COEFICIENTE | I71: CUSTO UNITÁRIO | J71: CUSTO TOTAL
D72: Ü C 101007 CARGA DE ÁGUA EM CAMINHÃO PIPA 6 M³. AF_02/2026 | G72: M³ | H72: 0.002 | I72: 12.34 | J72: =I72*H72 -> 0.02468
D73: Ü C 88316 SERVENTE COM ENCARGOS COMPLEMENTARES | G73: H | H73: 0.0004443 | I73: 24.88 | J73: =I73*H73 -> 0.011054184
G74: TOTAL DE SERVIÇOS: | J74: =SUM(J72:J73) -> 0.035734184
G75: CUSTO UNITÁRIO DO SERVIÇO (SEM BDI): | J75: 0.08
A77: ='PLANILHA ORÇAMENTÁRIA'!A21 -> 1.2.4. | B77: ='PLANILHA ORÇAMENTÁRIA'!B21 -> SICOR/ SEINFRA | C77: ='PLANILHA ORÇAMENTÁRIA'!C21 -> ED-51131 | D77: ='PLANILHA ORÇAMENTÁRIA'!D21 -> CARGA MANUAL DE MATERIAL DE QUALQUER NATUREZA SOBRE CAMINHÃO, EXCLUSIVE TRANSPORTE | I77: ='PLANILHA ORÇAMENTÁRIA'!E21 -> M3
D78: SERVIÇOS: | G78: UNIDADE | H78: COEFICIENTE | I78: CUSTO UNITÁRIO | J78: CUSTO TOTAL
D79: Ü ED-50367 SERVENTE COM ENCARGOS COMPLEMENTARES | G79: H | H79: 2 | I79: 24.89 | J79: =I79*H79 -> 49.78
G80: TOTAL DE SERVIÇOS: | J80: =J79 -> 49.78
G81: CUSTO UNITÁRIO DO SERVIÇO (SEM BDI): | J81: =J80 -> 49.78
A83: ='PLANILHA ORÇAMENTÁRIA'!A22 -> 1.2.5. | B83: ='PLANILHA ORÇAMENTÁRIA'!B22 -> SINAPI | C83: ='PLANILHA ORÇAMENTÁRIA'!C22 -> 104790 | D83: ='PLANILHA ORÇAMENTÁRIA'!D22 -> DEMOLIÇÃO DE PISO DE CONCRETO SIMPLES, DE FORMA MECANIZADA COM MARTELETE, SEM REAPROVEITAMENTO. AF_09/2023 | I83: ='PLANILHA ORÇAMENTÁRIA'!E22 -> M3
D84: EQUIPAMENTOS: | G84: UNIDADE | H84: COEFICIENTE | I84: CUSTO UNITÁRIO | J84: CUSTO TOTAL
D85: Ü C 5795 MARTELETE OU ROMPEDOR PNEUMÁTICO MANUAL, 28 KG, COM SILENCIADOR - CHP DIURNO. AF_07/2016 | G85: CHP | H85: 1.137 | I85: 30.46 | J85: =I85*H85 -> 34.63302
D86: Ü C 5952 MARTELETE OU ROMPEDOR PNEUMÁTICO MANUAL, 28 KG, COM SILENCIADOR - CHI DIURNO. AF_07/2016 | G86: CHI | H86: 0.8695 | I86: 30.04 | J86: =I86*H86 -> 26.11978
D87: Ü C 90964 COMPRESSOR DE AR REBOCÁVEL, VAZÃO 89 PCM, PRESSÃO EFETIVA DE TRABALHO 102 PSI, MOTOR DIESEL, POTÊNCIA 20 CV - CHP DIURNO. AF_06/2015 | G87: CHP | H87: 1.137 | I87: 33.49 | J87: =I87*H87 -> 38.07813
D88: Ü C 90965 COMPRESSOR DE AR REBOCÁVEL, VAZÃO 89 PCM, PRESSÃO EFETIVA DE TRABALHO 102 PSI, MOTOR DIESEL, POTÊNCIA 20 CV - CHI DIURNO. AF_06/2015 | G88: CHI | H88: 0.8695 | I88: 8.9 | J88: =I88*H88 -> 7.73855
G89: TOTAL DE EQUIPAMENTOS: | J89: =SUM(J85:J88) -> 106.56948
D90: SERVIÇOS: | G90: UNIDADE | H90: COEFICIENTE | I90: CUSTO UNITÁRIO | J90: CUSTO TOTAL
D91: Ü C 88309 PEDREIRO COM ENCARGOS COMPLEMENTARES | G91: H | H91: 0.0722 | I91: 33.62 | J91: =I91*H91 -> 2.427364
D92: Ü C 88316 SERVENTE COM ENCARGOS COMPLEMENTARES | G92: H | H92: 0.4479 | I92: 24.88 | J92: =I92*H92 -> 11.143752
G93: TOTAL DE SERVIÇOS: | J93: =SUM(J91:J92) -> 13.571116
G94: CUSTO UNITÁRIO DO SERVIÇO (SEM BDI): | J94: 120.1
A96: ='PLANILHA ORÇAMENTÁRIA'!A23 -> 1.2.6. | B96: ='PLANILHA ORÇAMENTÁRIA'!B23 -> SICOR/ SEINFRA | C96: ='PLANILHA ORÇAMENTÁRIA'!C23 -> ED-48492 | D96: ='PLANILHA ORÇAMENTÁRIA'!D23 -> DEMOLIÇÃO MECANIZADA DE REVESTIMENTO ASFÁLTICO, COM EQUIPAMENTO PNEUMÁTICO, INCLUSIVE AFASTAMENTO E EMPILHAMENTO, EXCLUSIVE TRANSPORTE E RETIRADA DO MATERIAL DEMOLIDO | I96: ='PLANILHA ORÇAMENTÁRIA'!E22 -> M3
D97: EQUIPAMENTOS: | G97: QUANTIDADE | H97: UTILIZAÇÃO | I97: CUSTO HORÁRIO | J97: CUSTO H. TOTAL
D98: Ü EQED-23053 COMPRESSOR REBOCÁVEL (PESO*: 1.230-1.300KG | FAIXA DE POTÊNCIA*: 43,3-48,5KW | CONSUMO*: 237-250PCM | CAPACIDADE: 105L | ALIMENTAÇÃO: DIESEL | REFERÊNCIA: 36522 OU EQUIVALENTE | OPERADOR: NÃO INCLUSO)*VALORES APROXIMADOS | G98: 1 | H98: PRODUT. 1,00 IMPRODUT. 0,00 | I98: PRODUT. 90,7227 IMPRODUT. 8,3591 | J98: 90.7227
D99: Ü EQED-23067 MARTELO ROMPEDOR (PESO:28KG | GOLPES POR MINUTO: 1230-1500GPM | ALIMENTAÇÃO: PNEUMÁTICO | REFERÊNCIA: E9706 OU EQUIVALENTE | OPERADOR: NÃO INCLUSO) | G99: 1 | H99: PRODUT. 1,00 IMPRODUT. 0,00 | I99: PRODUT. 3,0320 IMPRODUT. 1,6732 | J99: 3.032
G100: TOTAL DE EQUIPAMENTOS: | J100: 93.7547
G101: PRODUÇÃO DA EQUIPE: | J101: 11.5
G102: CUSTO UNITÁRIO DA EXECUÇÃO: | J102: 8.1526
D103: MATERIAIS: | G103: UNIDADE | H103: COEFICIENTE | I103: CUSTO UNITÁRIO | J103: CUSTO TOTAL
D104: Ü MATED-11962 PONTEIRO PARA ROMPEDOR (COMPRIMENTO*: 400MM | DIÂMETRO DA SEÇÃO: 18MM | PESO*: 0,6KG)*VALORES REFERENCIAIS APROXIMADOS | G104: U | H104: 0.0025 | I104: 62.52 | J104: =I104*H104 -> 0.1563
G105: TOTAL DE MATERIAIS: | J105: =J104 -> 0.1563
D106: SERVIÇOS: | G106: UNIDADE | H106: COEFICIENTE | I106: CUSTO UNITÁRIO | J106: CUSTO TOTAL
D107: Ü ED-50367 SERVENTE COM ENCARGOS COMPLEMENTARES | G107: H | H107: 0.0869565 | I107: 24.89 | J107: =I107*H107 -> 2.1643473
D108: Ü ED-50381 PEDREIRO COM ENCARGOS COMPLEMENTARES | G108: H | H108: 0.026087 | I108: 33.63 | J108: =I108*H108 -> 0.87730581
G109: TOTAL DE SERVIÇOS: | J109: 3.0416
G110: CUSTO UNITÁRIO DO SERVIÇO (SEM BDI): | J110: 11.35
...

Sheet CRONOGRAMA (LOTE 01)
A2: CRONOGRAMA FÍSICO-FINANCEIRO - LOTE 01
A3: PROPONENTE: PREFEITURA MUNICIPAL DE PONTE NOVA | C3: VALOR DO RECURSO (LOTE 01): | D3: =D19 -> 185175.52 | E3: DATA: | G3: =TODAY() -> 46290
A4: OBJETO: EXECUÇÃO DE OBRAS DE PAVIMENTAÇÃO ASFÁLTICA EM CBUQ EM VIAS PÚBLICAS | E4: PREVISÃO DE EXECUÇÃO DAS OBRAS: 2 MESES
A6: LOCAL: VIAS URBANAS DO MUNICÍPIO DE PONTE NOVA/MG
A7: ITENS | B7: ETAPAS/DESCRIÇÃO | C7: FÍSICO/ FINANCEIRO | D7: TOTAL ETAPAS | E7: MÊS 1 | F7: MÊS 2 | G7: MÊS 3 | H7: MÊS 4 | I7: MÊS 5 | J7: MÊS 6 | K7: MÊS 7
A8: ='PLANILHA ORÇAMENTÁRIA'!A11:H11 -> Lote 01: Execução de Revestimento Asfáltico e Drenagem Superficial em Vias Urbanas
A9: ='PLANILHA ORÇAMENTÁRIA'!A12 -> 1. | B9: ='PLANILHA ORÇAMENTÁRIA'!D12 -> R. Tiradentes, Esplanada
A10: ='PLANILHA ORÇAMENTÁRIA'!A13 -> 1.1. | B10: ='PLANILHA ORÇAMENTÁRIA'!D13 -> SERVIÇOS PRELIMINARES | C10: Físico % | D10: =D11/D19 -> 0.019917644 | E10: 0.8 | F10: 0.2
C11: Financeiro | D11: ='PLANILHA ORÇAMENTÁRIA'!I13 -> 3688.26 | E11: =E10*$D$11 -> 2950.608 | F11: =F10*$D$11 -> 737.652
A12: ='PLANILHA ORÇAMENTÁRIA'!A17 -> 1.2. | B12: ='PLANILHA ORÇAMENTÁRIA'!D17 -> SERVIÇOS EM TERRA E REMOÇÕES | C12: Físico % | D12: =D13/D19 -> 0.052796288 | E12: 1 | F12: 0
C13: Financeiro | D13: ='PLANILHA ORÇAMENTÁRIA'!I17 -> 9776.58 | E13: =E12*$D$13 -> 9776.58 | F13: =F12*$D$13 -> 0
A14: ='PLANILHA ORÇAMENTÁRIA'!A26 -> 1.3. | B14: ='PLANILHA ORÇAMENTÁRIA'!D26 -> SERVIÇOS DE PAVIMENTAÇÃO ASFÁLTICA | C14: Físico % | D14: =D15/D19 -> 0.75793102 | E14: 0.8 | F14: 0.2
C15: Financeiro | D15: ='PLANILHA ORÇAMENTÁRIA'!I26 -> 140350.27 | E15: =E14*$D$15 -> 112280.22 | F15: =F14*$D$15 -> 28070.054
A16: ='PLANILHA ORÇAMENTÁRIA'!A32 -> 1.4. | B16: ='PLANILHA ORÇAMENTÁRIA'!D32 -> SERVIÇOS DE DRENAGEM SUPERFICIAL | C16: Físico % | D16: =D17/D19 -> 0.16935505 | E16: 0.6 | F16: 0.4
C17: Financeiro | D17: ='PLANILHA ORÇAMENTÁRIA'!I32 -> 31360.41 | E17: =E16*$D$17 -> 18816.246 | F17: =F16*$D$17 -> 12544.164
A18: TOTAL | C18: Físico % | D18: =D10+D12+D14+D16 -> 1 | E18: =E19/D19 -> 0.77668825 | F18: =F19/D19 -> 0.22331175
C19: Financeiro | D19: =D11+D13+D15+D17 -> 185175.52 | E19: =E11+E13+E15+E17 -> 143823.65 | F19: =F11+F13+F15+F17 -> 41351.87
K20: Observações:
B23: ='[2]Memória de Cálculo'!D42 -> Luiz Felipe Sarti Neves | E23: Milton Teodoro Irias Junior
B24: Engenheiro Civil - CREA/MG Nº: 396.696/D | E24: Prefeito Municipal de Ponte Nova

Sheet CRONOGRAMA (LOTE 02)
A2: CRONOGRAMA FÍSICO-FINANCEIRO - LOTE 02
A3: PROPONENTE: PREFEITURA MUNICIPAL DE PONTE NOVA | C3: VALOR DO RECURSO (LOTE 02): | D3: =D19 -> 156149.13 | E3: DATA: | G3: =TODAY() -> 46290
A4: OBJETO: EXECUÇÃO DE OBRAS DE PAVIMENTAÇÃO ASFÁLTICA EM CBUQ EM VIAS PÚBLICAS | E4: PREVISÃO DE EXECUÇÃO DAS OBRAS: 3 MESES
A6: LOCAL: VIAS URBANAS DO MUNICÍPIO DE PONTE NOVA/MG
A7: ITENS | B7: ETAPAS/DESCRIÇÃO | C7: FÍSICO/ FINANCEIRO | D7: TOTAL ETAPAS | E7: MÊS 1 | F7: MÊS 2 | G7: MÊS 3 | H7: MÊS 4 | I7: MÊS 5 | J7: MÊS 6 | K7: MÊS 7
A8: ='PLANILHA ORÇAMENTÁRIA'!A37:H37 -> Lote 02: Execução de Revestimento Asfáltico e Drenagem Superficial em Vias Urbanas, com Execução de Base e Sub-base
A9: ='PLANILHA ORÇAMENTÁRIA'!A38 -> 1. | B9: ='PLANILHA ORÇAMENTÁRIA'!D38 -> R. Waldemar Gomes da Silva, Triângulo Novo
A10: ='PLANILHA ORÇAMENTÁRIA'!A39 -> 1.1. | B10: ='PLANILHA ORÇAMENTÁRIA'!D39 -> SERVIÇOS PRELIMINARES | C10: Físico % | D10: =D11/D19 -> 0.031276895 | E10: 0.5 | F10: 0.25 | G10: 0.25
C11: Financeiro | D11: ='PLANILHA ORÇAMENTÁRIA'!I39 -> 4883.86 | E11: =E10*$D$11 -> 2441.93 | F11: =F10*$D$11 -> 1220.965 | G11: =G10*$D$11 -> 1220.965
A12: ='PLANILHA ORÇAMENTÁRIA'!A43 -> 1.2. | B12: ='PLANILHA ORÇAMENTÁRIA'!D43 -> SERVIÇOS EM TERRA E REMOÇÕES | C12: Físico % | D12: =D13/D19 -> 0.21941249 | E12: 1 | F12: 0 | G12: 0
C13: Financeiro | D13: ='PLANILHA ORÇAMENTÁRIA'!I43 -> 34261.07 | E13: =E12*$D$13 -> 34261.07 | F13: =F12*$D$13 -> 0 | G13: =G12*$D$13 -> 0
A14: ='PLANILHA ORÇAMENTÁRIA'!A59 -> 1.3. | B14: ='PLANILHA ORÇAMENTÁRIA'!D59 -> SERVIÇOS DE PAVIMENTAÇÃO ASFÁLTICA | C14: Físico % | D14: =D15/D19 -> 0.66704624 | E14: 0 | F14: 0.8 | G14: 0.2
C15: Financeiro | D15: ='PLANILHA ORÇAMENTÁRIA'!I59 -> 104158.69 | E15: =E14*$D$15 -> 0 | F15: =F14*$D$15 -> 83326.952 | G15: =G14*$D$15 -> 20831.738
A16: ='PLANILHA ORÇAMENTÁRIA'!A68 -> 1.4. | B16: ='PLANILHA ORÇAMENTÁRIA'!D68 -> SERVIÇOS DE DRENAGEM SUPERFICIAL | C16: Físico % | D16: =D17/D19 -> 0.082264371 | E16: 0 | F16: 0.6 | G16: 0.4
C17: Financeiro | D17: ='PLANILHA ORÇAMENTÁRIA'!I68 -> 12845.51 | E17: =E16*$D$17 -> 0 | F17: =F16*$D$17 -> 7707.306 | G17: =G16*$D$17 -> 5138.204
A18: TOTAL | C18: Físico % | D18: =D10+D12+D14+D16 -> 1 | E18: =E19/D19 -> 0.23505094 | F18: =F19/D19 -> 0.59081484 | G18: =G19/D19 -> 0.17413422
C19: Financeiro | D19: =D11+D13+D15+D17 -> 156149.13 | E19: =E11+E13+E15+E17 -> 36703 | F19: =F11+F13+F15+F17 -> 92255.223 | G19: =G11+G13+G15+G17 -> 27190.907
K20: Observações:
B23: ='[2]Memória de Cálculo'!D42 -> Luiz Felipe Sarti Neves | E23: Milton Teodoro Irias Junior
B24: Engenheiro Civil - CREA/MG Nº: 396.696/D | E24: Prefeito Municipal de Ponte Nova

Sheet CRONOGRAMA (LOTE 03)
A2: CRONOGRAMA FÍSICO-FINANCEIRO - LOTE 03
A3: PROPONENTE: PREFEITURA MUNICIPAL DE PONTE NOVA | C3: VALOR DO RECURSO (LOTE 02): | D3: =D19 -> 546846.17 | E3: DATA: | G3: =TODAY() -> 46290
A4: OBJETO: EXECUÇÃO DE OBRAS DE PAVIMENTAÇÃO ASFÁLTICA EM CBUQ EM VIAS PÚBLICAS | E4: PREVISÃO DE EXECUÇÃO DAS OBRAS: 4 MESES
A6: LOCAL: VIAS URBANAS DO MUNICÍPIO DE PONTE NOVA/MG
A7: ITENS | B7: ETAPAS/DESCRIÇÃO | C7: FÍSICO/ FINANCEIRO | D7: TOTAL ETAPAS | E7: MÊS 1 | F7: MÊS 2 | G7: MÊS 3 | H7: MÊS 4 | I7: MÊS 5 | J7: MÊS 6 | K7: MÊS 7
A8: Lote 03: Execução de Revestimento Asfáltico e Drenagem Superficial em Vias Urbanas, com Execução de Base e Sub-base
A9: ='PLANILHA ORÇAMENTÁRIA'!A74 -> 1. | B9: ='PLANILHA ORÇAMENTÁRIA'!D74 -> R. Santa Lúcia, Rosário do Pontal
A10: ='PLANILHA ORÇAMENTÁRIA'!A75 -> 1.1. | B10: ='PLANILHA ORÇAMENTÁRIA'!D75 -> SERVIÇOS PRELIMINARES | C10: Físico % | D10: =D11/D19 -> 0.011305757 | E10: 0.5 | F10: 0.1667 | G10: 0.1667 | H10: 0.1666
C11: Financeiro | D11: ='PLANILHA ORÇAMENTÁRIA'!I75 -> 6182.51 | E11: =E10*$D$11 -> 3091.255 | F11: =F10*$D$11 -> 1030.6244 | G11: =G10*$D$11 -> 1030.6244 | H11: =H10*$D$11 -> 1030.0062
A12: ='PLANILHA ORÇAMENTÁRIA'!A79 -> 1.2. | B12: ='PLANILHA ORÇAMENTÁRIA'!D79 -> SERVIÇOS EM TERRA E REMOÇÕES | C12: Físico % | D12: =D13/D19 -> 0.17009619 | E12: 0.2 | F12: 0.8 | G12: 0 | H12: 0
C13: Financeiro | D13: ='PLANILHA ORÇAMENTÁRIA'!I79 -> 93016.45 | E13: =E12*$D$13 -> 18603.29 | F13: =F12*$D$13 -> 74413.16 | G13: =G12*$D$13 -> 0 | H13: =H12*$D$13 -> 0
A14: ='PLANILHA ORÇAMENTÁRIA'!A95 -> 1.3. | B14: ='PLANILHA ORÇAMENTÁRIA'!D95 -> SERVIÇOS DE PAVIMENTAÇÃO ASFÁLTICA | C14: Físico % | D14: =D15/D19 -> 0.66493466 | E14: 0 | F14: 0.7 | G14: 0.3 | H14: 0
C15: Financeiro | D15: ='PLANILHA ORÇAMENTÁRIA'!I95 -> 363616.97 | E15: =E14*$D$15 -> 0 | F15: =F14*$D$15 -> 254531.88 | G15: =G14*$D$15 -> 109085.09 | H15: =H14*$D$15 -> 0
A16: ='PLANILHA ORÇAMENTÁRIA'!A107 -> 1.4. | B16: ='PLANILHA ORÇAMENTÁRIA'!D107 -> SERVIÇOS DE DRENAGEM SUPERFICIAL | C16: Físico % | D16: =D17/D19 -> 0.1536634 | E16: 0 | F16: 0 | G16: 0.6 | H16: 0.4
C17: Financeiro | D17: ='PLANILHA ORÇAMENTÁRIA'!I107 -> 84030.24 | E17: =E16*$D$17 -> 0 | F17: =F16*$D$17 -> 0 | G17: =G16*$D$17 -> 50418.144 | H17: =H16*$D$17 -> 33612.096
A18: TOTAL | C18: Físico % | D18: =D10+D12+D14+D16 -> 1 | E18: =E19/D19 -> 0.039672117 | F18: =F19/D19 -> 0.60341588 | G18: =G19/D19 -> 0.2935631 | H18: =H19/D19 -> 0.063348898
C19: Financeiro | D19: =D11+D13+D15+D17 -> 546846.17 | E19: =E11+E13+E15+E17 -> 21694.545 | F19: =F11+F13+F15+F17 -> 329975.66 | G19: =G11+G13+G15+G17 -> 160533.86 | H19: =H11+H13+H15+H17 -> 34642.102
K20: Observações:
B23: ='[2]Memória de Cálculo'!D42 -> Luiz Felipe Sarti Neves | E23: Milton Teodoro Irias Junior
B24: Engenheiro Civil - CREA/MG Nº: 396.696/D | E24: Prefeito Municipal de Ponte Nova

Sheet CURVA ABC (LOTE 01)
A2: PROPONENTE/TOMADOR: PREFEITURA MUNICIPAL DE PONTE NOVA | F2: FOLHA Nº: | H2: 01/01. | J2: CURVA ABC (LOTE 01)
A3: OBJETO: EXECUÇÃO DE OBRAS DE PAVIMENTAÇÃO ASFÁLTICA EM CBUQ EM VIAS PÚBLICAS | F3: DATA: | H3: =TODAY() -> 46290
A4: LOCAL: VIAS URBANAS DO MUNICÍPIO DE PONTE NOVA/MG | F4: FORMA DE EXECUÇÃO:
A5: REGIÃO/MÊS DE REFERÊNCIA: TABELA SINAPI-MG - AGOSTO/2026 - SEM DESONERAÇÃO / TABELA SICOR/SEINFRA - REGIÃO LESTE - ABRIL/2026 - SEM DESONERAÇÃO / TABELA SUDECAP-MG - JULHO/2026 - SEM DESONERAÇÃO / TABELA SICRO/DNIT MG - ABRIL/2026 - SEM DESONERAÇÃO | F5: ( ) | G5: DIRETA | H5: ( X ) | I5: INDIRETA
A6: COMPOSIÇÃO DE BDI - EM ANEXO, OBTIDO DO ACÓRDÃO 2622/2013, DO TRIBUNAL DE CONTAS DA UNIÃO - TCU (CONSTRUÇÃO DE RODOVIAS E FERROVIAS) - QUARTIL MÉDIO. | F6: % ISS MUNICIPAL: | G6: 0.03 | H6: BDI: | I6: =BDI!D27 -> 0.22
A8: ITEM | B8: FONTE | C8: CÓDIGO | D8: DESCRIÇÃO | E8: UNIDADE | F8: QUANTIDADE | G8: PREÇO UNITÁRIO S/ BDI | H8: PREÇO UNITÁRIO C/ BDI | I8: PREÇO TOTAL | J8: % | K8: % ACUMULADA | L8: CLASSE
A9: Lote 01: Execução de Revestimento Asfáltico e Drenagem Superficial em Vias Urbanas
A10: 1.3.4. | B10: SINAPI | C10: 95995 | D10: EXECUÇÃO DE PAVIMENTO COM APLICAÇÃO DE CONCRETO ASFÁLTICO, CAMADA DE ROLAMENTO - EXCLUSIVE CARGA E TRANSPORTE. AF_10/2025 | E10: M3 | F10: 48.692106 | G10: 2152.94 | H10: 2626.59 | I10: 127894.2 | J10: =I10/$I$31 -> 0.69066473 | K10: =J10 -> 0.69066473 | L10: =IF(K10<=$C$35,$B$35,IF(K10<=$C$36,$B$36,$B$37)) -> A
A11: 1.4.3. | B11: SINAPI | C11: 94289 | D11: EXECUÇÃO DE SARJETA DE CONCRETO USINADO, MOLDADA IN LOCO EM TRECHO RETO, 45 CM BASE X 10 CM ALTURA. AF_01/2024 | E11: M | F11: 275.609 | G11: 47.22 | H11: 57.61 | I11: 15877.83 | J11: =I11/$I$31 -> 0.085744757 | K11: =K10+J11 -> 0.77640948 | L11: =IF(K11<=$C$35,$B$35,IF(K11<=$C$36,$B$36,$B$37)) -> A
A12: 1.4.1. | B12: SICOR/ SEINFRA | C12: ED-51141 | D12: GUIA DE MEIO-FIO, EM CONCRETO COM FCK 15MPA, MOLDADA INLOCO, SEÇÃO 15X45CM, FORMA EM MADEIRA, EXCLUSIVE SARJETA, INCLUSIVE ESCAVAÇÃO, APILOAMENTO E TRANSPORTE COM RETIRADA DO MATERIAL ESCAVADO (EM CAÇAMBA) | E12: M | F12: 80 | G12: 147.61 | H12: 180.08 | I12: 14406.4 | J12: =I12/$I$31 -> 0.07779862 | K12: =K11+J12 -> 0.8542081 | L12: =IF(K12<=$C$35,$B$35,IF(K12<=$C$36,$B$36,$B$37)) -> B
A13: 1.3.5. | B13: SICRO/DNIT | C13: 5914612 | D13: TRANSPORTE DE MISTURA BETUMINOSA A QUENTE COM CAMINHÃO COM CAÇAMBA TÉRMICA DE 6 M³ - RODOVIA PAVIMENTADA | E13: TXKM | F13: 5823.1863 | G13: 0.99 | H13: 1.21 | I13: 7046.06 | J13: =I13/$I$31 -> 0.03805071 | K13: =K12+J13 -> 0.89225881 | L13: =IF(K13<=$C$35,$B$35,IF(K13<=$C$36,$B$36,$B$37)) -> B
A14: 1.3.1. | B14: SUDECAP | C14: 20.12.01 | D14: PINTURA DE LIGAÇÃO COM RR-1C | E14: M2 | F14: 1623.0702 | G14: 2.66 | H14: 3.25 | I14: 5274.98 | J14: =I14/$I$31 -> 0.028486379 | K14: =K13+J14 -> 0.92074519 | L14: =IF(K14<=$C$35,$B$35,IF(K14<=$C$36,$B$36,$B$37)) -> B
A15: 1.2.5. | B15: SINAPI | C15: 104790 | D15: DEMOLIÇÃO DE PISO DE CONCRETO SIMPLES, DE FORMA MECANIZADA COM MARTELETE, SEM REAPROVEITAMENTO. AF_09/2023 | E15: M3 | F15: 20.3299 | G15: 120.1 | H15: 146.52 | I15: 2978.74 | J15: =I15/$I$31 -> 0.016086036 | K15: =K14+J15 -> 0.93683123 | L15: =IF(K15<=$C$35,$B$35,IF(K15<=$C$36,$B$36,$B$37)) -> B
A16: 1.2.4. | B16: SICOR/ SEINFRA | C16: ED-51131 | D16: CARGA MANUAL DE MATERIAL DE QUALQUER NATUREZA SOBRE CAMINHÃO, EXCLUSIVE TRANSPORTE | E16: M3 | F16: 46.70605 | G16: 49.78 | H16: 60.73 | I16: 2836.46 | J16: =I16/$I$31 -> 0.015317683 | K16: =K15+J16 -> 0.95214891 | L16: =IF(K16<=$C$35,$B$35,IF(K16<=$C$36,$B$36,$B$37)) -> C
A17: 1.1.2. | B17: SICOR/ SEINFRA | C17: ED-50155 | D17: LOCAÇÃO DE BANHEIRO QUÍMICO, DIMENSÃO (110X120X230)CM, LINHA PADRÃO, CONTENDO UMA (1) PIA/HIGIENIZADOR DE MÃOS, INCLUSIVE MANUTENÇÃO E MOBILIZAÇÃO/DESMOBILIZAÇÃO | E17: MÊS | F17: 2 | G17: 980 | H17: 1195.6 | I17: 2391.2 | J17: =I17/$I$31 -> 0.012913154 | K17: =K16+J17 -> 0.96506207 | L17: =IF(K17<=$C$35,$B$35,IF(K17<=$C$36,$B$36,$B$37)) -> C
A18: 1.2.1. | B18: SICOR/ SEINFRA | C18: ED-50701 | D18: CAPINA MANUAL DO TERRENO, EXCLUSIVE RASTELAMENTO E QUEIMA | E18: M2 | F18: 934.121 | G18: 1.66 | H18: 2.03 | I18: 1896.27 | J18: =I18/$I$31 -> 0.010240392 | K18: =K17+J18 -> 0.97530246 | L18: =IF(K18<=$C$35,$B$35,IF(K18<=$C$36,$B$36,$B$37)) -> C
A19: 1.2.8. | B19: SINAPI | C19: 97914 | D19: TRANSPORTE COM CAMINHÃO BASCULANTE DE 6 M³, EM VIA URBANA PAVIMENTADA, DMT ATÉ 30 KM (UNIDADE: M3XKM). AF_02/2026 | E19: M3XKM | F19: 430.25737 | G19: 3.31 | H19: 4.04 | I19: 1738.24 | J19: =I19/$I$31 -> 0.0093869859 | K19: =K18+J19 -> 0.98468944 | L19: =IF(K19<=$C$35,$B$35,IF(K19<=$C$36,$B$36,$B$37)) -> C
A20: 1.1.1. | B20: SINAPI | C20: 103689 | D20: FORNECIMENTO E INSTALAÇÃO DE PLACA DE OBRA COM CHAPA GALVANIZADA E ESTRUTURA DE MADEIRA. AF_03/2022_PS | E20: M2 | F20: 2.4 | G20: 384.33 | H20: 468.88 | I20: 1125.31 | J20: =I20/$I$31 -> 0.0060769912 | K20: =K19+J20 -> 0.99076644 | L20: =IF(K20<=$C$35,$B$35,IF(K20<=$C$36,$B$36,$B$37)) -> C
A21: 1.4.2. | B21: SUDECAP | C21: 19.22.04 | D21: ALTEAMENTO DE TAMPÃO DE POÇO DE VISITA EM ATÉ 20CM | E21: U | F21: 2 | G21: 441.06 | H21: 538.09 | I21: 1076.18 | J21: =I21/$I$31 -> 0.0058116753 | K21: =K20+J21 -> 0.99657811 | L21: =IF(K21<=$C$35,$B$35,IF(K21<=$C$36,$B$36,$B$37)) -> C
A22: 1.1.3. | B22: SICOR/ SEINFRA | C22: ED-27006 | D22: CONE PARA SINALIZAÇÃO/ISOLAMENTO DE ÁREAS, ALTURA 75CM, INCLUSIVE FORNECIMENTO E MOVIMENTAÇÃO | E22: U | F22: 25 | G22: 5.63 | H22: 6.87 | I22: 171.75 | J22: =I22/$I$31 -> 0.00092749841 | K22: =K21+J22 -> 0.99750561 | L22: =IF(K22<=$C$35,$B$35,IF(K22<=$C$36,$B$36,$B$37)) -> C
A23: 1.3.2. | B23: SINAPI | C23: 102332 | D23: TRANSPORTE COM CAMINHÃO TANQUE DE TRANSPORTE DE MATERIAL ASFÁLTICO DE 20000L, EM VIA URBANA PAVIMENTADA, DMT ATÉ 30KM (UNIDADE: TXKM). AF_07/2020 | E23: TXKM | F23: 43.822895 | G23: 2.02 | H23: 2.46 | I23: 107.8 | J23: =I23/$I$31 -> 0.00058215038 | K23: =K22+J23 -> 0.99808776 | L23: =IF(K23<=$C$35,$B$35,IF(K23<=$C$36,$B$36,$B$37)) -> C
A24: 1.2.2. | B24: SICRO/DNIT | C24: 4011212 | D24: VARREDURA DA SUPERFÍCIE PARA EXECUÇÃO DE REVESTIMENTO ASFÁLTICO | E24: M2 | F24: 934.121 | G24: 0.09 | H24: 0.11 | I24: 102.75 | J24: =I24/$I$31 -> 0.00055487896 | K24: =K23+J24 -> 0.99864264 | L24: =IF(K24<=$C$35,$B$35,IF(K24<=$C$36,$B$36,$B$37)) -> C
A25: 1.2.7. | B25: SICOR/ SEINFRA | C25: ED-51132 | D25: CARGA MECÂNICA DE MATERIAL DE QUALQUER NATUREZA SOBRE CAMINHÃO, EXCLUSIVE TRANSPORTE | E25: M3 | F25: 22.6903 | G25: 3.54 | H25: 4.32 | I25: 98.02 | J25: =I25/$I$31 -> 0.00052933563 | K25: =K24+J25 -> 0.99917197 | L25: =IF(K25<=$C$35,$B$35,IF(K25<=$C$36,$B$36,$B$37)) -> C
A26: 1.2.3. | B26: SINAPI | C26: 106167 | D26: LIMPEZA DE RUA COM CAMINHÃO PIPA. AF_10/2025 | E26: M2 | F26: 934.121 | G26: 0.08 | H26: 0.1 | I26: 93.41 | J26: =I26/$I$31 -> 0.00050444033 | K26: =K25+J26 -> 0.99967642 | L26: =IF(K26<=$C$35,$B$35,IF(K26<=$C$36,$B$36,$B$37)) -> C
A27: 1.2.6. | B27: SICOR/ SEINFRA | C27: ED-48492 | D27: DEMOLIÇÃO MECANIZADA DE REVESTIMENTO ASFÁLTICO, COM EQUIPAMENTO PNEUMÁTICO, INCLUSIVE AFASTAMENTO E EMPILHAMENTO, EXCLUSIVE TRANSPORTE E RETIRADA DO MATERIAL DEMOLIDO | E27: M2 | F27: 2.3604 | G27: 11.35 | H27: 13.85 | I27: 32.69 | J27: =I27/$I$31 -> 0.00017653521 | K27: =K26+J27 -> 0.99985295 | L27: =IF(K27<=$C$35,$B$35,IF(K27<=$C$36,$B$36,$B$37)) -> C
A28: 1.3.3. | B28: SINAPI | C28: 102333 | D28: TRANSPORTE COM CAMINHÃO TANQUE DE TRANSPORTE DE MATERIAL ASFÁLTICO DE 20000L, EM VIA URBANA PAVIMENTADA, ADICIONAL PARA DMT EXCEDENTE A 30 KM (UNIDADE: TXKM). AF_07/2020 | E28: TXKM | F28: 28.966934 | G28: 0.77 | H28: 0.94 | I28: 27.23 | J28: =I28/$I$31 -> 0.00014704967 | K28: =K27+J28 -> 1 | L28: =IF(K28<=$C$35,$B$35,IF(K28<=$C$36,$B$36,$B$37)) -> C
A30: TOTAL | I30: =SUM(#REF!,#REF!) -> #REF!
A31: TOTAL GERAL | I31: =SUM(I10:I28) -> 185175.52 | J31: =SUM(J10:J28) -> 1
B34: CLASSE | C34: CORTE
B35: A | C35: 0.8
B36: B | C36: 0.95
B37: C | C37: 1

Sheet CURVA ABC (LOTE 02)
A2: PROPONENTE/TOMADOR: PREFEITURA MUNICIPAL DE PONTE NOVA | F2: FOLHA Nº: | H2: 01/01. | J2: CURVA ABC (LOTE 02)
A3: OBJETO: EXECUÇÃO DE OBRAS DE PAVIMENTAÇÃO ASFÁLTICA EM CBUQ EM VIAS PÚBLICAS | F3: DATA: | H3: =TODAY() -> 46290
A4: LOCAL: VIAS URBANAS DO MUNICÍPIO DE PONTE NOVA/MG | F4: FORMA DE EXECUÇÃO:
A5: REGIÃO/MÊS DE REFERÊNCIA: TABELA SINAPI-MG - AGOSTO/2026 - SEM DESONERAÇÃO / TABELA SICOR/SEINFRA - REGIÃO LESTE - ABRIL/2026 - SEM DESONERAÇÃO / TABELA SUDECAP-MG - JULHO/2026 - SEM DESONERAÇÃO / TABELA SICRO/DNIT MG - ABRIL/2026 - SEM DESONERAÇÃO | F5: ( ) | G5: DIRETA | H5: ( X ) | I5: INDIRETA
A6: COMPOSIÇÃO DE BDI - EM ANEXO, OBTIDO DO ACÓRDÃO 2622/2013, DO TRIBUNAL DE CONTAS DA UNIÃO - TCU (CONSTRUÇÃO DE RODOVIAS E FERROVIAS) - QUARTIL MÉDIO. | F6: % ISS MUNICIPAL: | G6: 0.03 | H6: BDI: | I6: =BDI!D27 -> 0.22
A8: ITEM | B8: FONTE | C8: CÓDIGO | D8: DESCRIÇÃO | E8: UNIDADE | F8: QUANTIDADE | G8: PREÇO UNITÁRIO S/ BDI | H8: PREÇO UNITÁRIO C/ BDI | I8: PREÇO TOTAL | J8: % | K8: % ACUMULADA | L8: CLASSE
A9: Lote 02: Execução de Revestimento Asfáltico e Drenagem Superficial em Vias Urbanas, com Execução de Base e Sub-base
A10: 1.3.7. | B10: SINAPI | C10: 95995 | D10: EXECUÇÃO DE PAVIMENTO COM APLICAÇÃO DE CONCRETO ASFÁLTICO, CAMADA DE ROLAMENTO - EXCLUSIVE CARGA E TRANSPORTE. AF_10/2025 | E10: M3 | F10: 35.395248 | G10: 2152.94 | H10: 2626.59 | I10: 92968.8 | J10: =I10/$I$41 -> 0.59538468 | K10: =J10 -> 0.59538468 | L10: =IF(K10<=$C$45,$B$45,IF(K10<=$C$46,$B$46,$B$47)) -> A
A11: 1.2.12. | B11: SINAPI | C11: 105731 | D11: RECONSTRUÇÃO DE BASE E SUB-BASE PARA PAVIMENTAÇÃO DE BRITA GRADUADA SIMPLES, COM ESPESSURA DE 20 CM - EXCLUSIVE CARGA E TRANSPORTE. AF_09/2024 | E11: M3 | F11: 54.95744 | G11: 223.44 | H11: 272.6 | I11: 14981.4 | J11: =I11/$I$41 -> 0.095942898 | K11: =K10+J11 -> 0.69132758 | L11: =IF(K11<=$C$45,$B$45,IF(K11<=$C$46,$B$46,$B$47)) -> A
A12: 1.2.14. | B12: SINAPI | C12: 97914 | D12: TRANSPORTE COM CAMINHÃO BASCULANTE DE 6 M³, EM VIA URBANA PAVIMENTADA, DMT ATÉ 30 KM (UNIDADE: M3XKM). AF_02/2026 | E12: M3XKM | F12: 1846.57 | G12: 3.31 | H12: 4.04 | I12: 7460.14 | J12: =I12/$I$41 -> 0.047775738 | K12: =K11+J12 -> 0.73910332 | L12: =IF(K12<=$C$45,$B$45,IF(K12<=$C$46,$B$46,$B$47)) -> A
A13: 1.4.3. | B13: SINAPI | C13: 94289 | D13: EXECUÇÃO DE SARJETA DE CONCRETO USINADO, MOLDADA IN LOCO EM TRECHO RETO, 45 CM BASE X 10 CM ALTURA. AF_01/2024 | E13: M | F13: 104.5787 | G13: 47.22 | H13: 57.61 | I13: 6024.78 | J13: =I13/$I$41 -> 0.0385835 | K13: =K12+J13 -> 0.77768682 | L13: =IF(K13<=$C$45,$B$45,IF(K13<=$C$46,$B$46,$B$47)) -> A
A14: 1.4.1. | B14: SICOR/ SEINFRA | C14: ED-51141 | D14: GUIA DE MEIO-FIO, EM CONCRETO COM FCK 15MPA, MOLDADA INLOCO, SEÇÃO 15X45CM, FORMA EM MADEIRA, EXCLUSIVE SARJETA, INCLUSIVE ESCAVAÇÃO, APILOAMENTO E TRANSPORTE COM RETIRADA DO MATERIAL ESCAVADO (EM CAÇAMBA) | E14: M | F14: 31.9 | G14: 147.61 | H14: 180.08 | I14: 5744.55 | J14: =I14/$I$41 -> 0.03678887 | K14: =K13+J14 -> 0.81447569 | L14: =IF(K14<=$C$45,$B$45,IF(K14<=$C$46,$B$46,$B$47)) -> B
A15: 1.3.8. | B15: SICRO/DNIT | C15: 5914612 | D15: TRANSPORTE DE MISTURA BETUMINOSA A QUENTE COM CAMINHÃO COM CAÇAMBA TÉRMICA DE 6 M³ - RODOVIA PAVIMENTADA | E15: TXKM | F15: 4227.8916 | G15: 0.99 | H15: 1.21 | I15: 5115.75 | J15: =I15/$I$41 -> 0.03276195 | K15: =K14+J15 -> 0.84723764 | L15: =IF(K15<=$C$45,$B$45,IF(K15<=$C$46,$B$46,$B$47)) -> B
A16: 1.2.6. | B16: SINAPI | C16: 97635 | D16: REMOÇÃO DE PISO DE BLOCO INTERTRAVADO OU DE PEDRA PORTUGUESA, DE FORMA MANUAL, COM REAPROVEITAMENTO. AF_09/2023 | E16: M2 | F16: 211.7834 | G16: 17.71 | H16: 21.61 | I16: 4576.64 | J16: =I16/$I$41 -> 0.029309417 | K16: =K15+J16 -> 0.87654705 | L16: =IF(K16<=$C$45,$B$45,IF(K16<=$C$46,$B$46,$B$47)) -> B
A17: 1.1.2. | B17: SICOR/ SEINFRA | C17: ED-50155 | D17: LOCAÇÃO DE BANHEIRO QUÍMICO, DIMENSÃO (110X120X230)CM, LINHA PADRÃO, CONTENDO UMA (1) PIA/HIGIENIZADOR DE MÃOS, INCLUSIVE MANUTENÇÃO E MOBILIZAÇÃO/DESMOBILIZAÇÃO | E17: MÊS | F17: 3 | G17: 980 | H17: 1195.6 | I17: 3586.8 | J17: =I17/$I$41 -> 0.022970349 | K17: =K16+J17 -> 0.8995174 | L17: =IF(K17<=$C$45,$B$45,IF(K17<=$C$46,$B$46,$B$47)) -> B
A18: 1.3.4. | B18: SUDECAP | C18: 20.12.01 | D18: PINTURA DE LIGAÇÃO COM RR-1C | E18: M2 | F18: 925.8944 | G18: 2.66 | H18: 3.25 | I18: 3009.16 | J18: =I18/$I$41 -> 0.019271065 | K18: =K17+J18 -> 0.91878847 | L18: =IF(K18<=$C$45,$B$45,IF(K18<=$C$46,$B$46,$B$47)) -> B
A19: 1.3.1. | B19: SUDECAP | C19: 20.11.05 | D19: IMPRIMAÇÃO COM EMULSÃO ASFÁLTICA - EAI, LIMPEZA MANUAL | E19: M2 | F19: 253.9472 | G19: 9.61 | H19: 11.72 | I19: 2976.26 | J19: =I19/$I$41 -> 0.019060369 | K19: =K18+J19 -> 0.93784884 | L19: =IF(K19<=$C$45,$B$45,IF(K19<=$C$46,$B$46,$B$47)) -> B
A20: 1.2.4. | B20: SICOR/ SEINFRA | C20: ED-51131 | D20: CARGA MANUAL DE MATERIAL DE QUALQUER NATUREZA SOBRE CAMINHÃO, EXCLUSIVE TRANSPORTE | E20: M3 | F20: 21.728016 | G20: 49.78 | H20: 60.73 | I20: 1319.54 | J20: =I20/$I$41 -> 0.0084505114 | K20: =K19+J20 -> 0.94629935 | L20: =IF(K20<=$C$45,$B$45,IF(K20<=$C$46,$B$46,$B$47)) -> B
A21: 1.1.1. | B21: SINAPI | C21: 103689 | D21: FORNECIMENTO E INSTALAÇÃO DE PLACA DE OBRA COM CHAPA GALVANIZADA E ESTRUTURA DE MADEIRA. AF_03/2022_PS | E21: M2 | F21: 2.4 | G21: 384.33 | H21: 468.88 | I21: 1125.31 | J21: =I21/$I$41 -> 0.0072066364 | K21: =K20+J21 -> 0.95350598 | L21: =IF(K21<=$C$45,$B$45,IF(K21<=$C$46,$B$46,$B$47)) -> C
A22: 1.2.10. | B22: SINAPI | C22: 97914 | D22: TRANSPORTE COM CAMINHÃO BASCULANTE DE 6 M³, EM VIA URBANA PAVIMENTADA, DMT ATÉ 30 KM (UNIDADE: M3XKM). AF_02/2026 | E22: M3XKM | F22: 271.08651 | G22: 3.31 | H22: 4.04 | I22: 1095.19 | J22: =I22/$I$41 -> 0.0070137438 | K22: =K21+J22 -> 0.96051973 | L22: =IF(K22<=$C$45,$B$45,IF(K22<=$C$46,$B$46,$B$47)) -> C
A23: 1.4.2. | B23: SUDECAP | C23: 19.22.04 | D23: ALTEAMENTO DE TAMPÃO DE POÇO DE VISITA EM ATÉ 20CM | E23: U | F23: 2 | G23: 441.06 | H23: 538.09 | I23: 1076.18 | J23: =I23/$I$41 -> 0.0068920013 | K23: =K22+J23 -> 0.96741173 | L23: =IF(K23<=$C$45,$B$45,IF(K23<=$C$46,$B$46,$B$47)) -> C
A24: 1.2.8. | B24: SINAPI | C24: 101124 | D24: ESCAVAÇÃO HORIZONTAL EM SOLO DE 1A CATEGORIA COM TRATOR DE ESTEIRAS (100HP/LÂMINA: 2,19M3). AF_07/2020 | E24: M3 | F24: 54.95744 | G24: 15.66 | H24: 19.11 | I24: 1050.24 | J24: =I24/$I$41 -> 0.006725878 | K24: =K23+J24 -> 0.97413761 | L24: =IF(K24<=$C$45,$B$45,IF(K24<=$C$46,$B$46,$B$47)) -> C
A25: 1.2.11. | B25: SINAPI | C25: 100576 | D25: REGULARIZAÇÃO E COMPACTAÇÃO DE SUBLEITO COM SOLO PREDOMINANTEMENTE ARGILOSO, PARA OBRAS DE CONSTRUÇÃO DE PAVIMENTOS. AF_09/2024 | E25: M2 | F25: 274.7872 | G25: 2.94 | H25: 3.59 | I25: 986.49 | J25: =I25/$I$41 -> 0.0063176144 | K25: =K24+J25 -> 0.98045522 | L25: =IF(K25<=$C$45,$B$45,IF(K25<=$C$46,$B$46,$B$47)) -> C
A26: 1.2.5. | B26: SINAPI | C26: 104790 | D26: DEMOLIÇÃO DE PISO DE CONCRETO SIMPLES, DE FORMA MECANIZADA COM MARTELETE, SEM REAPROVEITAMENTO. AF_09/2023 | E26: M3 | F26: 5.58515 | G26: 120.1 | H26: 146.52 | I26: 818.34 | J26: =I26/$I$41 -> 0.0052407593 | K26: =K25+J26 -> 0.98569598 | L26: =IF(K26<=$C$45,$B$45,IF(K26<=$C$46,$B$46,$B$47)) -> C
A27: 1.2.1. | B27: SICOR/ SEINFRA | C27: ED-50701 | D27: CAPINA MANUAL DO TERRENO, EXCLUSIVE RASTELAMENTO E QUEIMA | E27: M2 | F27: 362.1336 | G27: 1.66 | H27: 2.03 | I27: 735.13 | J27: =I27/$I$41 -> 0.0047078713 | K27: =K26+J27 -> 0.99040385 | L27: =IF(K27<=$C$45,$B$45,IF(K27<=$C$46,$B$46,$B$47)) -> C
A28: 1.2.9. | B28: SINAPI | C28: 100973 | D28: CARGA, MANOBRA E DESCARGA DE SOLOS E MATERIAIS GRANULARES EM CAMINHÃO BASCULANTE 6 M³ - CARGA COM PÁ CARREGADEIRA (CAÇAMBA DE 1,7 A 2,8 M³ / 128 HP) E DESCARGA LIVRE (UNIDADE: M3). AF_02/2026 | E28: M3 | F28: 54.9575 | G28: 9.09 | H28: 11.09 | I28: 609.48 | J28: =I28/$I$41 -> 0.0039031918 | K28: =K27+J28 -> 0.99430704 | L28: =IF(K28<=$C$45,$B$45,IF(K28<=$C$46,$B$46,$B$47)) -> C
A29: 1.2.15. | B29: SINAPI | C29: 97915 | D29: TRANSPORTE COM CAMINHÃO BASCULANTE DE 6 M³, EM VIA URBANA PAVIMENTADA, ADICIONAL PARA DMT EXCEDENTE A 30 KM (UNIDADE: M3XKM). AF_02/2026 | E29: M3XKM | F29: 174.1931 | G29: 1.26 | H29: 1.54 | I29: 268.26 | J29: =I29/$I$41 -> 0.0017179731 | K29: =K28+J29 -> 0.99602502 | L29: =IF(K29<=$C$45,$B$45,IF(K29<=$C$46,$B$46,$B$47)) -> C
A30: 1.2.13. | B30: SINAPI | C30: 100575 | D30: REGULARIZAÇÃO DE SUPERFÍCIES COM MOTONIVELADORA. AF_09/2024 | E30: M2 | F30: 274.7872 | G30: 0.56 | H30: 0.68 | I30: 186.86 | J30: =I30/$I$41 -> 0.0011966765 | K30: =K29+J30 -> 0.99722169 | L30: =IF(K30<=$C$45,$B$45,IF(K30<=$C$46,$B$46,$B$47)) -> C
A31: 1.1.3. | B31: SICOR/ SEINFRA | C31: ED-27006 | D31: CONE PARA SINALIZAÇÃO/ISOLAMENTO DE ÁREAS, ALTURA 75CM, INCLUSIVE FORNECIMENTO E MOVIMENTAÇÃO | E31: U | F31: 25 | G31: 5.63 | H31: 6.87 | I31: 171.75 | J31: =I31/$I$41 -> 0.0010999101 | K31: =K30+J31 -> 0.9983216 | L31: =IF(K31<=$C$45,$B$45,IF(K31<=$C$46,$B$46,$B$47)) -> C
A32: 1.2.7. | B32: SICOR/ SEINFRA | C32: ED-51132 | D32: CARGA MECÂNICA DE MATERIAL DE QUALQUER NATUREZA SOBRE CAMINHÃO, EXCLUSIVE TRANSPORTE | E32: M3 | F32: 22.527822 | G32: 3.54 | H32: 4.32 | I32: 97.32 | J32: =I32/$I$41 -> 0.00062325035 | K32: =K31+J32 -> 0.99894485 | L32: =IF(K32<=$C$45,$B$45,IF(K32<=$C$46,$B$46,$B$47)) -> C
A33: 1.3.5. | B33: SINAPI | C33: 102332 | D33: TRANSPORTE COM CAMINHÃO TANQUE DE TRANSPORTE DE MATERIAL ASFÁLTICO DE 20000L, EM VIA URBANA PAVIMENTADA, DMT ATÉ 30KM (UNIDADE: TXKM). AF_07/2020 | E33: TXKM | F33: 24.999149 | G33: 2.02 | H33: 2.46 | I33: 61.5 | J33: =I33/$I$41 -> 0.00039385426 | K33: =K32+J33 -> 0.99933871 | L33: =IF(K33<=$C$45,$B$45,IF(K33<=$C$46,$B$46,$B$47)) -> C
A34: 1.2.2. | B34: SICRO/DNIT | C34: 4011212 | D34: VARREDURA DA SUPERFÍCIE PARA EXECUÇÃO DE REVESTIMENTO ASFÁLTICO | E34: M2 | F34: 362.1336 | G34: 0.09 | H34: 0.11 | I34: 39.83 | J34: =I34/$I$41 -> 0.00025507667 | K34: =K33+J34 -> 0.99959379 | L34: =IF(K34<=$C$45,$B$45,IF(K34<=$C$46,$B$46,$B$47)) -> C
A35: 1.2.3. | B35: SINAPI | C35: 106167 | D35: LIMPEZA DE RUA COM CAMINHÃO PIPA. AF_10/2025 | E35: M2 | F35: 362.1336 | G35: 0.08 | H35: 0.1 | I35: 36.21 | J35: =I35/$I$41 -> 0.0002318937 | K35: =K34+J35 -> 0.99982568 | L35: =IF(K35<=$C$45,$B$45,IF(K35<=$C$46,$B$46,$B$47)) -> C
A36: 1.3.6. | B36: SINAPI | C36: 102333 | D36: TRANSPORTE COM CAMINHÃO TANQUE DE TRANSPORTE DE MATERIAL ASFÁLTICO DE 20000L, EM VIA URBANA PAVIMENTADA, ADICIONAL PARA DMT EXCEDENTE A 30 KM (UNIDADE: TXKM). AF_07/2020 | E36: TXKM | F36: 16.474439 | G36: 0.77 | H36: 0.94 | I36: 15.49 | J36: =I36/$I$41 -> 9.920004e-05 | K36: =K35+J36 -> 0.99992488 | L36: =IF(K36<=$C$45,$B$45,IF(K36<=$C$46,$B$46,$B$47)) -> C
A37: 1.3.2. | B37: SINAPI | C37: 102332 | D37: TRANSPORTE COM CAMINHÃO TANQUE DE TRANSPORTE DE MATERIAL ASFÁLTICO DE 20000L, EM VIA URBANA PAVIMENTADA, DMT ATÉ 30KM (UNIDADE: TXKM). AF_07/2020 | E37: TXKM | F37: 3.809208 | G37: 2.02 | H37: 2.46 | I37: 9.37 | J37: =I37/$I$41 -> 6.0006738e-05 | K37: =K36+J37 -> 0.99998489 | L37: =IF(K37<=$C$45,$B$45,IF(K37<=$C$46,$B$46,$B$47)) -> C
A38: 1.3.3. | B38: SINAPI | C38: 102333 | D38: TRANSPORTE COM CAMINHÃO TANQUE DE TRANSPORTE DE MATERIAL ASFÁLTICO DE 20000L, EM VIA URBANA PAVIMENTADA, ADICIONAL PARA DMT EXCEDENTE A 30 KM (UNIDADE: TXKM). AF_07/2020 | E38: TXKM | F38: 2.5102681 | G38: 0.77 | H38: 0.94 | I38: 2.36 | J38: =I38/$I$41 -> 1.5113757e-05 | K38: =K37+J38 -> 1 | L38: =IF(K38<=$C$45,$B$45,IF(K38<=$C$46,$B$46,$B$47)) -> C
A40: TOTAL | I40: =SUM(#REF!,#REF!) -> #REF!
A41: TOTAL GERAL | I41: =SUM(I10:I38) -> 156149.13 | J41: =SUM(J10:J38) -> 1
B44: CLASSE | C44: CORTE
B45: A | C45: 0.8
B46: B | C46: 0.95
B47: C | C47: 1

Sheet CURVA ABC (LOTE 03)
A2: PROPONENTE/TOMADOR: PREFEITURA MUNICIPAL DE PONTE NOVA | F2: FOLHA Nº: | H2: 01/01. | J2: CURVA ABC (LOTE 03)
A3: OBJETO: EXECUÇÃO DE OBRAS DE PAVIMENTAÇÃO ASFÁLTICA EM CBUQ EM VIAS PÚBLICAS | F3: DATA: | H3: =TODAY() -> 46290
A4: LOCAL: VIAS URBANAS DO MUNICÍPIO DE PONTE NOVA/MG | F4: FORMA DE EXECUÇÃO:
A5: REGIÃO/MÊS DE REFERÊNCIA: TABELA SINAPI-MG - AGOSTO/2026 - SEM DESONERAÇÃO / TABELA SICOR/SEINFRA - REGIÃO LESTE - ABRIL/2026 - SEM DESONERAÇÃO / TABELA SUDECAP-MG - JULHO/2026 - SEM DESONERAÇÃO / TABELA SICRO/DNIT MG - ABRIL/2026 - SEM DESONERAÇÃO | F5: ( ) | G5: DIRETA | H5: ( X ) | I5: INDIRETA
A6: COMPOSIÇÃO DE BDI - EM ANEXO, OBTIDO DO ACÓRDÃO 2622/2013, DO TRIBUNAL DE CONTAS DA UNIÃO - TCU (CONSTRUÇÃO DE RODOVIAS E FERROVIAS) - QUARTIL MÉDIO. | F6: % ISS MUNICIPAL: | G6: 0.03 | H6: BDI: | I6: =BDI!D27 -> 0.22
A8: ITEM | B8: FONTE | C8: CÓDIGO | D8: DESCRIÇÃO | E8: UNIDADE | F8: QUANTIDADE | G8: PREÇO UNITÁRIO S/ BDI | H8: PREÇO UNITÁRIO C/ BDI | I8: PREÇO TOTAL | J8: % | K8: % ACUMULADA | L8: CLASSE
A9: Lote 03: Execução de Revestimento Asfáltico e Drenagem Superficial em Vias Urbanas, com Execução de Base e Sub-base
A10: 1.3.8. | B10: SINAPI | C10: 95995 | D10: EXECUÇÃO DE PAVIMENTO COM APLICAÇÃO DE CONCRETO ASFÁLTICO, CAMADA DE ROLAMENTO - EXCLUSIVE CARGA E TRANSPORTE. AF_10/2025 | E10: M3 | F10: 121.98565 | G10: 2152.94 | H10: 2626.59 | I10: 320406.28 | J10: =I10/$I$44 -> 0.58591666 | K10: =J10 -> 0.58591666 | L10: =IF(K10<=$C$48,$B$48,IF(K10<=$C$49,$B$49,$B$50)) -> A
A11: 1.4.3. | B11: SINAPI | C11: 94289 | D11: EXECUÇÃO DE SARJETA DE CONCRETO USINADO, MOLDADA IN LOCO EM TRECHO RETO, 45 CM BASE X 10 CM ALTURA. AF_01/2024 | E11: M | F11: 896.0446 | G11: 47.22 | H11: 57.61 | I11: 51621.13 | J11: =I11/$I$44 -> 0.0943979 | K11: =K10+J11 -> 0.68031456 | L11: =IF(K11<=$C$48,$B$48,IF(K11<=$C$49,$B$49,$B$50)) -> A
A12: 1.2.12. | B12: SINAPI | C12: 105731 | D12: RECONSTRUÇÃO DE BASE E SUB-BASE PARA PAVIMENTAÇÃO DE BRITA GRADUADA SIMPLES, COM ESPESSURA DE 20 CM - EXCLUSIVE CARGA E TRANSPORTE. AF_09/2024 | E12: M3 | F12: 100.28826 | G12: 223.44 | H12: 272.6 | I12: 27338.58 | J12: =I12/$I$44 -> 0.049993182 | K12: =K11+J12 -> 0.73030774 | L12: =IF(K12<=$C$48,$B$48,IF(K12<=$C$49,$B$49,$B$50)) -> A
A13: 1.4.1. | B13: SICOR/ SEINFRA | C13: ED-51141 | D13: GUIA DE MEIO-FIO, EM CONCRETO COM FCK 15MPA, MOLDADA INLOCO, SEÇÃO 15X45CM, FORMA EM MADEIRA, EXCLUSIVE SARJETA, INCLUSIVE ESCAVAÇÃO, APILOAMENTO E TRANSPORTE COM RETIRADA DO MATERIAL ESCAVADO (EM CAÇAMBA) | E13: M | F13: 150.09 | G13: 147.61 | H13: 180.08 | I13: 27028.21 | J13: =I13/$I$44 -> 0.049425618 | K13: =K12+J13 -> 0.77973336 | L13: =IF(K13<=$C$48,$B$48,IF(K13<=$C$49,$B$49,$B$50)) -> A
A14: 1.3.9. | B14: SICRO/DNIT | C14: 5914612 | D14: TRANSPORTE DE MISTURA BETUMINOSA A QUENTE COM CAMINHÃO COM CAÇAMBA TÉRMICA DE 6 M³ - RODOVIA PAVIMENTADA | E14: TXKM | F14: 16784.249 | G14: 0.99 | H14: 1.21 | I14: 20308.94 | J14: =I14/$I$44 -> 0.037138305 | K14: =K13+J14 -> 0.81687166 | L14: =IF(K14<=$C$48,$B$48,IF(K14<=$C$49,$B$49,$B$50)) -> B
A15: 1.2.5. | B15: SINAPI | C15: 104796 | D15: DEMOLIÇÃO DE GUIAS, SARJETAS OU SARJETÕES, DE FORMA MECANIZADA, SEM REAPROVEITAMENTO | E15: M | F15: 785.9735 | G15: 16.04 | H15: 19.57 | I15: 15381.5 | J15: =I15/$I$44 -> 0.028127654 | K15: =K14+J15 -> 0.84499932 | L15: =IF(K15<=$C$48,$B$48,IF(K15<=$C$49,$B$49,$B$50)) -> B
A16: 1.2.14. | B16: SINAPI | C16: 97914 | D16: TRANSPORTE COM CAMINHÃO BASCULANTE DE 6 M³, EM VIA URBANA PAVIMENTADA, DMT ATÉ 30 KM (UNIDADE: M3XKM). AF_02/2026 | E16: M3XKM | F16: 3369.6855 | G16: 3.31 | H16: 4.04 | I16: 13613.53 | J16: =I16/$I$44 -> 0.024894624 | K16: =K15+J16 -> 0.86989394 | L16: =IF(K16<=$C$48,$B$48,IF(K16<=$C$49,$B$49,$B$50)) -> B
A17: 1.2.6. | B17: SICOR/ SEINFRA | C17: ED-48490 | D17: REMOÇÃO MANUAL DE ALVENARIA POLIÉDRICA, COM REAPROVEITAMENTO, INCLUSIVE AFASTAMENTO E EMPILHAMENTO, EXCLUSIVE TRANSPORTE E RETIRADA DO MATERIAL REMOVIDO NÃO REAPROVEITÁVEL | E17: M2 | F17: 501.4413 | G17: 17.57 | H17: 21.44 | I17: 10750.9 | J17: =I17/$I$44 -> 0.019659825 | K17: =K16+J17 -> 0.88955377 | L17: =IF(K17<=$C$48,$B$48,IF(K17<=$C$49,$B$49,$B$50)) -> B
A18: 1.2.10. | B18: SINAPI | C18: 97914 | D18: TRANSPORTE COM CAMINHÃO BASCULANTE DE 6 M³, EM VIA URBANA PAVIMENTADA, DMT ATÉ 30 KM (UNIDADE: M3XKM). AF_02/2026 | E18: M3XKM | F18: 2224.5922 | G18: 3.31 | H18: 4.04 | I18: 8987.35 | J18: =I18/$I$44 -> 0.016434878 | K18: =K17+J18 -> 0.90598864 | L18: =IF(K18<=$C$48,$B$48,IF(K18<=$C$49,$B$49,$B$50)) -> B
A19: 1.3.10. | B19: SINAPI | C19: 5678 | D19: RETROESCAVADEIRA SOBRE RODAS COM CARREGADEIRA, TRAÇÃO 4X4, POTÊNCIA LÍQ. 88 HP, CAÇAMBA CARREG. CAP. MÍN. 1 M3, CAÇAMBA RETRO CAP. 0,26 M3, PESO OPERACIONAL MÍN. 6.674 KG, PROFUNDIDADE ESCAVAÇÃO MÁX. 4,37 M - CHP DIURNO. AF_06/2014 | E19: CHP | F19: 45 | G19: 158.69 | H19: 193.6 | I19: 8712 | J19: =I19/$I$44 -> 0.015931354 | K19: =K18+J19 -> 0.92192 | L19: =IF(K19<=$C$48,$B$48,IF(K19<=$C$49,$B$49,$B$50)) -> B
A20: 1.3.5. | B20: SUDECAP | C20: 20.12.01 | D20: PINTURA DE LIGAÇÃO COM RR-1C | E20: M2 | F20: 2033.0941 | G20: 2.66 | H20: 3.25 | I20: 6607.56 | J20: =I20/$I$44 -> 0.012083032 | K20: =K19+J20 -> 0.93400303 | L20: =IF(K20<=$C$48,$B$48,IF(K20<=$C$49,$B$49,$B$50)) -> B
A21: 1.3.2. | B21: SUDECAP | C21: 20.11.05 | D21: IMPRIMAÇÃO COM EMULSÃO ASFÁLTICA - EAI, LIMPEZA MANUAL | E21: M2 | F21: 501.4413 | G21: 9.61 | H21: 11.72 | I21: 5876.89 | J21: =I21/$I$44 -> 0.01074688 | K21: =K20+J21 -> 0.94474991 | L21: =IF(K21<=$C$48,$B$48,IF(K21<=$C$49,$B$49,$B$50)) -> B
A22: 1.2.4. | B22: SICOR/ SEINFRA | C22: ED-51131 | D22: CARGA MANUAL DE MATERIAL DE QUALQUER NATUREZA SOBRE CAMINHÃO, EXCLUSIVE TRANSPORTE | E22: M3 | F22: 93.865345 | G22: 49.78 | H22: 60.73 | I22: 5700.44 | J22: =I22/$I$44 -> 0.010424211 | K22: =K21+J22 -> 0.95517412 | L22: =IF(K22<=$C$48,$B$48,IF(K22<=$C$49,$B$49,$B$50)) -> C
A23: 1.4.2. | B23: SUDECAP | C23: 19.22.04 | D23: ALTEAMENTO DE TAMPÃO DE POÇO DE VISITA EM ATÉ 20CM | E23: U | F23: 10 | G23: 441.06 | H23: 538.09 | I23: 5380.9 | J23: =I23/$I$44 -> 0.0098398787 | K23: =K22+J23 -> 0.965014 | L23: =IF(K23<=$C$48,$B$48,IF(K23<=$C$49,$B$49,$B$50)) -> C
A24: 1.1.2. | B24: SICOR/ SEINFRA | C24: ED-50155 | D24: LOCAÇÃO DE BANHEIRO QUÍMICO, DIMENSÃO (110X120X230)CM, LINHA PADRÃO, CONTENDO UMA (1) PIA/HIGIENIZADOR DE MÃOS, INCLUSIVE MANUTENÇÃO E MOBILIZAÇÃO/DESMOBILIZAÇÃO | E24: MÊS | F24: 4 | G24: 980 | H24: 1195.6 | I24: 4782.4 | J24: =I24/$I$44 -> 0.008745421 | K24: =K23+J24 -> 0.97375942 | L24: =IF(K24<=$C$48,$B$48,IF(K24<=$C$49,$B$49,$B$50)) -> C
A25: 1.2.1. | B25: SICOR/ SEINFRA | C25: ED-50701 | D25: CAPINA MANUAL DO TERRENO, EXCLUSIVE RASTELAMENTO E QUEIMA | E25: M2 | F25: 1877.3069 | G25: 1.66 | H25: 2.03 | I25: 3810.93 | J25: =I25/$I$44 -> 0.0069689251 | K25: =K24+J25 -> 0.98072835 | L25: =IF(K25<=$C$48,$B$48,IF(K25<=$C$49,$B$49,$B$50)) -> C
A26: 1.2.8. | B26: SINAPI | C26: 101124 | D26: ESCAVAÇÃO HORIZONTAL EM SOLO DE 1A CATEGORIA COM TRATOR DE ESTEIRAS (100HP/LÂMINA: 2,19M3). AF_07/2020 | E26: M3 | F26: 100.28826 | G26: 15.66 | H26: 19.11 | I26: 1916.51 | J26: =I26/$I$44 -> 0.0035046602 | K26: =K25+J26 -> 0.98423301 | L26: =IF(K26<=$C$48,$B$48,IF(K26<=$C$49,$B$49,$B$50)) -> C
A27: 1.2.11. | B27: SINAPI | C27: 100576 | D27: REGULARIZAÇÃO E COMPACTAÇÃO DE SUBLEITO COM SOLO PREDOMINANTEMENTE ARGILOSO, PARA OBRAS DE CONSTRUÇÃO DE PAVIMENTOS. AF_09/2024 | E27: M2 | F27: 501.4413 | G27: 2.94 | H27: 3.59 | I27: 1800.17 | J27: =I27/$I$44 -> 0.003291913 | K27: =K26+J27 -> 0.98752492 | L27: =IF(K27<=$C$48,$B$48,IF(K27<=$C$49,$B$49,$B$50)) -> C
A28: 1.2.15. | B28: SINAPI | C28: 97915 | D28: TRANSPORTE COM CAMINHÃO BASCULANTE DE 6 M³, EM VIA URBANA PAVIMENTADA, ADICIONAL PARA DMT EXCEDENTE A 30 KM (UNIDADE: M3XKM). AF_02/2026 | E28: M3XKM | F28: 973.83912 | G28: 1.26 | H28: 1.54 | I28: 1499.71 | J28: =I28/$I$44 -> 0.0027424714 | K28: =K27+J28 -> 0.99026739 | L28: =IF(K28<=$C$48,$B$48,IF(K28<=$C$49,$B$49,$B$50)) -> C
A29: 1.1.1. | B29: SINAPI | C29: 103689 | D29: FORNECIMENTO E INSTALAÇÃO DE PLACA DE OBRA COM CHAPA GALVANIZADA E ESTRUTURA DE MADEIRA. AF_03/2022_PS | E29: M2 | F29: 2.4 | G29: 384.33 | H29: 468.88 | I29: 1125.31 | J29: =I29/$I$44 -> 0.0020578182 | K29: =K28+J29 -> 0.99232521 | L29: =IF(K29<=$C$48,$B$48,IF(K29<=$C$49,$B$49,$B$50)) -> C
A30: 1.2.9. | B30: SINAPI | C30: 100973 | D30: CARGA, MANOBRA E DESCARGA DE SOLOS E MATERIAIS GRANULARES EM CAMINHÃO BASCULANTE 6 M³ - CARGA COM PÁ CARREGADEIRA (CAÇAMBA DE 1,7 A 2,8 M³ / 128 HP) E DESCARGA LIVRE (UNIDADE: M3). AF_02/2026 | E30: M3 | F30: 100.2883 | G30: 9.09 | H30: 11.09 | I30: 1112.2 | J30: =I30/$I$44 -> 0.0020338444 | K30: =K29+J30 -> 0.99435905 | L30: =IF(K30<=$C$48,$B$48,IF(K30<=$C$49,$B$49,$B$50)) -> C
A31: 1.3.11. | B31: SINAPI | C31: 5679 | D31: RETROESCAVADEIRA SOBRE RODAS COM CARREGADEIRA, TRAÇÃO 4X4, POTÊNCIA LÍQ. 88 HP, CAÇAMBA CARREG. CAP. MÍN. 1 M3, CAÇAMBA RETRO CAP. 0,26 M3, PESO OPERACIONAL MÍN. 6.674 KG, PROFUNDIDADE ESCAVAÇÃO MÁX. 4,37 M - CHI DIURNO. AF_06/2014 | E31: CHI | F31: 10 | G31: 74.32 | H31: 90.67 | I31: 906.7 | J31: =I31/$I$44 -> 0.0016580531 | K31: =K30+J31 -> 0.99601711 | L31: =IF(K31<=$C$48,$B$48,IF(K31<=$C$49,$B$49,$B$50)) -> C
A32: 1.3.1. | B32: SICRO/DNIT | C32: 4915664 | D32: FRESAGEM DESCONTÍNUA DE REVESTIMENTO ASFÁLTICO - ESPESSURA DE 6 CM | E32: M3 | F32: 5.040156 | G32: 96.21 | H32: 117.38 | I32: 591.61 | J32: =I32/$I$44 -> 0.0010818582 | K32: =K31+J32 -> 0.99709896 | L32: =IF(K32<=$C$48,$B$48,IF(K32<=$C$49,$B$49,$B$50)) -> C
A33: 1.2.7. | B33: SICOR/ SEINFRA | C33: ED-51132 | D33: CARGA MECÂNICA DE MATERIAL DE QUALQUER NATUREZA SOBRE CAMINHÃO, EXCLUSIVE TRANSPORTE | E33: M3 | F33: 85.512937 | G33: 3.54 | H33: 4.32 | I33: 369.42 | J33: =I33/$I$44 -> 0.00067554647 | K33: =K32+J33 -> 0.99777451 | L33: =IF(K33<=$C$48,$B$48,IF(K33<=$C$49,$B$49,$B$50)) -> C
A34: 1.2.13. | B34: SINAPI | C34: 100575 | D34: REGULARIZAÇÃO DE SUPERFÍCIES COM MOTONIVELADORA. AF_09/2024 | E34: M2 | F34: 501.4413 | G34: 0.56 | H34: 0.68 | I34: 340.98 | J34: =I34/$I$44 -> 0.00062353916 | K34: =K33+J34 -> 0.99839805 | L34: =IF(K34<=$C$48,$B$48,IF(K34<=$C$49,$B$49,$B$50)) -> C
A35: 1.1.3. | B35: SICOR/ SEINFRA | C35: ED-27006 | D35: CONE PARA SINALIZAÇÃO/ISOLAMENTO DE ÁREAS, ALTURA 75CM, INCLUSIVE FORNECIMENTO E MOVIMENTAÇÃO | E35: U | F35: 40 | G35: 5.63 | H35: 6.87 | I35: 274.8 | J35: =I35/$I$44 -> 0.00050251792 | K35: =K34+J35 -> 0.99890057 | L35: =IF(K35<=$C$48,$B$48,IF(K35<=$C$49,$B$49,$B$50)) -> C
A36: 1.2.2. | B36: SICRO/DNIT | C36: 4011212 | D36: VARREDURA DA SUPERFÍCIE PARA EXECUÇÃO DE REVESTIMENTO ASFÁLTICO | E36: M2 | F36: 1877.3069 | G36: 0.09 | H36: 0.11 | I36: 206.5 | J36: =I36/$I$44 -> 0.00037761991 | K36: =K35+J36 -> 0.99927819 | L36: =IF(K36<=$C$48,$B$48,IF(K36<=$C$49,$B$49,$B$50)) -> C
A37: 1.2.3. | B37: SINAPI | C37: 106167 | D37: LIMPEZA DE RUA COM CAMINHÃO PIPA. AF_10/2025 | E37: M2 | F37: 1877.3069 | G37: 0.08 | H37: 0.1 | I37: 187.73 | J37: =I37/$I$44 -> 0.00034329581 | K37: =K36+J37 -> 0.99962148 | L37: =IF(K37<=$C$48,$B$48,IF(K37<=$C$49,$B$49,$B$50)) -> C
A38: 1.3.6. | B38: SINAPI | C38: 102332 | D38: TRANSPORTE COM CAMINHÃO TANQUE DE TRANSPORTE DE MATERIAL ASFÁLTICO DE 20000L, EM VIA URBANA PAVIMENTADA, DMT ATÉ 30KM (UNIDADE: TXKM). AF_07/2020 | E38: TXKM | F38: 54.893541 | G38: 2.02 | H38: 2.46 | I38: 135.04 | J38: =I38/$I$44 -> 0.0002469433 | K38: =K37+J38 -> 0.99986843 | L38: =IF(K38<=$C$48,$B$48,IF(K38<=$C$49,$B$49,$B$50)) -> C
A39: 1.3.7. | B39: SINAPI | C39: 102333 | D39: TRANSPORTE COM CAMINHÃO TANQUE DE TRANSPORTE DE MATERIAL ASFÁLTICO DE 20000L, EM VIA URBANA PAVIMENTADA, ADICIONAL PARA DMT EXCEDENTE A 30 KM (UNIDADE: TXKM). AF_07/2020 | E39: TXKM | F39: 50.008016 | G39: 0.77 | H39: 0.94 | I39: 47.01 | J39: =I39/$I$44 -> 8.5965675e-05 | K39: =K38+J39 -> 0.99995439 | L39: =IF(K39<=$C$48,$B$48,IF(K39<=$C$49,$B$49,$B$50)) -> C
A40: 1.3.3. | B40: SINAPI | C40: 102332 | D40: TRANSPORTE COM CAMINHÃO TANQUE DE TRANSPORTE DE MATERIAL ASFÁLTICO DE 20000L, EM VIA URBANA PAVIMENTADA, DMT ATÉ 30KM (UNIDADE: TXKM). AF_07/2020 | E40: TXKM | F40: 7.5216195 | G40: 2.02 | H40: 2.46 | I40: 18.5 | J40: =I40/$I$44 -> 3.3830355e-05 | K40: =K39+J40 -> 0.99998822 | L40: =IF(K40<=$C$48,$B$48,IF(K40<=$C$49,$B$49,$B$50)) -> C
A41: 1.3.4. | B41: SINAPI | C41: 102333 | D41: TRANSPORTE COM CAMINHÃO TANQUE DE TRANSPORTE DE MATERIAL ASFÁLTICO DE 20000L, EM VIA URBANA PAVIMENTADA, ADICIONAL PARA DMT EXCEDENTE A 30 KM (UNIDADE: TXKM). AF_07/2020 | E41: TXKM | F41: 6.8521954 | G41: 0.77 | H41: 0.94 | I41: 6.44 | J41: =I41/$I$44 -> 1.1776621e-05 | K41: =K40+J41 -> 1 | L41: =IF(K41<=$C$48,$B$48,IF(K41<=$C$49,$B$49,$B$50)) -> C
A43: TOTAL | I43: =SUM(#REF!,#REF!) -> #REF!
A44: TOTAL GERAL | I44: =SUM(I10:I41) -> 546846.17 | J44: =SUM(J10:J41) -> 1
B47: CLASSE | C47: CORTE
B48: A | C48: 0.8
B49: B | C49: 0.95
B50: C | C50: 1
